Workbook
Name \0: #REF!
Name \00: #REF!
Name \a: #REF!
Name \AA: [1]LIQUIDACION!#REF!
Name \b: #REF!
Name \bb: [2]STRSUMM0!#REF!
Name \c: #REF!
Name \E: #REF!
Name \EE: #REF!
Name \G: #REF!
Name \k: '[3]7422CW00'!#REF!
Name \l: #REF!
Name \M: #REF!
Name \ñ: '[4]7422CW00'!#REF!
Name \P: #REF!
Name \R: #REF!
Name \s: #REF!
Name \V: #REF!
Name \X: [0]!ERR
Name \Z: [0]!ERR
Name _________AFC1: [5]INV!$A$25:$D$28
Name _________AFC3: [5]INV!$F$25:$I$28
Name _________AFC5: [5]INV!$K$25:$N$28
Name _________BGC1: [5]INV!$A$5:$D$8
Name _________BGC3: [5]INV!$F$5:$I$8
Name _________BGC5: [5]INV!$K$5:$N$8
Name _________CAC1: [5]INV!$A$19:$D$22
Name _________CAC3: [5]INV!$F$19:$I$22
Name _________CAC5: [5]INV!$K$19:$N$22
Name _________PJ50: #REF!
Name _________SBC1: [5]INV!$A$12:$D$15
Name _________SBC3: [5]INV!$F$12:$I$15
Name _________SBC5: [5]INV!$K$12:$N$15
Name ________AFC1: [5]INV!$A$25:$D$28
Name ________AFC3: [5]INV!$F$25:$I$28
Name ________AFC5: [5]INV!$K$25:$N$28
Name ________BGC1: [5]INV!$A$5:$D$8
Name ________BGC3: [5]INV!$F$5:$I$8
Name ________BGC5: [5]INV!$K$5:$N$8
Name ________CAC1: [5]INV!$A$19:$D$22
Name ________CAC3: [5]INV!$F$19:$I$22
Name ________CAC5: [5]INV!$K$19:$N$22
Name ________MA2: #REF!
Name ________PJ50: #REF!
Name ________SBC1: [5]INV!$A$12:$D$15
Name ________SBC3: [5]INV!$F$12:$I$15
Name ________SBC5: [5]INV!$K$12:$N$15
Name _______AFC1: [5]INV!$A$25:$D$28
Name _______AFC3: [5]INV!$F$25:$I$28
Name _______AFC5: [5]INV!$K$25:$N$28
Name _______BGC1: [5]INV!$A$5:$D$8
Name _______BGC3: [5]INV!$F$5:$I$8
Name _______BGC5: [5]INV!$K$5:$N$8
Name _______CAC1: [5]INV!$A$19:$D$22
Name _______CAC3: [5]INV!$F$19:$I$22
Name _______CAC5: [5]INV!$K$19:$N$22
Name _______MA2: #REF!
Name _______PJ50: #REF!
Name _______SBC1: [5]INV!$A$12:$D$15
Name _______SBC3: [5]INV!$F$12:$I$15

Sheet INFO. PROP
B1: FONDO DE DESARROLLO LOCAL DE BOSA
B2: FDLBOSACM-004-2022(71937)
B3: OBJETO: REALIZAR LA INTERVENTORÍA TÉCNICA, ADMINISTRATIVA, FINANCIERA, JURÍDICA, SOCIAL, AMBIENTAL Y SST AL CONTRATO DE OBRA PÚBLICA QUE TENDRÁ POR OBJETO CONTRAC-TUAL EJECUTAR POR EL SISTEMA DE PRECIOS UNITARIOS FIJOS SIN FOR-MULA DE REAJUSTE Y A MONTO AGOTABLE LAS ACTIVIDADES NECESARIAS PARA LA EJECUCIÓN DE LAS OBRAS DE CONSTRUCCIÓN DE MALLA VIAL Y ESPACIO PUBLICO ASOCIADO DE LA LOCALIDAD DE BOSA, DE ACUERDO CON LA DESCRIPCIÓN, ESPECIFICACIONES, ESTUDIOS, DISEÑOS Y DEMÁS CONDICIONES ESTABLECIDAS EN E ANEXO TECNICO
B5: INFORMACIÓN GENERAL DE PROPONENTES
B6: INFORME DE EVALUACION
A9: No. | B9: NOMBRE DEL PROPONENTE | C9: REPRESENTANTE LEGAL | D9: INTEGRANTES | E9: Integrante 1 | F9: % Int. 1 | G9: Integrante 2 | H9: % Int. 2 | I9: Integrante 3 | J9: % Int. 3 | K9: Integrante 4 | L9: % Int. 4 | M9: TOTAL % | N9: Teléfono | O9: FAX | P9: Dirección | Q9: Email | R9: Ciudad | S9: OBSERVACIONES
A10: 1 | B10: SITELSA SAS | C10: CRISTIAN MAURICIO RANGEL MENESES | D10: ="("&E10&" "&TEXT(F10,"##0%")&" - "&G10&" "&TEXT(H10,"##0%")&" - "&I10&" "&TEXT(J10,"##0%")&"-"&K10&" "&TEXT(L10,"##0%")&")" -> (SITELSA 100% - 0% - 0%- 0%) | E10: SITELSA | F10: 1 | M10: =F10+L10+J10+H10 -> 1 | N10: 301 2508373 | P10: Calle 35 # 16 – 24 oficina 1305_x000D_ | Q10: licitaciones.sitelsa@gmail.com | R10: Bucaramanga, Santander.
A11: 2 | B11: PROES INGENIERIA SAS | C11: EDWIN ALBERTO VARGAS RUEDA | D11: ="("&E11&" "&TEXT(F11,"##0%")&" - "&G11&" "&TEXT(H11,"##0%")&" - "&I11&" "&TEXT(J11,"##0%")&"-"&K11&" "&TEXT(L11,"##0%")&")" -> (PROES INGENIERIA SAS 100% - 0% - 0%- 0%) | E11: PROES INGENIERIA SAS | F11: 1 | M11: =F11+L11+J11+H11 -> 1 | N11: 314 2977895_x000D_ | O11: 601 2534080 | P11: Calle 106 No. 57 - 23 oficina 603 | Q11: edwin.vargas@proescolombia.com | R11: Bogotá D.C.
A12: 3 | B12: CB INGENIEROS SAS | C12: JUAN MANUEL ESCALLON ARANGO | D12: ="("&E12&" "&TEXT(F12,"##0%")&" - "&G12&" "&TEXT(H12,"##0%")&" - "&I12&" "&TEXT(J12,"##0%")&"-"&K12&" "&TEXT(L12,"##0%")&")" -> (CB INGENIEROS S.A.S 100% - 0% - 0%- 0%) | E12: CB INGENIEROS S.A.S | F12: 1 | M12: =F12+L12+J12+H12 -> 1 | N12: 317 7278384 | O12: 704 0592 | P12: Calle 98 No. 22-64 Oficina. 507 | Q12: licitaciones@cbingenieros.com | R12: Bogotá D.C
A13: 4 | B13: JASEN CONSULTORES S.A.S. | C13: NATHALIE CASTILLO CURIEUX | D13: ="("&E13&" "&TEXT(F13,"##0%")&" - "&G13&" "&TEXT(H13,"##0%")&" - "&I13&" "&TEXT(J13,"##0%")&"-"&K13&" "&TEXT(L13,"##0%")&")" -> (JASEN CONSULTORES S.A.S. 100% - 0% - 0%- 0%) | E13: JASEN CONSULTORES S.A.S. | F13: 1 | M13: =F13+L13+J13+H13 -> 1 | N13: 3155409594 | O13: 2900754 | P13: CARRERA 69F # 8 ‐ 31 | Q13: licitacionesjasen@gmail.com | R13: Bogotá D.C
A14: 5 | B14: BOSA SIGLO XXI | C14: CARLOS MARIO ROLON AMAYA | D14: ="("&E14&" "&TEXT(F14,"##0%")&" - "&G14&" "&TEXT(H14,"##0%")&" - "&I14&" "&TEXT(J14,"##0%")&"-"&K14&" "&TEXT(L14,"##0%")&")" -> (INGENIERIA DE PROYECTOS S.A.S. 50% - INGECO INGENIERIA DE CONSTRUCCIONES S.A.S_x000D_ 50% - 0%- 0%) | E14: INGENIERIA DE PROYECTOS S.A.S. | F14: 0.5 | G14: INGECO INGENIERIA DE CONSTRUCCIONES S.A.S_x000D_ | H14: 0.5 | M14: =F14+L14+J14+H14 -> 1 | N14: 3562691 | O14: 3562691 | P14: AVDA 19 No. 120 – 71 OF 104 | Q14: licitacionesingeco2019@gmail.com | R14: BOGOTÁ D.C
A15: 6 | B15: CONSORCIO ODESSA | C15: ÓSCAR JAVIER GARZÓN DÍAZ | D15: ="("&E15&" "&TEXT(F15,"##0%")&" - "&G15&" "&TEXT(H15,"##0%")&" - "&I15&" "&TEXT(J15,"##0%")&"-"&K15&" "&TEXT(L15,"##0%")&")" -> (CGR SAS_x000D_ 95% - CGR INGENIEROS & ARQUITECTOS SAS 5% - 0%- 0%) | E15: CGR SAS_x000D_ | F15: 0.95 | G15: CGR INGENIEROS & ARQUITECTOS SAS | H15: 0.05 | M15: =F15+L15+J15+H15 -> 1 | N15: 3165297863 | O15: 614 75 90 – 477 60 33 | P15: Calle 150 No 16 – 56 oficina 4001, Bogotá D.C._x000D_ | Q15: nfo@cgrsas.com _x000D_ | R15: BOGOTÁ D.C
A16: 7 | B16: CONSORCIO GMC | C16: OSCAR ALFREDO MONTOYA CASTRO | D16: ="("&E16&" "&TEXT(F16,"##0%")&" - "&G16&" "&TEXT(H16,"##0%")&" - "&I16&" "&TEXT(J16,"##0%")&"-"&K16&" "&TEXT(L16,"##0%")&")" -> (GRUPO METRO COLOMBIA S.A.S 95% - OSCAR ALFREDO MONTOYA CASTRO 5% - 0%- 0%) | E16: GRUPO METRO COLOMBIA S.A.S | F16: 0.95 | G16: OSCAR ALFREDO MONTOYA CASTRO | H16: 0.05 | M16: =F16+L16+J16+H16 -> 1 | N16: 3176812822 | P16: Carrera 20 No 39-69 Bogotá | Q16: comercial@grupometrocolombia.com_x000D_ | R16: BOGOTÁ D.C
A17: 8 | B17: CONSULTORES INTERVENTORES COLOMBIANOS S.A.S. | C17: FARIEL ENRIQUE MORALES PERTUZ | D17: ="("&E17&" "&TEXT(F17,"##0%")&" - "&G17&" "&TEXT(H17,"##0%")&" - "&I17&" "&TEXT(J17,"##0%")&"-"&K17&" "&TEXT(L17,"##0%")&")" -> (CONSULTORES INTERVENTORES COLOMBIANOS SAS 100% - 0% - 0%- 0%) | E17: CONSULTORES INTERVENTORES COLOMBIANOS SAS | F17: 1 | M17: =F17+L17+J17+H17 -> 1 | N17: 3103104112_x000D_ | P17: CALLE 96 # 10 – 51 oficina 40 | Q17: concicsas2020@gmail.com_x000D_ | R17: BOGOTÁ D.C
A18: 9 | B18: CONS GAB BOGOTA | C18: GERMAN ANTONIO BALLESTAS BERDEJO | D18: ="("&E18&" "&TEXT(F18,"##0%")&" - "&G18&" "&TEXT(H18,"##0%")&" - "&I18&" "&TEXT(J18,"##0%")&"-"&K18&" "&TEXT(L18,"##0%")&")" -> (GAB INGENIERIA SAS 75% - GERMAN ANTONIO BALLESTAS BERDEJO 25% - 0%- 0%) | E18: GAB INGENIERIA SAS | F18: 0.75 | G18: GERMAN ANTONIO BALLESTAS BERDEJO | H18: 0.25 | M18: =F18+L18+J18+H18 -> 1 | N18: 300 2089435 | P18: Cra 70ª No 110-10 | Q18: oficinamb516@hotmail.com / licitacionesgab2@gmail.com_x000D_ | R18: BOGOTÁ D.C
A19: 10 | B19: CONSORCIO MT 2022 BOSA | C19: GILBERTO MARTINEZ ARGUELLES | D19: ="("&E19&" "&TEXT(F19,"##0%")&" - "&G19&" "&TEXT(H19,"##0%")&" - "&I19&" "&TEXT(J19,"##0%")&"-"&K19&" "&TEXT(L19,"##0%")&")" -> (INGENIERIA MASTER S.A.S 95% - MT PROJECTS S.A.S 5% - 0%- 0%) | E19: INGENIERIA MASTER S.A.S | F19: 0.95 | G19: MT PROJECTS S.A.S | H19: 0.05 | M19: =F19+L19+J19+H19 -> 1 | N19: 3052324877 | P19: CL 1ª No 24-86 TO 1 AP 901_x000D_ | Q19: Licitacionesmtprojects@gmail.com_x000D_ | R19: Puerto Colombia, Atlántico.
A20: 11 | B20: VELNEC S.A. | C20: SANDRA VALENCIA ACHURY | D20: ="("&E20&" "&TEXT(F20,"##0%")&" - "&G20&" "&TEXT(H20,"##0%")&" - "&I20&" "&TEXT(J20,"##0%")&"-"&K20&" "&TEXT(L20,"##0%")&")" -> (VELNEC SAS 100% - 0% - 0%- 0%) | E20: VELNEC SAS | F20: 1 | M20: =F20+L20+J20+H20 -> 1 | N20: 2410530 | P20: Avenida Carrera 86 No. 51 – 66 Oficina 301 | Q20: webmaster@velnec.com – pmartinez@velnec.com_x000D_ | R20: BOGOTÁ D.C
A21: 12 | B21: CONSORCIO INTERVIAS CD | C21: JORGE ENRIQUE ALFARO DE LOS RÍOS | D21: ="("&E21&" "&TEXT(F21,"##0%")&" - "&G21&" "&TEXT(H21,"##0%")&" - "&I21&" "&TEXT(J21,"##0%")&"-"&K21&" "&TEXT(L21,"##0%")&")" -> (DF CONSULTORIA S.A.S 50% - COMPAÑÍA DE PROYECTOS TÉCNICOS CPT S.A. 50% - 0%- 0%) | E21: DF CONSULTORIA S.A.S | F21: 0.5 | G21: COMPAÑÍA DE PROYECTOS TÉCNICOS CPT S.A. | H21: 0.5 | M21: =F21+L21+J21+H21 -> 1 | N21: 3154377727 | P21: CRA. 18 # 116-24 | Q21: cptpropuestas@gmail.com | R21: BOGOTÁ D.C
A22: 13 | B22: CONSORCIO GBM VIAS | C22: ABRAHAM ANTONIO PALACIO AMADO | D22: ="("&E22&" "&TEXT(F22,"##0%")&" - "&G22&" "&TEXT(H22,"##0%")&" - "&I22&" "&TEXT(J22,"##0%")&"-"&K22&" "&TEXT(L22,"##0%")&")" -> (B&C 50% - GRMM S.A.S 5% - MSING SAS 45%- 0%) | E22: B&C | F22: 0.5 | G22: GRMM S.A.S | H22: 0.05 | I22: MSING SAS | J22: 0.45 | M22: =F22+L22+J22+H22 -> 1 | N22: 6360222 | P22: CARRERA 47 # 103-29 | Q22: grmmsas@gmail.com comercial@byc-sa.com gcomercialmsing@gmail.com | R22: BOGOTÁ D.C
A23: 14 | B23: CONSORCIO JGL | C23: ELKIN JAVIER PINEDA BOLAÑO | D23: ="("&E23&" "&TEXT(F23,"##0%")&" - "&G23&" "&TEXT(H23,"##0%")&" - "&I23&" "&TEXT(J23,"##0%")&"-"&K23&" "&TEXT(L23,"##0%")&")" -> (JOSE MANUEL GUARDO POLO 50% - JMELO INGENIERIA DE PROYECTOS S.A.S 45% - PROYECTOS & CONSTRUCCIONES LUZIANA S.A.S 5%- 0%) | E23: JOSE MANUEL GUARDO POLO | F23: 0.5 | G23: JMELO INGENIERIA DE PROYECTOS S.A.S | H23: 0.45 | I23: PROYECTOS & CONSTRUCCIONES LUZIANA S.A.S | J23: 0.05 | M23: =F23+L23+J23+H23 -> 1 | N23: 3158966033 | P23: Calle 152 # 12 C – 12 APTO 215 | Q23: pycluzianasas@gmail.com | R23: BOGOTÁ D.C
A24: 15 | B24: P.I.V. Ingeniería S.A.S | C24: Lisbeth del Carmen Ledesma León | D24: ="("&E24&" "&TEXT(F24,"##0%")&" - "&G24&" "&TEXT(H24,"##0%")&" - "&I24&" "&TEXT(J24,"##0%")&"-"&K24&" "&TEXT(L24,"##0%")&")" -> (PIV INGENIERÍA S.A.S. 100% - 0% - 0%- 0%) | E24: PIV INGENIERÍA S.A.S. | F24: 1 | M24: =F24+L24+J24+H24 -> 1 | N24: 744 3839 | P24: Carrera 12 # 96-81 Of. 402 | Q24: lisbeth.ledesma@pivingenieria.com_x000D_ | R24: BOGOTÁ D.C
A25: 16 | B25: CONSORCIO CMP BOSA | C25: DIEGO ALEJANDRO LEIVA ORTIZ_x000D_ | D25: ="("&E25&" "&TEXT(F25,"##0%")&" - "&G25&" "&TEXT(H25,"##0%")&" - "&I25&" "&TEXT(J25,"##0%")&"-"&K25&" "&TEXT(L25,"##0%")&")" -> (CORTÉS LEIVA ASOCIADOS S.A.S 5% - MSC INGENIERIA S.A.S 45% - PROMACO INGENIERÍA S.A.S 50%- 0%) | E25: CORTÉS LEIVA ASOCIADOS S.A.S | F25: 0.05 | G25: MSC INGENIERIA S.A.S | H25: 0.45 | I25: PROMACO INGENIERÍA S.A.S | J25: 0.5 | M25: =F25+L25+J25+H25 -> 1 | N25: 312 2594693_x000D_ | O25: 605 3044373 | P25: Carrera 53 No 74 86 Oficina 429 A | Q25: licitaciones@cortesleivaasociados.com | R25: BARRANQUILLA
A26: 17 | B26: INGENIEROS CONSULTORES Y CONSTRUCTORES ARG SAS | C26: NATALIA AMADOR BAQUIRO | D26: ="("&E26&" "&TEXT(F26,"##0%")&" - "&G26&" "&TEXT(H26,"##0%")&" - "&I26&" "&TEXT(J26,"##0%")&"-"&K26&" "&TEXT(L26,"##0%")&")" -> (INGENIEROS CONSULTORES Y CONSTRUCTORES ARG SAS_x000D_ 100% - 0% - 0%- 0%) | E26: INGENIEROS CONSULTORES Y CONSTRUCTORES ARG SAS_x000D_ | F26: 1 | M26: =F26+L26+J26+H26 -> 1 | N26: 3125850939_x000D_ | P26: CALLE 98 No. 22 64 OF. 603 | Q26: licitacionesargsas@gmail.com | R26: BOGOTÁ D.C
A27: 18 | B27: INGENIEROS CIVILES ESPECIALISTAS S.A.S. | C27: CARLOS ALBERTO DONADO HENRÍQUEZ | D27: ="("&E27&" "&TEXT(F27,"##0%")&" - "&G27&" "&TEXT(H27,"##0%")&" - "&I27&" "&TEXT(J27,"##0%")&"-"&K27&" "&TEXT(L27,"##0%")&")" -> (INGENIEROS CIVILES ESPECIALISTAS S.A.S. 100% - 0% - 0%- 0%) | E27: INGENIEROS CIVILES ESPECIALISTAS S.A.S. | F27: 1 | M27: =F27+L27+J27+H27 -> 1 | N27: 3106302538 | O27: 605 3735498 – 605 3735499 | P27: CRA 44 No. 82 - 145_x000D_ | Q27: icelimitada@gmail.com | R27: BARRANQUILLA
A28: 19 | B28: CONSORCIO SG | C28: ALEJANDRO ALBA QUINTERO | D28: ="("&E28&" "&TEXT(F28,"##0%")&" - "&G28&" "&TEXT(H28,"##0%")&" - "&I28&" "&TEXT(J28,"##0%")&"-"&K28&" "&TEXT(L28,"##0%")&")" -> (SESAC 95% - GESSI ALVERA 5% - 0%- 0%) | E28: SESAC | F28: 0.95 | G28: GESSI ALVERA | H28: 0.05 | M28: =F28+L28+J28+H28 -> 1 | N28: 6797934 | P28: CRA 20 39 28 | Q28: COMERCIAL@SESAC.COM.CO | R28: BOGOTÁ D.C
A29: 20 | B29: Estructurador Colombia SAS | C29: MAURICIO GOMEZ CAICEDO | D29: ="("&E29&" "&TEXT(F29,"##0%")&" - "&G29&" "&TEXT(H29,"##0%")&" - "&I29&" "&TEXT(J29,"##0%")&"-"&K29&" "&TEXT(L29,"##0%")&")" -> (Estructurador Colombia SAS 100% - 0% - 0%- 0%) | E29: =B29 -> Estructurador Colombia SAS | F29: 1 | M29: =F29+L29+J29+H29 -> 1 | N29: 8059450 | P29: TRANSVERSAL 60 N 106 A 28 OF 401 | Q29: licitaciones@estructuradorcolombia.com | R29: BOGOTÁ D.C
A30: 21 | B30: SALGADO, MELENDEZ Y ASOCIADOS INGENIEROS CONSULTORES S.A.S | C30: Carlo s Eduardo Berna l L atorre | D30: ="("&E30&" "&TEXT(F30,"##0%")&" - "&G30&" "&TEXT(H30,"##0%")&" - "&I30&" "&TEXT(J30,"##0%")&"-"&K30&" "&TEXT(L30,"##0%")&")" -> (SALGADO, MELENDEZ Y ASOCIADOS INGENIEROS CONSULTORES S.A.S 100% - 0% - 0%- 0%) | E30: =B30 -> SALGADO, MELENDEZ Y ASOCIADOS INGENIEROS CONSULTORES S.A.S | F30: 1 | M30: =F30+L30+J30+H30 -> 1 | N30: 2186511 | P30: Calle 79 #7-32 | Q30: smabog@smaingenieros . com . co | R30: BOGOTÁ D.C
A31: 22 | B31: INGEOCILCON S.A.S. | C31: Oswaldo Ramos Garcia | D31: ="("&E31&" "&TEXT(F31,"##0%")&" - "&G31&" "&TEXT(H31,"##0%")&" - "&I31&" "&TEXT(J31,"##0%")&"-"&K31&" "&TEXT(L31,"##0%")&")" -> (INGEOCILCON S.A.S. 100% - 0% - 0%- 0%) | E31: =B31 -> INGEOCILCON S.A.S. | F31: 1 | M31: =F31+L31+J31+H31 -> 1 | N31: 3006237 | P31: Carrera 84 A No. 37 A – 28 OF. 301 | Q31: ingeocilcon@gmail.com | R31: MEDELLIN
A32: 23 | B32: GNG SERVICIOS DE INGENIERIA S.A.S. | C32: JORGE GOMEZ FALLA. | D32: ="("&E32&" "&TEXT(F32,"##0%")&" - "&G32&" "&TEXT(H32,"##0%")&" - "&I32&" "&TEXT(J32,"##0%")&"-"&K32&" "&TEXT(L32,"##0%")&")" -> (GNG SERVICIOS DE INGENIERIA S.A.S. 100% - 0% - 0%- 0%) | E32: =B32 -> GNG SERVICIOS DE INGENIERIA S.A.S. | F32: 1 | M32: =F32+L32+J32+H32 -> 1 | N32: 317 367 51 54 | P32: Carrera 49 No. 104 B – 49 | Q32: licitaciones@gngservicios.com – gerencia@gng.com.co | R32: BOGOTÁ D.C
A33: 24 | B33: Soluciones para la Ingeniería S.A.S. | C33: IVÁN AUGUSTO BARRETO ESQUIVEL | D33: ="("&E33&" "&TEXT(F33,"##0%")&" - "&G33&" "&TEXT(H33,"##0%")&" - "&I33&" "&TEXT(J33,"##0%")&"-"&K33&" "&TEXT(L33,"##0%")&")" -> (Soluciones para la Ingeniería S.A.S. 100% - 0% - 0%- 0%) | E33: =B33 -> Soluciones para la Ingeniería S.A.S. | F33: 1 | M33: =F33+L33+J33+H33 -> 1 | N33: 3014312923 | P33: CLL 60 No 9A – 46 OF 410 | Q33: spli.licitaciones@gmail.com | R33: BOGOTÁ D.C
A34: 25 | B34: CONSORCIO VIAL BOGOTA | C34: NESTOR ANIBAL ESPINOSA NIÑO | D34: ="("&E34&" "&TEXT(F34,"##0%")&" - "&G34&" "&TEXT(H34,"##0%")&" - "&I34&" "&TEXT(J34,"##0%")&"-"&K34&" "&TEXT(L34,"##0%")&")" -> (EMPROCIV SAS 55% - RAUL ORLANDO DELGADO 40% - JG INGENIERIA CONSULTORIA Y CONSTRUCCION 5%- 0%) | E34: EMPROCIV SAS | F34: 0.55 | G34: RAUL ORLANDO DELGADO | H34: 0.4 | I34: JG INGENIERIA CONSULTORIA Y CONSTRUCCION | J34: 0.05 | M34: =F34+L34+J34+H34 -> 1 | N34: 6218382 | P34: Calle 13 No 3-46 Ofic 301, Cota | Q34: licitaciones.rya@gmail.com | R34: BOGOTÁ D.C
A35: 26 | B35: GEOTECNIA Y CIMIENTOS INGEOCIM S.A.S. | C35: CAMILO ADOLFO NAGED RODRIGUEZ | D35: ="("&E35&" "&TEXT(F35,"##0%")&" - "&G35&" "&TEXT(H35,"##0%")&" - "&I35&" "&TEXT(J35,"##0%")&"-"&K35&" "&TEXT(L35,"##0%")&")" -> (GEOTECNIA Y CIMIENTOS INGEOCIM S.A.S. 100% - 0% - 0%- 0%) | E35: =B35 -> GEOTECNIA Y CIMIENTOS INGEOCIM S.A.S. | F35: 1 | M35: =F35+L35+J35+H35 -> 1 | N35: 601) 691 0842 | P35: Carrera 15 No. 98-26 Oficina 503 | Q35: central@ingeocim.com | R35: BOGOTÁ D.C
A36: 27 | B36: COPEBA S.A.S. | C36: ANDREA DEL PILAR PEÑA SANCHEZ | D36: ="("&E36&" "&TEXT(F36,"##0%")&" - "&G36&" "&TEXT(H36,"##0%")&" - "&I36&" "&TEXT(J36,"##0%")&"-"&K36&" "&TEXT(L36,"##0%")&")" -> (COPEBA S.A.S. 100% - 0% - 0%- 0%) | E36: =B36 -> COPEBA S.A.S. | F36: 1 | M36: =F36+L36+J36+H36 -> 1 | N36: 2183292 | P36: cra. 21 # 100 – 20 Ofc. 602 | Q36: licitacionescopeba@gmail.com | R36: BOGOTÁ D.C
A37: 28 | B37: CONSORCIO SAN JUAN BOSA 4 | C37: CARLOS MAURICIO HERNÁNDEZ ZAMORA | D37: ="("&E37&" "&TEXT(F37,"##0%")&" - "&G37&" "&TEXT(H37,"##0%")&" - "&I37&" "&TEXT(J37,"##0%")&"-"&K37&" "&TEXT(L37,"##0%")&")" -> (SHM INGENIERIA SAS 50% - CARLOS HERNÁNDEZ SOLER 50% - 0%- 0%) | E37: SHM INGENIERIA SAS | F37: 0.5 | G37: CARLOS HERNÁNDEZ SOLER | H37: 0.5 | M37: =F37+L37+J37+H37 -> 1 | N37: 3103069279 | P37: Calle 120 No. 49 – 44, Bogotá | Q37: licitacioneshcip@gmail.com | R37: BOGOTÁ D.C
A38: 29 | B38: CODIPRO INGENIERÍA Y ARQUITECTURA LTDA. | C38: JESUS MARIA BERDUGO LEAL | D38: ="("&E38&" "&TEXT(F38,"##0%")&" - "&G38&" "&TEXT(H38,"##0%")&" - "&I38&" "&TEXT(J38,"##0%")&"-"&K38&" "&TEXT(L38,"##0%")&")" -> (CODIPRO INGENIERIA 100% - 0% - 0%- 0%) | E38: CODIPRO INGENIERIA | F38: 1 | M38: =F38+L38+J38+H38 -> 1 | N38: 636 6945 | P38: Calle 98 # 65A-46 | Q38: codipro.licitaciones@gmail.com | R38: BOGOTÁ D.C
A39: 30 | B39: CONSULTORES DONOVAN SAS | C39: UAN DIEGO ARENAS DE LA HOZ | D39: ="("&E39&" "&TEXT(F39,"##0%")&" - "&G39&" "&TEXT(H39,"##0%")&" - "&I39&" "&TEXT(J39,"##0%")&"-"&K39&" "&TEXT(L39,"##0%")&")" -> (CONSULTORES DONOVAN SAS 100% - 0% - 0%- 0%) | E39: =B39 -> CONSULTORES DONOVAN SAS | F39: 1 | M39: =F39+L39+J39+H39 -> 1 | N39: 3107901230 | P39: CALLE 17 #10-16 OF 803 | Q39: jarenas@arenasingenieros.com | R39: BOGOTÁ D.C
A40: 31 | B40: MAB INGENIERIA DE VALOR S.A. | C40: ARIEL ALBERTO CORREDOR GOMEZ | D40: ="("&E40&" "&TEXT(F40,"##0%")&" - "&G40&" "&TEXT(H40,"##0%")&" - "&I40&" "&TEXT(J40,"##0%")&"-"&K40&" "&TEXT(L40,"##0%")&")" -> (MAB INGENIERIA DE VALOR S.A. 100% - 0% - 0%- 0%) | E40: =B40 -> MAB INGENIERIA DE VALOR S.A. | F40: 1 | M40: =F40+L40+J40+H40 -> 1 | N40: (1) 241 54 00 - 312 481 06 99 | P40: El Dorado 69-76, Torre 3, Oficina 501 | Q40: propuestas@mab.com.co | R40: BOGOTÁ D.C
A41: 32 | B41: CONSORCIO GIS BOSA | C41: Luisa Fernanda Barreto Parra | D41: ="("&E41&" "&TEXT(F41,"##0%")&" - "&G41&" "&TEXT(H41,"##0%")&" - "&I41&" "&TEXT(J41,"##0%")&"-"&K41&" "&TEXT(L41,"##0%")&")" -> (GIS-EAP S.A.S. 95% - GIS OMICRÓN S.A.S 5% - 0%- 0%) | E41: GIS-EAP S.A.S. | F41: 0.95 | G41: GIS OMICRÓN S.A.S | H41: 0.05 | M41: =F41+L41+J41+H41 -> 1 | N41: 313 4595240 - 321 2900127 | P41: Calle 26 # 69D - 91 ofc. 605 | Q41: licitaciones@grupogiscolombia.com | R41: BOGOTÁ D.C
A42: 33 | B42: RAFAEL JAVIER GUISA RUEDA | C42: =B42 -> RAFAEL JAVIER GUISA RUEDA | D42: ="("&E42&" "&TEXT(F42,"##0%")&" - "&G42&" "&TEXT(H42,"##0%")&" - "&I42&" "&TEXT(J42,"##0%")&"-"&K42&" "&TEXT(L42,"##0%")&")" -> (RAFAEL JAVIER GUISA RUEDA 100% - 0% - 0%- 0%) | E42: =C42 -> RAFAEL JAVIER GUISA RUEDA | F42: 1 | M42: =F42+L42+J42+H42 -> 1 | N42: 3003670445 | P42: _calle 35 No. 25 – 37 apto 1502 torre B | Q42: _licitacionesrg@hotmail.es-rjguisa@hotmail.com | R42: BOGOTÁ D.C
A43: 34 | B43: CONSORCIO INTERMALLAVIAL BOSA | C43: CARLOS ANDRESS MASS GUERRERO | D43: ="("&E43&" "&TEXT(F43,"##0%")&" - "&G43&" "&TEXT(H43,"##0%")&" - "&I43&" "&TEXT(J43,"##0%")&"-"&K43&" "&TEXT(L43,"##0%")&")" -> (CAYENA CONSULTORES 50% - ROSIA 50% - 0%- 0%) | E43: CAYENA CONSULTORES | F43: 0.5 | G43: ROSIA | H43: 0.5 | M43: =F43+L43+J43+H43 -> 1 | N43: 3012675296 | P43: Calle 94 No 18ª-33 | Q43: rocciasasint@gmail.com | R43: BOGOTÁ D.C
A44: 35 | B44: Consorcio RP Bosa | C44: GUSTAVO ROSO GÓMEZ | D44: ="("&E44&" "&TEXT(F44,"##0%")&" - "&G44&" "&TEXT(H44,"##0%")&" - "&I44&" "&TEXT(J44,"##0%")&"-"&K44&" "&TEXT(L44,"##0%")&")" -> (GUSTAVO ROSO GOMEZ 95% - NAIRO PRIETO SUAREZ 5% - 0%- 0%) | E44: GUSTAVO ROSO GOMEZ | F44: 0.95 | G44: NAIRO PRIETO SUAREZ | H44: 0.05 | M44: =F44+L44+J44+H44 -> 1 | N44: 3106805344 | P44: Carrera 1F # 39-76 Oficina 808 Edificio DaVinci | Q44: gustavoroso2005@yahoo.com | R44: TUNJA
A45: 36 | B45: CONSORCIO OPH - CAP 2022 | C45: ANA ISABEL HENDE CARREÑO | D45: ="("&E45&" "&TEXT(F45,"##0%")&" - "&G45&" "&TEXT(H45,"##0%")&" - "&I45&" "&TEXT(J45,"##0%")&"-"&K45&" "&TEXT(L45,"##0%")&")" -> (OPH INGENIEROS ASOCIADOS 50% - CARLOS ALBERTO PALTA MUÑOZ 50% - 0%- 0%) | E45: OPH INGENIEROS ASOCIADOS | F45: 0.5 | G45: CARLOS ALBERTO PALTA MUÑOZ | H45: 0.5 | M45: =F45+L45+J45+H45 -> 1 | N45: 301 776 3019 | P45: Kra 147ª # 142f-39 int 12 of 503 | Q45: licitacionesaihingenieria@gmail.com | R45: BOGOTÁ D.C
A46: 37 | B46: ARQING CONSULTORIA Y CONSTRUCCIONES SAS | C46: CARLOS MAURICIO BOTÓN GÓMEZ | D46: ="("&E46&" "&TEXT(F46,"##0%")&" - "&G46&" "&TEXT(H46,"##0%")&" - "&I46&" "&TEXT(J46,"##0%")&"-"&K46&" "&TEXT(L46,"##0%")&")" -> (ARQING CONSULTORIA Y CONSTRUCCIONES S.A.S 100% - 0% - 0%- 0%) | E46: ARQING CONSULTORIA Y CONSTRUCCIONES S.A.S | F46: 1 | M46: =F46+L46+J46+H46 -> 1 | N46: 3106560 | P46: CARRERA 15 A No. 124 - 60 OF 102 | Q46: licitaciones@arqingco.com | R46: BOGOTÁ D.C.
A47: 38 | B47: HERNAN ALONSO VELASQUEZ CABEZA | C47: HERNAN ALONSO VELASQUEZ CABEZA | D47: ="("&E47&" "&TEXT(F47,"##0%")&" - "&G47&" "&TEXT(H47,"##0%")&" - "&I47&" "&TEXT(J47,"##0%")&"-"&K47&" "&TEXT(L47,"##0%")&")" -> (HERNAN ALONSO VELASQUEZ CABEZA 100% - 0% - 0%- 0%) | E47: HERNAN ALONSO VELASQUEZ CABEZA | F47: 1 | M47: =F47+L47+J47+H47 -> 1 | N47: 3135206301 | P47: CARRERA 7 No. 64A 41 | Q47: constructoraintegraldecordoba@gmail.com | R47: MONTERIA CORDOBA
A48: 39 | B48: CONSORCIO INTERSPACIOS BOSA | C48: MARCELA PATRICIA BAQUERO APONTE | D48: ="("&E48&" "&TEXT(F48,"##0%")&" - "&G48&" "&TEXT(H48,"##0%")&" - "&I48&" "&TEXT(J48,"##0%")&"-"&K48&" "&TEXT(L48,"##0%")&")" -> (HG INGENIERIA Y DESARROLLO S.A.S 75% - CGB S.A.S 25% - 0%- 0%) | E48: HG INGENIERIA Y DESARROLLO S.A.S | F48: 0.75 | G48: CGB S.A.S | H48: 0.25 | M48: =F48+L48+J48+H48 -> 1 | N48: 3006718688 | P48: CALLE 94 A No. 21 - 41 APT 207 | Q48: hgingenieriaydesarrollo@gamail.com | R48: BOGOTÁ D.C.
A49: 40 | B49: UT INTERVENTORIA BOSA 2022 | C49: MIGUEL ALEJANDRO GARCIA RODRÍGUEZ | D49: ="("&E49&" "&TEXT(F49,"##0%")&" - "&G49&" "&TEXT(H49,"##0%")&" - "&I49&" "&TEXT(J49,"##0%")&"-"&K49&" "&TEXT(L49,"##0%")&")" -> (CONSEINT S.A.S. 95% - SMART PLANNING PROJECTS S.A.S 5% - 0%- 0%) | E49: CONSEINT S.A.S. | F49: 0.95 | G49: SMART PLANNING PROJECTS S.A.S | H49: 0.05 | M49: =F49+L49+J49+H49 -> 1 | N49: 601 8055148 | P49: CALLE 25 B 85 C 81 | Q49: contacto@smartpp.com.co gerencia@conseint.com | R49: BOGOTÁ D.C.
A50: 41 | B50: PROYECTISTAS DE COLOMBIA & CIA SAS | C50: GUSTAVO EUGENIO ANAYA MATTOS | D50: ="("&E50&" "&TEXT(F50,"##0%")&" - "&G50&" "&TEXT(H50,"##0%")&" - "&I50&" "&TEXT(J50,"##0%")&"-"&K50&" "&TEXT(L50,"##0%")&")" -> (PROYECTISTAS DE COLOMBIA & CIA SAS 100% - 0% - 0%- 0%) | E50: PROYECTISTAS DE COLOMBIA & CIA SAS | F50: 1 | M50: =F50+L50+J50+H50 -> 1 | N50: 6055701222 | P50: CALLE 13 No. 7 - 54 | Q50: licitaciones@pry.com.co | R50: CAÑAGUATE
A51: 42 | B51: COMPAÑIA DE INTERVENTORIAS Y CONSULTORIAS DE LA COSTA SAS | C51: JUANITA VALENTINA CASTILLO CUAN | D51: ="("&E51&" "&TEXT(F51,"##0%")&" - "&G51&" "&TEXT(H51,"##0%")&" - "&I51&" "&TEXT(J51,"##0%")&"-"&K51&" "&TEXT(L51,"##0%")&")" -> (COMPAÑIA DE UNTERVENTORIAS Y CONSULTORIAS DE LA COSTA S.A.S 100% - 0% - 0%- 0%) | E51: COMPAÑIA DE UNTERVENTORIAS Y CONSULTORIAS DE LA COSTA S.A.S | F51: 1 | M51: =F51+L51+J51+H51 -> 1 | N51: 6522819 | P51: CARRERA 3 No. 8 - 06 OFICINA 601 | Q51: cincosas1@gmail.com | R51: CARTAGENA
A52: 43 | B52: CONSORCIO INTERBOSA 2022 | C52: NOBERTO ANGARITA BECERRA | D52: ="("&E52&" "&TEXT(F52,"##0%")&" - "&G52&" "&TEXT(H52,"##0%")&" - "&I52&" "&TEXT(J52,"##0%")&"-"&K52&" "&TEXT(L52,"##0%")&")" -> (INEXIA SAS 95% - OPCIONA SAS 5% - 0%- 0%) | E52: INEXIA SAS | F52: 0.95 | G52: OPCIONA SAS | H52: 0.05 | M52: =F52+L52+J52+H52 -> 1 | N52: 3108634060 | P52: CALLE 75 No.15 -32 | Q52: inexiasas@gmail.com | R52: BOGOTÁ D.C.
A53: 44 | B53: CONSORCIO ALMA-GILLI | C53: ALVARO HERNANDO VERA AYALA | D53: ="("&E53&" "&TEXT(F53,"##0%")&" - "&G53&" "&TEXT(H53,"##0%")&" - "&I53&" "&TEXT(J53,"##0%")&"-"&K53&" "&TEXT(L53,"##0%")&")" -> (ALMA INTERVENTORIA & CONSULTORIA SAS 95% - CONSTRUCTORA GILLI SAS 5% - 0%- 0%) | E53: ALMA INTERVENTORIA & CONSULTORIA SAS | F53: 0.95 | G53: CONSTRUCTORA GILLI SAS | H53: 0.05 | M53: =F53+L53+J53+H53 -> 1 | N53: 601 3033518 | P53: CALLE 123 No. 7A - 17 OFICINA 304 | Q53: almaintercon@gmail.com | R53: BOGOTÁ D.C.
A54: 45 | B54: Wilmer Junior Gomez Brito | C54: WILMER JUNIOR GOMEZ BRITO | D54: ="("&E54&" "&TEXT(F54,"##0%")&" - "&G54&" "&TEXT(H54,"##0%")&" - "&I54&" "&TEXT(J54,"##0%")&"-"&K54&" "&TEXT(L54,"##0%")&")" -> (WILMER JUNIOR GÓMEZ BRITO 100% - 0% - 0%- 0%) | E54: WILMER JUNIOR GÓMEZ BRITO | F54: 1 | M54: =F54+L54+J54+H54 -> 1 | N54: 7749001 | P54: CALLE 3 No. 14 A 30 SAN PEPDRITO | Q54: wgomezbrito@gmail.com | R54: LA GUAJIRA
A55: 46 | B55: CONSTRUCCIONES INTERVENTORIAS ISAZA INGENIERIA SAS | C55: RUBEN ISAZA PALACIO | D55: ="("&E55&" "&TEXT(F55,"##0%")&" - "&G55&" "&TEXT(H55,"##0%")&" - "&I55&" "&TEXT(J55,"##0%")&"-"&K55&" "&TEXT(L55,"##0%")&")" -> (COINZA ING SAS 100% - 0% - 0%- 0%) | E55: COINZA ING SAS | F55: 1 | M55: =F55+L55+J55+H55 -> 1 | N55: 3113083033 | P55: CALLE 40 81 A 132 OF 401 | Q55: coinza.sas@hotmail.com | R55: MEDELLIN
A56: 47 | B56: CONSORCIO BOSA INFRA-VIAL | C56: EDGAR EDUARDO LARA GUZMÁN | D56: ="("&E56&" "&TEXT(F56,"##0%")&" - "&G56&" "&TEXT(H56,"##0%")&" - "&I56&" "&TEXT(J56,"##0%")&"-"&K56&" "&TEXT(L56,"##0%")&")" -> (INFRALAR S.A.S 95% - VERTICE INTERVENTORIA DE PROYECTOS S.A.S 5% - 0%- 0%) | E56: INFRALAR S.A.S | F56: 0.95 | G56: VERTICE INTERVENTORIA DE PROYECTOS S.A.S | H56: 0.05 | M56: =F56+L56+J56+H56 -> 1 | N56: 3212596672 | P56: CARRERA 49 B No. 102A - 18 | Q56: javilavertice@gmail.com | R56: BOGOTÁ D.C.
A57: 48 | B57: CS BOSA JI 004 | C57: JORGE ELIECER PARRA SALINAS | D57: ="("&E57&" "&TEXT(F57,"##0%")&" - "&G57&" "&TEXT(H57,"##0%")&" - "&I57&" "&TEXT(J57,"##0%")&"-"&K57&" "&TEXT(L57,"##0%")&")" -> (JPS INGENIERIA S.A.S. 95% - INFRAING S.A.S. 5% - 0%- 0%) | E57: JPS INGENIERIA S.A.S. | F57: 0.95 | G57: INFRAING S.A.S. | H57: 0.05 | M57: =F57+L57+J57+H57 -> 1 | N57: 6129434 3504835859 | P57: CALLE 125 No. 20 - 70 OF 602 | Q57: comercial@jpsingenieria.com | R57: BOGOTÁ D.C.
A58: 49 | B58: ELSA MARIA RUEDA LANDINEZ INGENIERIA SAS | C58: ELSA MARIA RUEDA LANDINEZ | D58: ="("&E58&" "&TEXT(F58,"##0%")&" - "&G58&" "&TEXT(H58,"##0%")&" - "&I58&" "&TEXT(J58,"##0%")&"-"&K58&" "&TEXT(L58,"##0%")&")" -> (ELSA MARIA RUEDA LANDINEZ 100% - 0% - 0%- 0%) | E58: ELSA MARIA RUEDA LANDINEZ | F58: 1 | M58: =F58+L58+J58+H58 -> 1 | N58: 3176425740 | P58: TRANSVERSAL 154 No. 17-20 CASA 10 | Q58: emruedalicitacion@gmail.com | R58: BUCARAMANGA
A59: 50 | B59: CONSORCIO INTERBOGOTA B&B | C59: FREDY LEAL MENDOZA | D59: ="("&E59&" "&TEXT(F59,"##0%")&" - "&G59&" "&TEXT(H59,"##0%")&" - "&I59&" "&TEXT(J59,"##0%")&"-"&K59&" "&TEXT(L59,"##0%")&")" -> (BATEMAN INGENIERIA SAS 50% - BATEMAN INGENIEROS SAS 50% - 0%- 0%) | E59: BATEMAN INGENIERIA SAS | F59: 0.5 | G59: BATEMAN INGENIEROS SAS | H59: 0.5 | M59: =F59+L59+J59+H59 -> 1 | N59: 3204319 | P59: CARRERA 20 No. 39-65 | Q59: licibateman@hotmail.com | R59: BOGOTÁ D.C.
A60: 51 | B60: INTERVIAL BOGOTA | C60: RAFAEL VILLAR OSPINA | D60: ="("&E60&" "&TEXT(F60,"##0%")&" - "&G60&" "&TEXT(H60,"##0%")&" - "&I60&" "&TEXT(J60,"##0%")&"-"&K60&" "&TEXT(L60,"##0%")&")" -> (IAR PROYECTOS SAS 75% - PROYECTOS IAR SAS 25% - 0%- 0%) | E60: IAR PROYECTOS SAS | F60: 0.75 | G60: PROYECTOS IAR SAS | H60: 0.25 | M60: =F60+L60+J60+H60 -> 1 | N60: 3145384 | P60: CARREA 46 No. 22 B 20 OFICINA 506 | Q60: larproyectos.servicios@gmail.com | R60: CHIA
A61: 52 | B61: CONSORCIO INTERCAPITAL | C61: LUZ ANDREA FAJARDO CORREDOR | D61: ="("&E61&" "&TEXT(F61,"##0%")&" - "&G61&" "&TEXT(H61,"##0%")&" - "&I61&" "&TEXT(J61,"##0%")&"-"&K61&" "&TEXT(L61,"##0%")&")" -> (GAVINCO INGENIEROS CONSULTORES S.A.S 50% - ING INGENIERIA S.A.S 50% - 0%- 0%) | E61: GAVINCO INGENIEROS CONSULTORES S.A.S | F61: 0.5 | G61: ING INGENIERIA S.A.S | H61: 0.5 | M61: =F61+L61+J61+H61 -> 1 | N61: 2367974 6245383 | P61: CARRERA 48 No. 101 A 29 | Q61: lestupinan@gavinco.com afajardo@gavinco.com | R61: BOGOTÁ D.C.
A62: 53 | B62: Proyectistas Asociados SAS | C62: OSCAR ANDRES PLAZAS ROLDAN | D62: ="("&E62&" "&TEXT(F62,"##0%")&" - "&G62&" "&TEXT(H62,"##0%")&" - "&I62&" "&TEXT(J62,"##0%")&"-"&K62&" "&TEXT(L62,"##0%")&")" -> (PROYECTISTAS ASOCIADOS SAS 100% - 0% - 0%- 0%) | E62: PROYECTISTAS ASOCIADOS SAS | F62: 1 | M62: =F62+L62+J62+H62 -> 1 | N62: 3228533677 | O62: 3907134 ext. 116 | P62: Carrera 7 No. 155C-30 oficina 2404 | Q62: arealicitacionespa@gmail.com proyectistasasociados@gmail.com_x000D_
A63: 54 | B63: ESTUDIOS TECNICOS Y CONSTRUCCIONES SAS | C63: MANUEL LEOPOLDO GONGORA SIERRA | D63: ="("&E63&" "&TEXT(F63,"##0%")&" - "&G63&" "&TEXT(H63,"##0%")&" - "&I63&" "&TEXT(J63,"##0%")&"-"&K63&" "&TEXT(L63,"##0%")&")" -> (ESTUDIOS TECNICOS Y CONSTRUCCIONES S.A.S 100% - 0% - 0%- 0%) | E63: ESTUDIOS TECNICOS Y CONSTRUCCIONES S.A.S | F63: 1 | M63: =F63+L63+J63+H63 -> 1 | N63: 7532567 | P63: CALLE 145 A No. 17 - 33 | Q63: sgcomercial@estudiostecnicos.com.co sgtecnica@estudiostecnicos.com.co sgadministrativa@estudiostecnicos.com.co info@estudiostecnicos.com.co | R63: BOGOTÁ D.C.
A64: 55 | B64: CONSORCIO CG 2021 | C64: ASTRID LILIANA MARIN LOPEZ | D64: ="("&E64&" "&TEXT(F64,"##0%")&" - "&G64&" "&TEXT(H64,"##0%")&" - "&I64&" "&TEXT(J64,"##0%")&"-"&K64&" "&TEXT(L64,"##0%")&")" -> (CAYCO SAS 95% - GPI SAS 5% - 0%- 0%) | E64: CAYCO SAS | F64: 0.95 | G64: GPI SAS | H64: 0.05 | M64: =F64+L64+J64+H64 -> 1 | N64: 3202733572 | P64: CARRERA 20B No. 75 – 20 OFICINA 201 | Q64: caycosas.licitaciones@gmail.com | R64: Bogota D.C
A65: 56 | B65: CONSORCIO VIAL BOSA | C65: GERSSY NIVER PEÑALOZA QUIÑONES | D65: ="("&E65&" "&TEXT(F65,"##0%")&" - "&G65&" "&TEXT(H65,"##0%")&" - "&I65&" "&TEXT(J65,"##0%")&"-"&K65&" "&TEXT(L65,"##0%")&")" -> (SEG GEOTECNIA Y CONTROL DE CALIDAD SAS 50% - PEYCO, PROYECTOS, ESTUDIOS Y CONSTRUCCIONES SAS 50% - 0%- 0%) | E65: SEG GEOTECNIA Y CONTROL DE CALIDAD SAS | F65: 0.5 | G65: PEYCO, PROYECTOS, ESTUDIOS Y CONSTRUCCIONES SAS | H65: 0.5 | M65: =F65+L65+J65+H65 -> 1 | N65: 300 44 61 | P65: Calle 71 #11-71 | Q65: directorcontratacion@seg-colombia.com / ccastillo@peyco.es | R65: Bogotá D.C
A66: 57 | B66: R&MCONSTRUCCIONES E INTERVENTORIAS S.A.S | C66: CESAR EDUARDO GOMEZ GOMEZ | D66: ="("&E66&" "&TEXT(F66,"##0%")&" - "&G66&" "&TEXT(H66,"##0%")&" - "&I66&" "&TEXT(J66,"##0%")&"-"&K66&" "&TEXT(L66,"##0%")&")" -> (R&M CONSTRUCCIONES E INTERVENTORIAS S.A.S 100% - 0% - 0%- 0%) | E66: R&M CONSTRUCCIONES E INTERVENTORIAS S.A.S | F66: 1 | M66: =F66+L66+J66+H66 -> 1 | N66: 2697927 | P66: CRA 38ª # 25 - 58 | Q66: licitacionesrym@gmail.com | R66: Bogotá D.C.
A67: 58 | B67: CONSORCIO POSSO INTERVIALES | C67: HUGO ALFREDO POSSO MONCADA | D67: ="("&E67&" "&TEXT(F67,"##0%")&" - "&G67&" "&TEXT(H67,"##0%")&" - "&I67&" "&TEXT(J67,"##0%")&"-"&K67&" "&TEXT(L67,"##0%")&")" -> (GRUPO POSSO S.A.S. 40% - INGENIERIA MONCADA GUERRERO S.A. 60% - 0%- 0%) | E67: GRUPO POSSO S.A.S. | F67: 0.4 | G67: INGENIERIA MONCADA GUERRERO S.A. | H67: 0.6 | M67: =F67+L67+J67+H67 -> 1 | N67: 6216395 | P67: Carrera 62 N° 103-44 Oficina 304 | Q67: licitaciones@grupoposso.com.co | R67: Bogotá D.C
A68: 59 | B68: CONSORCIO EPSILON CAPITAL | C68: WILSON GIOVANNI URREA URREA | D68: ="("&E68&" "&TEXT(F68,"##0%")&" - "&G68&" "&TEXT(H68,"##0%")&" - "&I68&" "&TEXT(J68,"##0%")&"-"&K68&" "&TEXT(L68,"##0%")&")" -> (PROYECTOS E INTERVENTORÍAS S.A.S – PI S.A.S. 70% - INGENIERÍA DE ESTUDIOS Y ASESORIAS S.A.S. INESAS S.A.S 30% - 0%- 0%) | E68: PROYECTOS E INTERVENTORÍAS S.A.S – PI S.A.S. | F68: 0.7 | G68: INGENIERÍA DE ESTUDIOS Y ASESORIAS S.A.S. INESAS S.A.S | H68: 0.3 | M68: =F68+L68+J68+H68 -> 1 | N68: 2360053 | P68: Calle 100 # 8ª-55, Torre C, Oficina 504 | Q68: licitaciones@pi-sas.com.co | R68: Bogotá D.C.
A69: 60 | B69: MIRS LATINOAMERICA S.A.S | C69: NICK RANDY ALMEIDA GAMARRA | D69: ="("&E69&" "&TEXT(F69,"##0%")&" - "&G69&" "&TEXT(H69,"##0%")&" - "&I69&" "&TEXT(J69,"##0%")&"-"&K69&" "&TEXT(L69,"##0%")&")" -> (MIRS LATINOAMERICA S.A.S 100% - 0% - 0%- 0%) | E69: MIRS LATINOAMERICA S.A.S | F69: 1 | M69: =F69+L69+J69+H69 -> 1 | N69: 571) 8039343 | P69: Calle 23 f No. 85 a - 31 | Q69: licitaciones@mirsla.co | R69: Bogotá D.C
A70: 61 | B70: TECNOLOGÍA DE NUEVAS MEDICIONES COLOMBIA S.A.S. | C70: EMILIA DE LA OSSA CONTRERAS | D70: ="("&E70&" "&TEXT(F70,"##0%")&" - "&G70&" "&TEXT(H70,"##0%")&" - "&I70&" "&TEXT(J70,"##0%")&"-"&K70&" "&TEXT(L70,"##0%")&")" -> (ECNOLOGIA DE NUEVAS MEDICIONES COLOMBIA S.A.S - TECNUMEC S.A.S 100% - 0% - 0%- 0%) | E70: ECNOLOGIA DE NUEVAS MEDICIONES COLOMBIA S.A.S - TECNUMEC S.A.S | F70: 1 | M70: =F70+L70+J70+H70 -> 1 | N70: 315 876 3235 | P70: CR15 #93A 84 OFICINA 604 | Q70: Licitaciones.colombia@tnmlimited.com | R70: Bogotá D.C
A71: 62 | B71: CONSORCIO VIAS BOSA | C71: SANTIAGO CARRILLO VARGAS | D71: ="("&E71&" "&TEXT(F71,"##0%")&" - "&G71&" "&TEXT(H71,"##0%")&" - "&I71&" "&TEXT(J71,"##0%")&"-"&K71&" "&TEXT(L71,"##0%")&")" -> (SAVIMAC SAS 50% - SANDRA MONICA CARDOZO ROJAS 50% - 0%- 0%) | E71: SAVIMAC SAS | F71: 0.5 | G71: SANDRA MONICA CARDOZO ROJAS | H71: 0.5 | M71: =F71+L71+J71+H71 -> 1 | N71: 3223838390 | P71: Calle 65 No. 5-01 oficina 204 | Q71: savimac2016@gmail.com | R71: Bogotá D.C.
A72: 63 | B72: CONSORCIO VYO 2022 | C72: JORGE ISAAC VELASQUEZ VARGAS | D72: ="("&E72&" "&TEXT(F72,"##0%")&" - "&G72&" "&TEXT(H72,"##0%")&" - "&I72&" "&TEXT(J72,"##0%")&"-"&K72&" "&TEXT(L72,"##0%")&")" -> (OBRAS Y PROYECTOS RP SAS 95% - JORGE ISAAC VELASQUEZ VARGAS 5% - 0%- 0%) | E72: OBRAS Y PROYECTOS RP SAS | F72: 0.95 | G72: JORGE ISAAC VELASQUEZ VARGAS | H72: 0.05 | M72: =F72+L72+J72+H72 -> 1 | N72: 3143843817 | P72: Carrera 20B No. 75-20 OF 405 | Q72: comercialobrasyproyectos@gmail.com | R72: Bogotá D.C.
A73: 64 | B73: D&B INGENIEROS CIVILES S.A.S. | C73: RODRIGO ALBERTO DIAZ BENJUMEA | D73: ="("&E73&" "&TEXT(F73,"##0%")&" - "&G73&" "&TEXT(H73,"##0%")&" - "&I73&" "&TEXT(J73,"##0%")&"-"&K73&" "&TEXT(L73,"##0%")&")" -> (D&B INGENIEROS CIVILES S.A.S. 100% - 0% - 0%- 0%) | E73: D&B INGENIEROS CIVILES S.A.S. | F73: 1 | M73: =F73+L73+J73+H73 -> 1 | N73: 3103104075 | P73: Carrera 15 a # 112 – 77 | Q73: dybingenierosciviles@gmail.com | R73: Bogotá D.C.
A74: 65 | B74: CONSORCIO INTERTRONCAL 2022 | C74: JORGE ALVARO SANCHEZ BLANCO | D74: ="("&E74&" "&TEXT(F74,"##0%")&" - "&G74&" "&TEXT(H74,"##0%")&" - "&I74&" "&TEXT(J74,"##0%")&"-"&K74&" "&TEXT(L74,"##0%")&")" -> (JASB PROYECTOS S.A.S 50% - ARM CONSULTING S.A.S. 50% - 0%- 0%) | E74: JASB PROYECTOS S.A.S | F74: 0.5 | G74: ARM CONSULTING S.A.S. | H74: 0.5 | M74: =F74+L74+J74+H74 -> 1 | N74: 3003053 | P74: Transversal 55 A # 115 A - 06 | Q74: comercial@jasb.com.co | R74: Bogotá D.C.
A75: 66 | B75: HMV SERVICIOS S.A.S | C75: OSCAR JIMÉNEZ CELY | D75: ="("&E75&" "&TEXT(F75,"##0%")&" - "&G75&" "&TEXT(H75,"##0%")&" - "&I75&" "&TEXT(J75,"##0%")&"-"&K75&" "&TEXT(L75,"##0%")&")" -> (HMV SERVICIOS S.A.S 100% - 0% - 0%- 0%) | E75: HMV SERVICIOS S.A.S | F75: 1 | M75: =F75+L75+J75+H75 -> 1 | N75: +57(601) 6439500 | P75: Calle 70 No. 7 – 30 Piso 4 | Q75: comercial2@h-mv.com; agonzalez@h-mv.com; ecristancho@h-mv.com | R75: Bogotá D.C.
A76: 67 | B76: CONSORCIO MALLA VIAL 2022 | C76: OMAR ALEXANDER GARCIA C. | D76: ="("&E76&" "&TEXT(F76,"##0%")&" - "&G76&" "&TEXT(H76,"##0%")&" - "&I76&" "&TEXT(J76,"##0%")&"-"&K76&" "&TEXT(L76,"##0%")&")" -> (FRONTERAS CONSTRUCTORA S.A.S. 50% - SIGT INGENIEROS Y CONSULTORES S.A.S. 50% - 0%- 0%) | E76: FRONTERAS CONSTRUCTORA S.A.S. | F76: 0.5 | G76: SIGT INGENIEROS Y CONSULTORES S.A.S. | H76: 0.5 | M76: =F76+L76+J76+H76 -> 1 | N76: 715 0016 | P76: CARRERA 70D # 48 – 40 | Q76: LICITACIONES.FRONTERAS.ING@GMAIL.COM | R76: Bogotá D.C.
A77: 68 | B77: CONSORCIO INCOL-ALEPH | C77: HENRY SANCHEZ RODRÍGUEZ | D77: ="("&E77&" "&TEXT(F77,"##0%")&" - "&G77&" "&TEXT(H77,"##0%")&" - "&I77&" "&TEXT(J77,"##0%")&"-"&K77&" "&TEXT(L77,"##0%")&")" -> (ALEPH INGENIERÍA Y CONSULTORÍA S.A.S. 60% - INGENIEROS CONSULTORES S.A. 40% - 0%- 0%) | E77: ALEPH INGENIERÍA Y CONSULTORÍA S.A.S. | F77: 0.6 | G77: INGENIEROS CONSULTORES S.A. | H77: 0.4 | M77: =F77+L77+J77+H77 -> 1 | N77: 6657793 | P77: Calle 49Norte N° 8AN-100 | Q77: propuestas@diconsultoriaingenieros.com | R77: Bogotá D.C.
A78: 69 | B78: CONSULTORES DEL OCCIDENTE SAS | C78: GERMAN ADOLFO PERDOMO PACHON | D78: ="("&E78&" "&TEXT(F78,"##0%")&" - "&G78&" "&TEXT(H78,"##0%")&" - "&I78&" "&TEXT(J78,"##0%")&"-"&K78&" "&TEXT(L78,"##0%")&")" -> (CONSULTORES DEL OCCIDENTE SAS 100% - 0% - 0%- 0%) | E78: CONSULTORES DEL OCCIDENTE SAS | F78: 1 | M78: =F78+L78+J78+H78 -> 1 | N78: 3118998898 | P78: Avenida Carrera 15 N° 122 – 75 Oficina 211 – 212 Torre A | Q78: consorciogap@hotmail.com | R78: Bogotá D.C.
A79: 70 | B79: CONSORCIO BOSA | C79: EDGAR A. SALAZAR B. | D79: ="("&E79&" "&TEXT(F79,"##0%")&" - "&G79&" "&TEXT(H79,"##0%")&" - "&I79&" "&TEXT(J79,"##0%")&"-"&K79&" "&TEXT(L79,"##0%")&")" -> (TOTALL S.A.S 70% - INFRAOBRAS INGENIERIA S.A.S 30% - 0%- 0%) | E79: TOTALL S.A.S | F79: 0.7 | G79: INFRAOBRAS INGENIERIA S.A.S | H79: 0.3 | M79: =F79+L79+J79+H79 -> 1 | N79: 311 200 46 25 | P79: Carrera 47 a No. 95-56 Oficina 406 | Q79: licitacionestotall@gmail.com | R79: Bogotá D.C.
A80: 71 | B80: CONSORCIO KALROY BOSA 04 | C80: CESAR AUGUSTO CAMARGO CAMARGO, | D80: ="("&E80&" "&TEXT(F80,"##0%")&" - "&G80&" "&TEXT(H80,"##0%")&" - "&I80&" "&TEXT(J80,"##0%")&"-"&K80&" "&TEXT(L80,"##0%")&")" -> (KALPA INGENIERIA SAS 95% - ROY INGENIERIA SAS 5% - 0%- 0%) | E80: KALPA INGENIERIA SAS | F80: 0.95 | G80: ROY INGENIERIA SAS | H80: 0.05 | M80: =F80+L80+J80+H80 -> 1 | N80: 6203317 | P80: CRA 15 A No 121-12 OFC 314 | Q80: kalpaingenieriasas@gmail.com | R80: Bogotá D.C.
A81: 72 | B81: UNIÓN TEMPORAL - RUTAS BOSA. | C81: NELCY PATRICIA MIRANDA OROZCO | D81: ="("&E81&" "&TEXT(F81,"##0%")&" - "&G81&" "&TEXT(H81,"##0%")&" - "&I81&" "&TEXT(J81,"##0%")&"-"&K81&" "&TEXT(L81,"##0%")&")" -> (ALVARO GARCIA PARRA AGP S.A.S 95% - PROINVERCOL D&R S.A.S 5% - 0%- 0%) | E81: ALVARO GARCIA PARRA AGP S.A.S | F81: 0.95 | G81: PROINVERCOL D&R S.A.S | H81: 0.05 | M81: =F81+L81+J81+H81 -> 1 | N81: 3177242760 | P81: CALLE 13Nº25-68 TORRE-1 OFI-1006 | Q81: ADMINISTRACION@PROINVERCOL.COM | R81: Bucaramanga
A82: 73 | B82: CONSORCIO AV | C82: VICTOR GUILLERMO RODRIGUEZ RAMIREZ | D82: ="("&E82&" "&TEXT(F82,"##0%")&" - "&G82&" "&TEXT(H82,"##0%")&" - "&I82&" "&TEXT(J82,"##0%")&"-"&K82&" "&TEXT(L82,"##0%")&")" -> (VICTOR GUILLERMO RODRIGUEZ RAMIREZ 95% - ASESORIAS TECNICAS LTDA "ASETEC" 5% - 0%- 0%) | E82: VICTOR GUILLERMO RODRIGUEZ RAMIREZ | F82: 0.95 | G82: ASESORIAS TECNICAS LTDA "ASETEC" | H82: 0.05 | M82: =F82+L82+J82+H82 -> 1 | N82: (8) 874448 | O82: (8) 874448 | P82: Carrera 7 No 16ª – 29 segundo Piso Quirinal | Q82: victorgrr1@gmail.com | R82: Neiva- Huila
A83: 74 | B83: CONSORCIO INGEVIAL | C83: MARÍA ELENA VERGARA CARRASCAL | D83: ="("&E83&" "&TEXT(F83,"##0%")&" - "&G83&" "&TEXT(H83,"##0%")&" - "&I83&" "&TEXT(J83,"##0%")&"-"&K83&" "&TEXT(L83,"##0%")&")" -> (LINO ANDRÉS MENDOZA VELASQUEZ 95% - CONSTRUCTORA OCEANA S.A.S 5% - 0%- 0%) | E83: LINO ANDRÉS MENDOZA VELASQUEZ | F83: 0.95 | G83: CONSTRUCTORA OCEANA S.A.S | H83: 0.05 | M83: =F83+L83+J83+H83 -> 1 | N83: 3017570570 | P83: Carrera 6 No. 65-24 oficina 323_x000D_ | Q83: mariaelenavergara24@hotmail.com | R83: Monteria-Cordoba
A84: 75 | B84: CONSORCIO INTERVENTORIA BOSA | C84: MARIA PATRICIA CALDERON QUINTERO | D84: ="("&E84&" "&TEXT(F84,"##0%")&" - "&G84&" "&TEXT(H84,"##0%")&" - "&I84&" "&TEXT(J84,"##0%")&"-"&K84&" "&TEXT(L84,"##0%")&")" -> (TECAL INGENIERIA SAS 5% - TECNICONSULTA SAS 95% - 0%- 0%) | E84: TECAL INGENIERIA SAS | F84: 0.05 | G84: TECNICONSULTA SAS | H84: 0.95 | M84: =F84+L84+J84+H84 -> 1 | N84: 3004201 | P84: Calle 116 # 23-06 Oficina 408 Business Center | Q84: licitaciones.tecniconsulta@gmail.com | R84: Bogota D.C.
A85: 76 | B85: CONSORCIO ING VIAL | C85: MARGOT YULIET SIERRA ECHAVARRIA | D85: ="("&E85&" "&TEXT(F85,"##0%")&" - "&G85&" "&TEXT(H85,"##0%")&" - "&I85&" "&TEXT(J85,"##0%")&"-"&K85&" "&TEXT(L85,"##0%")&")" -> (INGECINCO LTDA 95% - GRUPO ASV SAS 5% - 0%- 0%) | E85: INGECINCO LTDA | F85: 0.95 | G85: GRUPO ASV SAS | H85: 0.05 | M85: =F85+L85+J85+H85 -> 1 | N85: 300 427 95 66_x000D_ | O85: +57 (1) 756 95 32 | P85: CRA 78 # 11C-58 | Q85: grupoasvsas@gmail.com | R85: Bogota D.C.
A86: 77 | B86: CONSORCIO INTERVENTORES | C86: FABIAN ANDRES VALLEJO | D86: ="("&E86&" "&TEXT(F86,"##0%")&" - "&G86&" "&TEXT(H86,"##0%")&" - "&I86&" "&TEXT(J86,"##0%")&"-"&K86&" "&TEXT(L86,"##0%")&")" -> (COMPAÑIA CONSULTORA COLOMBIANA TRIPLE C SA 50% - VALLEJO H INGENIEROS CONSULTORES - CONSTRUCTORES S.A.S_x000D_ 50% - 0%- 0%) | E86: COMPAÑIA CONSULTORA COLOMBIANA TRIPLE C SA | F86: 0.5 | G86: VALLEJO H INGENIEROS CONSULTORES - CONSTRUCTORES S.A.S_x000D_ | H86: 0.5 | M86: =F86+L86+J86+H86 -> 1 | N86: 587901 -3112118551 | P86: Transversal 24 No.59-07 | Q86: vallejohingenieros@gmail.com_x000D_ | R86: Bogota D.C.
A87: 78 | B87: INGENIERIA Y CONSULTORIA INGECON SAS | C87: ANGELA MARIA DAVILA MORALES | D87: ="("&E87&" "&TEXT(F87,"##0%")&" - "&G87&" "&TEXT(H87,"##0%")&" - "&I87&" "&TEXT(J87,"##0%")&"-"&K87&" "&TEXT(L87,"##0%")&")" -> (INGENIERÍA Y CONSULTORÍA INGECON SAS 100% - 0% - 0%- 0%) | E87: INGENIERÍA Y CONSULTORÍA INGECON SAS | F87: 1 | M87: =F87+L87+J87+H87 -> 1 | N87: 4672384 | P87: Calle 148 # 7g-42 | Q87: propuestas@ingecon.com.co | R87: Bogota D.C.
A88: 79 | B88: INTERVENTORIA Y CONSTRUCIVILES SAS | C88: CARLOS ALBERTYO ARAMBULA CURREA | D88: ="("&E88&" "&TEXT(F88,"##0%")&" - "&G88&" "&TEXT(H88,"##0%")&" - "&I88&" "&TEXT(J88,"##0%")&"-"&K88&" "&TEXT(L88,"##0%")&")" -> (INTERVENTORIA Y CONSTRUCIVILES S.A.S. 100% - 0% - 0%- 0%) | E88: INTERVENTORIA Y CONSTRUCIVILES S.A.S. | F88: 1 | M88: =F88+L88+J88+H88 -> 1 | P88: CALLE 127 A # 07-19 | Q88: licitacionesintercon@gmail.com | R88: Bogota D.C.
A89: 80 | B89: CONSORCIO INTERVIAS BOSA -22 | C89: LUIS ALEXANDER SALAZAR GUTIERREZ | D89: ="("&E89&" "&TEXT(F89,"##0%")&" - "&G89&" "&TEXT(H89,"##0%")&" - "&I89&" "&TEXT(J89,"##0%")&"-"&K89&" "&TEXT(L89,"##0%")&")" -> (INGECONA S.A.S 48% - C.I.O. COMPAÑIA SAS 52% - 0%- 0%) | E89: INGECONA S.A.S | F89: 0.48 | G89: C.I.O. COMPAÑIA SAS | H89: 0.52 | M89: =F89+L89+J89+H89 -> 1 | N89: 3203204442 | O89: 6010134352 | P89: Carrera 82 No 25G-60 TORRE 5 OFI 501 | Q89: licitacionesproyectos@gmil.com | R89: Bogota D.C.
A90: 81 | B90: AYM CONSULTORIA SAS | C90: MARÍA MARLENY FLOREZ ARENAS | D90: ="("&E90&" "&TEXT(F90,"##0%")&" - "&G90&" "&TEXT(H90,"##0%")&" - "&I90&" "&TEXT(J90,"##0%")&"-"&K90&" "&TEXT(L90,"##0%")&")" -> (AYMCO SAS 100% - 0% - 0%- 0%) | E90: AYMCO SAS | F90: 1 | M90: =F90+L90+J90+H90 -> 1 | N90: 4400040 | O90: 4400040 | P90: CRA 43B # 16-95 OFC 1701, EDIFICIO CCI | Q90: aymco.sas@gmail.com_x000D_ | R90: Medellin, Antioquia
A91: 82 | B91: CONSORCIO NLA 2022 | C91: JORGE HERNANDO BELTRAN CATUMBA | D91: ="("&E91&" "&TEXT(F91,"##0%")&" - "&G91&" "&TEXT(H91,"##0%")&" - "&I91&" "&TEXT(J91,"##0%")&"-"&K91&" "&TEXT(L91,"##0%")&")" -> (NOGAALL SAS 70% - LITORAL CONSULTING SAS 25% - APP CONSULTORES & ESTRUCTURADORES SAS 5%- 0%) | E91: NOGAALL SAS | F91: 0.7 | G91: LITORAL CONSULTING SAS | H91: 0.25 | I91: APP CONSULTORES & ESTRUCTURADORES SAS | J91: 0.05 | M91: =F91+L91+J91+H91 -> 1 | N91: 3117620591 | P91: Calle 59ª Bis # 05- 53 Oficina 704 | Q91: contratacion@nogaall.com | R91: Bogota D.C.
A92: 83 | B92: CONSORCIO URBANO | C92: SANTIAGO PAEZ TALERO | D92: ="("&E92&" "&TEXT(F92,"##0%")&" - "&G92&" "&TEXT(H92,"##0%")&" - "&I92&" "&TEXT(J92,"##0%")&"-"&K92&" "&TEXT(L92,"##0%")&")" -> (INGENIERÍA, CONSULTORÍA Y PLANEACIÓN SA 70% - PAVIMENTOS Y GEOTECNIA SAS_x000D_ 30% - 0%- 0%) | E92: INGENIERÍA, CONSULTORÍA Y PLANEACIÓN SA | F92: 0.7 | G92: PAVIMENTOS Y GEOTECNIA SAS_x000D_ | H92: 0.3 | M92: =F92+L92+J92+H92 -> 1 | N92: 57-1 3215958 | P92: Calle 70 BIS # 4-60 Bario Rosales | Q92: licitaciones@incoplansa.com | R92: Bogota D.C.
A93: 84 | B93: CONSORCIO INTERVIAL AB 004 | C93: GUSTAVO PEREZ MARIÑO | D93: ="("&E93&" "&TEXT(F93,"##0%")&" - "&G93&" "&TEXT(H93,"##0%")&" - "&I93&" "&TEXT(J93,"##0%")&"-"&K93&" "&TEXT(L93,"##0%")&")" -> (INTERESTUDIOS INGENIERIA S.A.S 40% - GUSTAVO PÉREZ MARIÑO 60% - 0%- 0%) | E93: INTERESTUDIOS INGENIERIA S.A.S | F93: 0.4 | G93: GUSTAVO PÉREZ MARIÑO | H93: 0.6 | M93: =F93+L93+J93+H93 -> 1 | N93: 3192368299 - 3002093989 | P93: Carrera 13 No. 93-67 oficina 301_x000D_ | Q93: licitaciones.interestudios@outlook.com | R93: Bogota D.C.
A94: 85 | B94: CONSORCIO MALLA VIAL BOSA 22 | C94: Rexon Elías Prada Carrillo | D94: ="("&E94&" "&TEXT(F94,"##0%")&" - "&G94&" "&TEXT(H94,"##0%")&" - "&I94&" "&TEXT(J94,"##0%")&"-"&K94&" "&TEXT(L94,"##0%")&")" -> (DRC ASOCIADOS S.A.S 5% - S&C INGENIERIA S.A.S 95% - 0%- 0%) | E94: DRC ASOCIADOS S.A.S | F94: 0.05 | G94: S&C INGENIERIA S.A.S | H94: 0.95 | M94: =F94+L94+J94+H94 -> 1 | N94: 316 529 20 34 | P94: Calle 34 # 10 – 49, oficina 701 | Q94: gerenciadrcasociados@gmail.com_x000D_ | R94: Bucaramanga
A95: 86 | B95: TERRA INGENIEROS CIVILES SAS | C95: JORGE HERNANDO FORERO FORERO | D95: ="("&E95&" "&TEXT(F95,"##0%")&" - "&G95&" "&TEXT(H95,"##0%")&" - "&I95&" "&TEXT(J95,"##0%")&"-"&K95&" "&TEXT(L95,"##0%")&")" -> ( TERRA INGENIEROS CIVILES S.A.S 100% - 0% - 0%- 0%) | E95: TERRA INGENIEROS CIVILES S.A.S | F95: 1 | M95: =F95+L95+J95+H95 -> 1 | N95: 314 3618503 | P95: Avenida Carrera 15 # 100 ± 69 | Q95: terra.licitaciones@gmail.com | R95: Bogotá D.C.
A96: 87 | B96: CONSORCIO INTERVENTORIA BOSA | C96: Martin Alejandro Restrepo Atuesta_x000D_ | D96: ="("&E96&" "&TEXT(F96,"##0%")&" - "&G96&" "&TEXT(H96,"##0%")&" - "&I96&" "&TEXT(J96,"##0%")&"-"&K96&" "&TEXT(L96,"##0%")&")" -> (GPR INGENIERIA DE PROYECTOS DE INFRAESTRUCTURA S.A.S._x000D_ 5% - INFRAESTRUCTURAS E INGENIERIA GLOBAL S.A.S. 95% - 0%- 0%) | E96: GPR INGENIERIA DE PROYECTOS DE INFRAESTRUCTURA S.A.S._x000D_ | F96: 0.05 | G96: INFRAESTRUCTURAS E INGENIERIA GLOBAL S.A.S. | H96: 0.95 | M96: =F96+L96+J96+H96 -> 1 | N96: 715 00 16 | O96: 715 00 16 | P96: Carrera 70D # 48 – 40 | Q96: licitacionesingeproyin@gmail.com_x000D_ | R96: Bogotá D.C.
A97: 88 | B97: CONSORCIO VIAS URBANAS PCC | C97: PEDRO JOSE CORREDOR BECERRA | D97: ="("&E97&" "&TEXT(F97,"##0%")&" - "&G97&" "&TEXT(H97,"##0%")&" - "&I97&" "&TEXT(J97,"##0%")&"-"&K97&" "&TEXT(L97,"##0%")&")" -> (PEDRO JOSÉ CORREDOR BECERRA 50% - JORGE WILLAN CORZO GARCIA 20% - GERMAN ALONSO PUENTES GORDO 30%- 0%) | E97: PEDRO JOSÉ CORREDOR BECERRA | F97: 0.5 | G97: JORGE WILLAN CORZO GARCIA | H97: 0.2 | I97: GERMAN ALONSO PUENTES GORDO | J97: 0.3 | M97: =F97+L97+J97+H97 -> 1 | N97: 3144119353 | O97: (608) 7651948 | P97: Cra 15 No 16A - 14 Oficina 408 | Q97: licitaciones.incordispc@gmail.com - pedrocorredor.contabilidad@gmail.com | R97: Duitama (Boyacá)_x000D_
A98: 89 | B98: CONSORCIO CONEXION VIAL BOSA | C98: CESAR ASHLEY MORA BARNEY | D98: ="("&E98&" "&TEXT(F98,"##0%")&" - "&G98&" "&TEXT(H98,"##0%")&" - "&I98&" "&TEXT(J98,"##0%")&"-"&K98&" "&TEXT(L98,"##0%")&")" -> (2C INGENIEROS S.A. 60% - 2CC INGENIEROS S.A.S. 40% - 0%- 0%) | E98: 2C INGENIEROS S.A. | F98: 0.6 | G98: 2CC INGENIEROS S.A.S. | H98: 0.4 | M98: =F98+L98+J98+H98 -> 1 | N98: (1) 744 26 23 | O98: (1) 744 26 23 | P98: Carrera 4 No. 58 – 59, oficina 301_x000D_ | Q98: 2ccingenieros@gmail.com | R98: Bogotá D.C.
A99: 90 | B99: CONSORCIO INT. GQQI | C99: FABIAN VIVI MORALES | D99: ="("&E99&" "&TEXT(F99,"##0%")&" - "&G99&" "&TEXT(H99,"##0%")&" - "&I99&" "&TEXT(J99,"##0%")&"-"&K99&" "&TEXT(L99,"##0%")&")" -> (GRUPO QUIMBAYA INGENIEROS S.A.S_x000D_ 50% - GRUPO QUIMBAYA S.A.S 50% - 0%- 0%) | E99: GRUPO QUIMBAYA INGENIEROS S.A.S_x000D_ | F99: 0.5 | G99: GRUPO QUIMBAYA S.A.S | H99: 0.5 | M99: =F99+L99+J99+H99 -> 1 | N99: 3012428034 | P99: BRASILIA NUEVA MZ 9 CS 16 | Q99: comercial@grupoquimbaya.com_x000D_ | R99: Armenia (Quindío)_x000D_
A100: 91 | B100: DAM SOLUCIONES E INGENIERIA SAS | C100: JOHANNA IVETTE LOPEZ TINOCO | D100: ="("&E100&" "&TEXT(F100,"##0%")&" - "&G100&" "&TEXT(H100,"##0%")&" - "&I100&" "&TEXT(J100,"##0%")&"-"&K100&" "&TEXT(L100,"##0%")&")" -> (DAM SOLUCIONES E INGENIERIA S.A.S 100% - 0% - 0%- 0%) | E100: DAM SOLUCIONES E INGENIERIA S.A.S | F100: 1 | M100: =F100+L100+J100+H100 -> 1 | N100: 3015200672 | O100: 8058201 | P100: Diagonal 79a Bis #55B-35 Oficina 301 | Q100: gerencia@damsas.co | R100: Bogota D.C.
A101: 92 | B101: DPC INGENIEROS SAS | C101: CARLOS ERNESTO PERDOMO | D101: ="("&E101&" "&TEXT(F101,"##0%")&" - "&G101&" "&TEXT(H101,"##0%")&" - "&I101&" "&TEXT(J101,"##0%")&"-"&K101&" "&TEXT(L101,"##0%")&")" -> (DPC INGENIEROS SAS 100% - 0% - 0%- 0%) | E101: DPC INGENIEROS SAS | F101: 1 | M101: =F101+L101+J101+H101 -> 1 | N101: 7150016 | O101: 7150016 | P101: CRA. 70 D No. 48-40 | Q101: dpcingenieros@gmail.com | R101: Bogota D.C.
A102: 93 | B102: CONSORCIO INTERBOSA | C102: LUIGGI PUGLIESE MERCADO | D102: ="("&E102&" "&TEXT(F102,"##0%")&" - "&G102&" "&TEXT(H102,"##0%")&" - "&I102&" "&TEXT(J102,"##0%")&"-"&K102&" "&TEXT(L102,"##0%")&")" -> (ECOVIAS S.A.S 95% - TRANSVIAS SAS TRANSPORTES Y VIAS 5% - 0%- 0%) | E102: ECOVIAS S.A.S | F102: 0.95 | G102: TRANSVIAS SAS TRANSPORTES Y VIAS | H102: 0.05 | M102: =F102+L102+J102+H102 -> 1 | N102: 3185106058 | O102: 3126700442 | P102: CARRERA 45 N° 85-50 | Q102: gerenciacomercial@ecoviasas.com | R102: Barranquilla
A103: 94 | B103: CELQO S.A.S. | C103: ALEJANDRO ALBERTO TAMAYO RAMIREZ | D103: ="("&E103&" "&TEXT(F103,"##0%")&" - "&G103&" "&TEXT(H103,"##0%")&" - "&I103&" "&TEXT(J103,"##0%")&"-"&K103&" "&TEXT(L103,"##0%")&")" -> (CELQO S.A.S 100% - 0% - 0%- 0%) | E103: CELQO S.A.S | F103: 1 | M103: =F103+L103+J103+H103 -> 1 | N103: 3187665061 | O103: 4660395 | P103: AK 7 # 156-80 OFC 1504 | Q103: PROYECTOS@CELQO.COM AUXILIARLICITACIONESCELQO@GMAIL.COM | R103: Bogota D.C.
...

Sheet CHECK LIST
D1: FONDO DE DESARROLLO LOCAL DE BOSA
A2: FDLBOSACM-004-2022(71937)
A3: OBJETO: REALIZAR LA INTERVENTORÍA TÉCNICA, ADMINISTRATIVA, FINANCIERA, JURÍDICA, SOCIAL, AMBIENTAL Y SST AL CONTRATO DE OBRA PÚBLICA QUE TENDRÁ POR OBJETO CONTRAC-TUAL EJECUTAR POR EL SISTEMA DE PRECIOS UNITARIOS FIJOS SIN FORMULA DE REAJUSTE Y A MONTO AGOTABLE LAS ACTIVIDADES NECESARIAS PARA LA EJECUCIÓN DE LAS OBRAS DE CONSTRUCCIÓN DE MALLA VIAL Y ESPACIO PUBLICO ASOCIADO DE LA LOCALIDAD DE BOSA, DE ACUERDO CON LA DESCRIPCIÓN, ESPECIFICACIONES, ESTUDIOS, DISEÑOS Y DEMÁS CONDICIONES ESTABLECIDAS EN E ANEXO TECNICO
A5: LISTA DE CHEQUEO
C6: Carta de presentación | D6: Conformación de proponente plural | E6: Conformación de proponente plural | F6: Experiencia | G6: Puntaje de Industria Nacional | H6: ACEPTACIÓN Y CUMPLIMIENTO DE LA FORMACIÓN Y EXPERIENCIA DEL PERSONAL CLAVE_x000D_ | I6: PERSONAS DISCAPACIDAD | J6: EXPERIENCIA ADICIONAL DEL PERSONAL CLAVE EVALUABLE | K6: Factores de desempate | L6: Factores de desempate | M6: Factores de desempate | N6: PROPUESTA ECONOMICA
A7: No. | B7: PROPONENTE | C7: FORMATO 1 | D7: FORMATO 2A Consorcios | E7: FORMATO 2B U.T. | F7: FORMATO 3 | G7: FORMATO 7 | H7: FORMATO 8 | I7: FORMATO 6 | J7: FORMATO 9 | K7: FORMATO 10 A | L7: FORMATO 10 B | M7: FORMATO 10 C | N7: Formulario 1 | O7: OBSERVACIONES
A8: 1 | B8: ='INFO. PROP'!B10 -> SITELSA SAS | C8: SI | D8: N/A | E8: N/A | F8: SI | G8: SI | H8: SI | I8: SI | J8: SI | K8: NO | L8: NO | M8: NO | N8: SI
A9: 2 | B9: ='INFO. PROP'!B11 -> PROES INGENIERIA SAS | C9: SI | D9: N/A | E9: N/A | F9: SI | G9: SI | H9: SI | I9: NO | J9: SI | K9: NO | L9: NO | M9: NO | N9: SI
A10: 3 | B10: ='INFO. PROP'!B12 -> CB INGENIEROS SAS | C10: SI | D10: N/A | E10: N/A | F10: SI | G10: SI | H10: SI | I10: NO | J10: SI | K10: NO | L10: NO | M10: NO | N10: SI
A11: 4 | B11: ='INFO. PROP'!B13 -> JASEN CONSULTORES S.A.S. | C11: SI | D11: N/A | E11: N/A | F11: SI | G11: SI | H11: SI | I11: SI | J11: SI | K11: NO | L11: SI | M11: NO | N11: SI
A12: 5 | B12: ='INFO. PROP'!B14 -> BOSA SIGLO XXI | C12: SI | D12: SI | E12: N/A | F12: SI | G12: SI | H12: SI | I12: SI | J12: SI | K12: NO | L12: SI | M12: NO | N12: SI
A13: 6 | B13: ='INFO. PROP'!B15 -> CONSORCIO ODESSA | C13: SI | D13: SI | E13: N/A | F13: SI | G13: SI | H13: SI | I13: SI | J13: SI | K13: NO | L13: SI | M13: NO | N13: SI
A14: 7 | B14: ='INFO. PROP'!B16 -> CONSORCIO GMC | C14: SI | D14: SI | E14: N/A | F14: SI | G14: SI | H14: SI | I14: SI | J14: SI | K14: NO | L14: SI | M14: NO | N14: SI
A15: 8 | B15: ='INFO. PROP'!B17 -> CONSULTORES INTERVENTORES COLOMBIANOS S.A.S. | C15: SI | D15: N/A | E15: N/A | F15: SI | G15: SI | H15: SI | I15: SI | J15: SI | K15: SI | L15: SI | M15: NO | N15: SI
A16: 9 | B16: ='INFO. PROP'!B18 -> CONS GAB BOGOTA | C16: SI | D16: SI | E16: N/A | F16: SI | G16: SI | H16: SI | I16: SI | J16: SI | K16: NO | L16: NO | M16: NO | N16: SI
A17: 10 | B17: ='INFO. PROP'!B19 -> CONSORCIO MT 2022 BOSA | C17: SI | D17: SI | E17: N/A | F17: SI | G17: SI | H17: SI | I17: SI | J17: SI | K17: NO | L17: SI | M17: NO | N17: SI
A18: 11 | B18: ='INFO. PROP'!B20 -> VELNEC S.A. | C18: SI | D18: N/A | E18: N/A | F18: SI | G18: SI | H18: SI | I18: SI | J18: SI | K18: NO | L18: SI | M18: NO | N18: SI
A19: 12 | B19: ='INFO. PROP'!B21 -> CONSORCIO INTERVIAS CD | C19: SI | D19: SI | E19: N/A | F19: SI | G19: SI | H19: SI | I19: SI | J19: SI | K19: NO | L19: NO | M19: NO | N19: SI
... A47: 40 | B47: ='INFO. PROP'!B49 -> UT INTERVENTORIA BOSA 2022 | C47: SI | D47: N/A | E47: SI | F47: SI | G47: SI | H47: SI | I47: SI | J47: SI | K47: NO | L47: NO | M47: NO | N47: SI
A48: 41 | B48: ='INFO. PROP'!B50 -> PROYECTISTAS DE COLOMBIA & CIA SAS | C48: SI | D48: N/A | E48: N/A | F48: SI | G48: SI | H48: SI | I48: SI | J48: SI | K48: NO | L48: NO | M48: NO | N48: SI | O48: Aporta formato 10G acreditación mipyme
A49: 42 | B49: ='INFO. PROP'!B51 -> COMPAÑIA DE INTERVENTORIAS Y CONSULTORIAS DE LA COSTA SAS | C49: SI | D49: N/A | E49: N/A | F49: SI | G49: SI | H49: SI | I49: SI | J49: SI | K49: NO | L49: NO | M49: NO | N49: SI
A50: 43 | B50: ='INFO. PROP'!B52 -> CONSORCIO INTERBOSA 2022 | C50: SI | D50: SI | E50: N/A | F50: SI | G50: SI | H50: SI | I50: SI | J50: SI | K50: NO | L50: NO | M50: NO | N50: SI
A51: 44 | B51: ='INFO. PROP'!B53 -> CONSORCIO ALMA-GILLI | C51: SI | D51: SI | E51: N/A | F51: SI | G51: SI | H51: SI | I51: SI | J51: SI | K51: NO | L51: SI | M51: NO | N51: SI | O51: Aporta formato 10G acreditación mipyme
A52: 45 | B52: ='INFO. PROP'!B54 -> Wilmer Junior Gomez Brito | C52: SI | D52: N/A | E52: N/A | F52: SI | G52: SI | H52: SI | I52: SI | J52: SI | K52: NO | L52: NO | M52: NO | N52: SI
A53: 46 | B53: ='INFO. PROP'!B55 -> CONSTRUCCIONES INTERVENTORIAS ISAZA INGENIERIA SAS | C53: SI | D53: N/A | E53: N/A | F53: SI | G53: SI | H53: SI | I53: SI | J53: SI | K53: NO | L53: SI | M53: SI | N53: SI
A54: 47 | B54: ='INFO. PROP'!B56 -> CONSORCIO BOSA INFRA-VIAL | C54: SI | D54: SI | E54: N/A | F54: SI | G54: SI | H54: SI | I54: SI | J54: SI | K54: NO | L54: SI | M54: NO | N54: SI | O54: Presenta Formato 10G y 10 H
A55: 48 | B55: ='INFO. PROP'!B57 -> CS BOSA JI 004 | C55: SI | D55: SI | E55: N/A | F55: SI | G55: SI | H55: SI | I55: SI | J55: SI | K55: NO | L55: SI | M55: NO | N55: SI | O55: Presenta Formato 10G y 10 H
A56: 49 | B56: ='INFO. PROP'!B58 -> ELSA MARIA RUEDA LANDINEZ INGENIERIA SAS | C56: SI | D56: N/A | E56: N/A | F56: SI | G56: SI | H56: SI | I56: SI | J56: SI | K56: NO | L56: SI | M56: NO | N56: SI | O56: Aporta formato 10G acreditación mipyme
A57: 50 | B57: ='INFO. PROP'!B59 -> CONSORCIO INTERBOGOTA B&B | C57: SI | D57: SI | E57: N/A | F57: SI | G57: SI | H57: SI | I57: SI | J57: SI | K57: NO | L57: SI | M57: NO | N57: SI
A58: 51 | B58: ='INFO. PROP'!B60 -> INTERVIAL BOGOTA | C58: SI | D58: SI | E58: N/A | F58: SI | G58: SI | H58: SI | I58: SI | J58: SI | K58: NO | L58: SI | M58: NO | N58: SI
A59: 52 | B59: ='INFO. PROP'!B61 -> CONSORCIO INTERCAPITAL | C59: SI | D59: SI | E59: N/A | F59: SI | G59: SI | H59: SI | I59: SI | J59: SI | K59: NO | L59: NO | M59: NO | N59: SI | O59: Aporta formato 10G acreditación mipyme
A60: 53 | B60: ='INFO. PROP'!B62 -> Proyectistas Asociados SAS | C60: SI | D60: N/A | E60: N/A | F60: SI | G60: SI | H60: SI | I60: SI | J60: SI | K60: NO | L60: SI | M60: NO | N60: SI
A61: 54 | B61: ='INFO. PROP'!B63 -> ESTUDIOS TECNICOS Y CONSTRUCCIONES SAS | C61: SI | D61: N/A | E61: N/A | F61: SI | G61: SI | H61: SI | I61: SI | J61: SI | K61: NO | L61: SI | M61: NO | N61: SI
A62: 55 | B62: ='INFO. PROP'!B64 -> CONSORCIO CG 2021 | C62: SI | D62: SI | E62: N/A | F62: SI | G62: SI | H62: SI | I62: SI | J62: SI | K62: NO | L62: NO | M62: NO | N62: SI
A63: 56 | B63: ='INFO. PROP'!B65 -> CONSORCIO VIAL BOSA | C63: SI | D63: SI | E63: N/A | F63: SI | G63: SI | H63: SI | I63: SI | J63: SI | K63: NO | L63: SI | M63: NO | N63: SI
A64: 57 | B64: ='INFO. PROP'!B66 -> R&MCONSTRUCCIONES E INTERVENTORIAS S.A.S | C64: SI | D64: N/A | E64: N/A | F64: SI | G64: SI | H64: SI | I64: SI | J64: SI | K64: NO | L64: NO | M64: NO | N64: SI
A65: 58 | B65: ='INFO. PROP'!B67 -> CONSORCIO POSSO INTERVIALES | C65: SI | D65: SI | E65: N/A | F65: SI | G65: SI | H65: SI | I65: SI | J65: SI | K65: NO | L65: NO | M65: NO | N65: SI
A66: 59 | B66: ='INFO. PROP'!B68 -> CONSORCIO EPSILON CAPITAL | C66: SI | D66: SI | E66: N/A | F66: SI | G66: SI | H66: SI | I66: SI | J66: SI | K66: NO | L66: NO | M66: NO | N66: SI
A67: 60 | B67: ='INFO. PROP'!B69 -> MIRS LATINOAMERICA S.A.S | C67: SI | D67: N/A | E67: N/A | F67: SI | G67: SI | H67: SI | I67: SI | J67: SI | K67: NO | L67: SI | M67: NO | N67: SI
A68: 61 | B68: ='INFO. PROP'!B70 -> TECNOLOGÍA DE NUEVAS MEDICIONES COLOMBIA S.A.S. | C68: SI | D68: SI | E68: N/A | F68: SI | G68: SI | H68: SI | I68: SI | J68: SI | K68: NO | L68: SI | M68: NO | N68: SI
A69: 62 | B69: ='INFO. PROP'!B71 -> CONSORCIO VIAS BOSA | C69: SI | D69: SI | E69: N/A | F69: SI | G69: SI | H69: SI | I69: SI | J69: SI | K69: NO | L69: SI | M69: NO | N69: SI
A70: 63 | B70: ='INFO. PROP'!B72 -> CONSORCIO VYO 2022 | C70: SI | D70: SI | E70: N/A | F70: SI | G70: SI | H70: SI | I70: SI | J70: SI | K70: NO | L70: NO | M70: NO | N70: SI
A71: 64 | B71: ='INFO. PROP'!B73 -> D&B INGENIEROS CIVILES S.A.S. | C71: SI | D71: N/A | E71: N/A | F71: SI | G71: SI | H71: SI | I71: SI | J71: SI | K71: NO | L71: NO | M71: NO | N71: SI
... A79: 72 | B79: ='INFO. PROP'!B81 -> UNIÓN TEMPORAL - RUTAS BOSA. | C79: SI | D79: N/A | E79: SI | F79: SI | G79: SI | H79: SI | I79: SI | J79: SI | K79: NO | L79: NO | M79: NO | N79: SI
A80: 73 | B80: ='INFO. PROP'!B82 -> CONSORCIO AV | C80: SI | D80: SI | E80: N/A | F80: SI | G80: SI | H80: SI | I80: NO | J80: SI | K80: NO | L80: NO | M80: NO | N80: SI | O80: ANEXA FORMATO 10G - ACREDITACIÓN MIPYME
A81: 74 | B81: ='INFO. PROP'!B83 -> CONSORCIO INGEVIAL | C81: SI | D81: SI | E81: N/A | F81: SI | G81: SI | H81: SI | I81: SI | J81: SI | K81: NO | L81: NO | M81: NO | N81: SI
A82: 75 | B82: ='INFO. PROP'!B84 -> CONSORCIO INTERVENTORIA BOSA | C82: SI | D82: SI | E82: N/A | F82: SI | G82: SI | H82: SI | I82: SI | J82: SI | K82: NO | L82: SI | M82: NO | N82: SI | O82: Anexo formatos 10B, 10D Y 10G
A83: 76 | B83: ='INFO. PROP'!B85 -> CONSORCIO ING VIAL | C83: SI | D83: SI | E83: N/A | F83: SI | G83: SI | H83: SI | I83: SI | J83: SI | K83: NO | L83: NO | M83: NO | N83: SI
A84: 77 | B84: ='INFO. PROP'!B86 -> CONSORCIO INTERVENTORES | C84: SI | D84: SI | E84: N/A | F84: SI | G84: SI | H84: SI | I84: SI | J84: SI | K84: NO | L84: NO | M84: NO | N84: SI
A85: 78 | B85: ='INFO. PROP'!B87 -> INGENIERIA Y CONSULTORIA INGECON SAS | C85: SI | D85: N/A | E85: N/A | F85: SI | G85: SI | H85: SI | I85: SI | J85: SI | K85: NO | L85: NO | M85: SI | N85: SI | O85: Anexa Formato 10C, Formato 10D, Formato 10G, Formato 10H
A86: 79 | B86: ='INFO. PROP'!B88 -> INTERVENTORIA Y CONSTRUCIVILES SAS | C86: SI | D86: N/A | E86: N/A | F86: SI | G86: SI | H86: SI | I86: SI | J86: SI | K86: NO | L86: NO | M86: NO | N86: SI
A87: 80 | B87: ='INFO. PROP'!B89 -> CONSORCIO INTERVIAS BOSA -22 | C87: SI | D87: SI | E87: N/A | F87: SI | G87: SI | H87: SI | I87: SI | J87: SI | K87: NO | L87: NO | M87: NO | N87: SI | O87: No anexa factores de desempate
A88: 81 | B88: ='INFO. PROP'!B90 -> AYM CONSULTORIA SAS | C88: SI | D88: N/A | E88: N/A | F88: SI | G88: SI | H88: SI | I88: SI | J88: SI | K88: NO | L88: SI | M88: NO | N88: SI | O88: Anexa Formato 10B, 10G Y 10H
A89: 82 | B89: ='INFO. PROP'!B91 -> CONSORCIO NLA 2022 | C89: SI | D89: SI | E89: N/A | F89: SI | G89: SI | H89: SI | I89: SI | J89: SI | K89: NO | L89: SI | M89: NO | N89: SI | O89: Anexa Formato 10B
A90: 83 | B90: ='INFO. PROP'!B92 -> CONSORCIO URBANO | C90: SI | D90: SI | E90: N/A | F90: SI | G90: SI | H90: SI | I90: SI | J90: SI | K90: NO | L90: NO | M90: NO | N90: SI | O90: Anexa formato 10 G
A91: 84 | B91: ='INFO. PROP'!B93 -> CONSORCIO INTERVIAL AB 004 | C91: SI | D91: SI | E91: N/A | F91: SI | G91: SI | H91: SI | I91: SI | J91: SI | K91: NO | L91: SI | M91: NO | N91: SI | O91: Anexa formato 10 B Y 10G
A92: 85 | B92: ='INFO. PROP'!B94 -> CONSORCIO MALLA VIAL BOSA 22 | C92: SI | D92: SI | E92: N/A | F92: SI | G92: SI | H92: SI | I92: SI | J92: SI | K92: NO | L92: NO | M92: NO | N92: SI
A93: 86 | B93: ='INFO. PROP'!B95 -> TERRA INGENIEROS CIVILES SAS | C93: SI | D93: N/A | E93: N/A | F93: SI | G93: SI | H93: SI | I93: SI | J93: SI | K93: NO | L93: SI | M93: NO | N93: SI | O93: Anexa formato 10B Y 10 G
A94: 87 | B94: ='INFO. PROP'!B96 -> CONSORCIO INTERVENTORIA BOSA | C94: SI | D94: N/A | E94: N/A | F94: SI | G94: SI | H94: SI | I94: SI | J94: SI | K94: NO | L94: NO | M94: NO | N94: SI
A95: 88 | B95: ='INFO. PROP'!B97 -> CONSORCIO VIAS URBANAS PCC | C95: SI | D95: SI | E95: N/A | F95: SI | G95: SI | H95: SI | I95: SI | J95: SI | K95: NO | L95: NO | M95: NO | N95: SI | O95: Aporta el formatos 10G
A96: 89 | B96: ='INFO. PROP'!B98 -> CONSORCIO CONEXION VIAL BOSA | C96: SI | D96: SI | E96: N/A | F96: SI | G96: SI | H96: SI | I96: SI | J96: SI | K96: NO | L96: NO | M96: NO | N96: SI
A97: 90 | B97: ='INFO. PROP'!B99 -> CONSORCIO INT. GQQI | C97: SI | D97: SI | E97: N/A | F97: SI | G97: SI | H97: SI | I97: SI | J97: SI | K97: NO | L97: NO | M97: NO | N97: SI
A98: 91 | B98: ='INFO. PROP'!B100 -> DAM SOLUCIONES E INGENIERIA SAS | C98: SI | D98: N/A | E98: N/A | F98: SI | G98: SI | H98: SI | I98: SI | J98: SI | K98: SI | L98: SI | M98: NO | N98: SI
A99: 92 | B99: ='INFO. PROP'!B101 -> DPC INGENIEROS SAS | C99: SI | D99: N/A | E99: N/A | F99: SI | G99: SI | H99: SI | I99: SI | J99: SI | K99: NO | L99: NO | M99: NO | N99: SI
A100: 93 | B100: ='INFO. PROP'!B102 -> CONSORCIO INTERBOSA | C100: SI | D100: SI | E100: N/A | F100: SI | G100: NO | H100: SI | I100: SI | J100: SI | K100: SI | L100: NO | M100: NO | N100: SI
A101: 94 | B101: ='INFO. PROP'!B103 -> CELQO S.A.S. | C101: SI | D101: N/A | E101: N/A | F101: SI | G101: SI | H101: SI | I101: SI | J101: SI | K101: SI | L101: NO | M101: NO | N101: SI
A102: 95 | B102: ='INFO. PROP'!B104 -> CIVILE AMC-INTERVENTORÍAS | C102: SI | D102: SI | E102: N/A | F102: SI | G102: SI | H102: SI | I102: SI | J102: SI | K102: NO | L102: NO | M102: NO | N102: NO
A103: 96 | B103: ='INFO. PROP'!B105 -> INTERSA S.A. | C103: SI | D103: N/A | E103: N/A | F103: SI | G103: SI | H103: SI | I103: SI | J103: SI | K103: NO | L103: NO | M103: NO | N103: NO

Sheet EXPER. PROP.
AF1: SMMLV
B2: Clasificación UNSPSC | C2: 801016 | AF2: 1990 | AG2: 41025
C3: 811015 | AF3: 1991 | AG3: 51720
C4: 811022 | AF4: 1992 | AG4: 65190
AF5: 1993 | AG5: 81510
AF6: 1994 | AG6: 98700
AF7: 1995 | AG7: 118934
C8: Presupuesto Oficial en $ | G8: 800053615 | H8: 0.75 | I8: 1.2 | J8: 1.5 | AF8: 1996 | AG8: 142125
C9: Presupuesto Oficial en SMMLV | G9: =+G8/VLOOKUP(YEAR(G13),Salarios!$B$2:$C$40,2,0) -> 800.05362 | H9: =+$G$9*H8 -> 600.04021 | I9: =+$G$9*I8 -> 960.06434 | J9: =+$G$9*J8 -> 1200.0804 | AF9: 1997 | AG9: 172005
C10: 1 vez el POE | G10: =+G9*1 -> 800.05362 | H10: 0.4 | I10: 0.4 | J10: 0.4 | AF10: 1998 | AG10: 203825
C11: 1 vez del POE | G11: =+G9*1 -> 800.05362 | H11: =H9*H10 -> 240.01608 | I11: =I9*I10 -> 384.02574 | J11: =J9*J10 -> 480.03217 | Q11: CUMPLE | R11: SI | AF11: 1999 | AG11: 236438
G12: 133 | Q12: NO CUMPLE | R12: NO | AF12: 2000 | AG12: 260100
C13: Fecha de cierre del proceso | G13: 44706 | Q13: SUBSANAR | AF13: 2001 | AG13: 286000
C14: 20% POE | G14: =+G9*0.2 -> 160.01072 | AF14: 2002 | AG14: 309000
Q15: HÁBIL | AF15: 2003 | AG15: 332000
Q16: NO HÁBIL | AF16: 2004 | AG16: 358000
B17: EXPERIENCIA SOLICITADA GENERAL Y ESPECIFICA DEL PROPONENTE (Formato No. 3) | Q17: SUBSANAR | AF17: 2005 | AG17: 381500
B18: GENERAL | C18: 1 | D18: INTERVENTORÍA A PROYECTOS DE: CONSTRUCCIÓN O REHABILITACIÓN O MEJORAMIENTO O REPAVIMENTACIÓN O PAVIMENTACIÓN DE INFRAESTRUCTURA VIAL PARA TRÁFICO VEHICULAR DE VÍAS URBANAS O VÍAS PRIMARIAS O SECUNDARIAS | AF18: 2006 | AG18: 408000
C19: Nota 1 | D19: Nota1: No se aceptará experiencia en contratos cuyo objeto o alcance sea exclusivamente en cualquiera de las siguientes actividades de obra a las cuales se realizó la interventoría: componentes de seguridad vial o semaforización o puentes. | AF19: 2007 | AG19: 433700
C20: Nota 2 | D20: Nota 2: No se aceptará experiencia cuya interventoría sea exclusivamente en afirmado. | AF20: 2008 | AG20: 461500
B21: ESPECIFICA | C21: 2 | D21: Por lo menos uno (1) de los contratos válidos aportados como experiencia general debe acreditar la interventoría a la intervención de la estructura de pavimento (asfáltico o hidráulico o articulado(adoquinado)) | AF21: 2009 | AG21: 496900
C22: 3 | D22: Adicionalmente, a través de uno (1) de los contratos válidos aportados como experiencia general debe acreditar la interventoría a la intervención de redes de servicios públicos. | AC22: 898354331 | AD22: =AC22/AG26 -> 1458.3674 | AF22: 2010 | AG22: 515000
AF23: 2011 | AG23: 535600
AF24: 2012 | AG24: 566700
AF25: 2013 | AG25: 589500
B26: 1 | C26: =VLOOKUP(B26,'INFO. PROP'!$A$9:$D$105,2,FALSE) -> SITELSA SAS | H26: INTEGRANTES | K26: =VLOOKUP(B26,'INFO. PROP'!$A$9:$E$105,4,FALSE) -> (SITELSA 100% - 0% - 0%- 0%) | V26: PROMEDIO | W26: =AVERAGE(W30:W35) -> 1127.077 | X26: EXPERIENCIA HABILITANTE Y PONDERABLE | Z26: CUMPLE | AA26: FORMATO 8 | AB26: CUMPLE | AF26: 2014 | AG26: 616000
AF27: 2015 | AG27: 644350
B28: CONTRATO | C28: NUMERO CONSECUTIVO DE CONTRATO APORTADO EN RUP | D28: EXPERIENCIA REQUERIDA | E28: ENTIDAD CONTRATANTE | F28: CONTRATO | I28: FORMA DE EJECUCIÓN | K28: INTEGRANTE QUE APORTA LA EXPERIENCIA | L28: FECHA DE INICIO (DIA/MES/AÑO) | M28: FECHA DE TERMINACIÓN (DIA/MES/AÑO) | N28: VALOR DEL CONTRATO APORTADO COP | O28: VALOR DEL CONTRATO APORTADO SMMLV | P28: CONTRATO EJECUTADO IDENTIFICADO CON EL UNSPSC | Q28: CRITERIO EXPERIENCIA CE-1 | R28: CRITERIO EXPERIENCIA CE-2 | S28: CRITERIO EXPERIENCIA CE-3 | U28: VALOR VERIFICADO SMMLV CONTRATO APORTADO | V28: EXPERIENCIA GENERAL Y ESPECIFICA | W28: CRITERIO EXPERIENCIA CE-4 | Y28: CRITERIO EXPERIENCIA CE-5 | Z28: CRITERIO EXPERIENCIA CE-6 | AA28: PERSONAL CLAVE | AC28: OBSERVACIONES | AF28: 2016 | AG28: 689455
F29: No. | G29: Objeto | I29: I - C - UT | J29: % PARTICIP | Q29: CLASIFICACIÓN UNSPSC | R29: Experiencia general requerida (10.1 Pliego de condiciones) | S29: NUMERAL 1 ( estructura de pavimentos) | T29: NUMERAL 2 ( redes Servicios publicos) | W29: VALOR DEL CONTRATO EN SMMLV DEL RUP AFECTADO POR PARTICIPACION | X29: VALOR CERTIFICADO (%) DEL POE SMMLV | Y29: FECHA DE TERMINACIÓN | Z29: 50% MINIMO EXPERIENCIA PROPONENTE PLURAL | AA29: FORMATO 8 -Aceptación y cumplimiento de la formación y experiencia del personal clave | AB29: VERIFICACIÓN | AF29: 2017 | AG29: 737717
B30: CONTRATO 1 | C30: 25 | D30: GENERAL Y ESPECIFICA | E30: MUNICIPIO DE LA JAGUA DE IBIRICO | F30: 331 DE 2014 | G30: INTERVENTORIA TECNICA, ADMINISTRATIVA Y FINANCIERA AMBIENTAL PARA EL PROYECTO: PLAN MAESTRO DE VIAS URBANAS FASE 1 PAVIMENTO RIGIDO LA JAGUA DE IBIRICO CESAR, DEPARTAMENTO DEL CESAR EN EL MUNICIPIO DE LA JAGUA DE IBIRICO, CESAR. | I30: C | J30: 0.7 | K30: SITELSA SAS | L30: 41899 | M30: 42445 | N30: 1110099884 | O30: 1610.11 | P30: 811015 | Q30: =IF(OR(P30=$C$2,P30=$C$3,P30=$C$4),"CUMPLE","NO CUMPLE") -> CUMPLE | R30: CUMPLE | S30: CUMPLE | T30: CUMPLE | U30: =IF(V30="SI",IF(M30="","",($J30*$N30)/(VLOOKUP(YEAR(M30),$AF$1:$AG$34,2,))),"") -> 1127.0785 | V30: SI | W30: =IF(V30="si",(J30*O30),(" ")) -> 1127.077 | X30: =W36/$G$11 -> 1.4087518 | Y30: =IF(M30="","",IF(M30<$G$13,"CUMPLE","NO CUMPLE")) -> CUMPLE | Z30: N/A | AA30: SI | AB30: =IF(AA30="si","CUMPLE","NO CUMPLE") -> CUMPLE | AF30: 2018 | AG30: 781242
B31: CONTRATO 2 | U31: =IF(T31="cumple",IF(M31="","",($J31*$N31)/(VLOOKUP(YEAR(M31),$AF$1:$AG$34,2,))),"") | W31: =IF(V31="si",(J31*O31),(" ")) | X31: =IF(W36=0,"",IF(X30>=100%,"CUMPLE","NO CUMPLE")) -> CUMPLE | Y31: =IF(M31="","",IF(M31<$G$13,"CUMPLE","NO CUMPLE")) | AF31: 2019 | AG31: 828116
B32: CONTRATO 3 | U32: =IF(T32="cumple",IF(M32="","",($J32*$N32)/(VLOOKUP(YEAR(M32),$AF$1:$AG$34,2,))),"") | W32: =IF(V32="si",(J32*O32),(" ")) | Y32: =IF(M32="","",IF(M32<$G$13,"CUMPLE","NO CUMPLE")) | AF32: 2020 | AG32: 877802
B33: CONTRATO 4 | U33: =IF(T33="cumple",IF(M33="","",($J33*$N33)/(VLOOKUP(YEAR(M33),$AF$1:$AG$34,2,))),"") | W33: =IF(V33="si",(J33*O33),(" ")) | Y33: =IF(M33="","",IF(M33<$G$13,"CUMPLE","NO CUMPLE")) | AF33: 2021 | AG33: 908526
B34: CONTRATO 5 | U34: =IF(T34="cumple",IF(M34="","",($J34*$N34)/(VLOOKUP(YEAR(M34),$AF$1:$AG$34,2,))),"") | W34: =IF(V34="si",(J34*O34),(" ")) | Y34: =IF(M34="","",IF(M34<$G$13,"CUMPLE","NO CUMPLE")) | AF34: 2022 | AG34: 1000000
B35: CONTRATO 6 | U35: =IF(T35="cumple",IF(M35="","",($J35*$N35)/(VLOOKUP(YEAR(M35),$AF$1:$AG$34,2,))),"") | W35: =IF(V35="si",(J35*O35),(" ")) | Y35: =IF(M35="","",IF(M35<$G$13,"CUMPLE","NO CUMPLE"))
T36: CONTRATOS | U36: =SUM(U30:U35) -> 1127.0785 | V36: =COUNTIF(V30:V35,"SI") -> 1 | W36: =SUM(W30:W35) -> 1127.077 | X36: =W36/V36 -> 1127.077
B39: 2 | C39: =VLOOKUP(B39,'INFO. PROP'!$A$9:$D$105,2,FALSE) -> PROES INGENIERIA SAS | H39: INTEGRANTES | K39: =VLOOKUP(B39,'INFO. PROP'!$A$9:$E$105,4,FALSE) -> (PROES INGENIERIA SAS 100% - 0% - 0%- 0%) | V39: PROMEDIO | W39: =AVERAGE(W43:W48) -> 689.77205 | X39: EXPERIENCIA HABILITANTE Y PONDERABLE | Z39: CUMPLE | AA39: FORMATO 8 | AB39: CUMPLE
B41: CONTRATO | C41: NUMERO CONSECUTIVO DE CONTRATO APORTADO EN RUP | D41: EXPERIENCIA REQUERIDA | E41: ENTIDAD CONTRATANTE | F41: CONTRATO | I41: FORMA DE EJECUCIÓN | K41: INTEGRANTE QUE APORTA LA EXPERIENCIA | L41: FECHA DE INICIO (DIA/MES/AÑO) | M41: FECHA DE TERMINACIÓN (DIA/MES/AÑO) | N41: VALOR DEL CONTRATO APORTADO COP | O41: VALOR DEL CONTRATO APORTADO SMMLV | P41: CONTRATO EJECUTADO IDENTIFICADO CON EL UNSPSC | Q41: CRITERIO EXPERIENCIA CE-1 | R41: CRITERIO EXPERIENCIA CE-2 | S41: CRITERIO EXPERIENCIA CE-3 | U41: VALOR VERIFICADO SMMLV CONTRATO APORTADO | V41: EXPERIENCIA GENERAL Y ESPECIFICA | W41: CRITERIO EXPERIENCIA CE-4 | Y41: CRITERIO EXPERIENCIA CE-5 | Z41: CRITERIO EXPERIENCIA CE-6 | AA41: PERSONAL CLAVE | AC41: OBSERVACIONES
F42: No. | G42: Objeto | I42: I - C - UT | J42: % PARTICIP | Q42: CLASIFICACIÓN UNSPSC | R42: Experiencia general requerida (10.1 Pliego de condiciones) | S42: NUMERAL 1 ( estructura de pavimentos) | T42: NUMERAL 2 ( redes Servicios publicos) | W42: VALOR DEL CONTRATO EN SMMLV DEL RUP AFECTADO POR PARTICIPACION | X42: VALOR CERTIFICADO (%) DEL POE SMMLV | Y42: FECHA DE TERMINACIÓN | Z42: 50% MINIMO EXPERIENCIA PROPONENTE PLURAL | AA42: FORMATO 8 -Aceptación y cumplimiento de la formación y experiencia del personal clave | AB42: VERIFICACIÓN
B43: CONTRATO 1 | C43: 33 | D43: GENERAL Y ESPECIFICA | E43: Dirección General de Carreteras del Estado - Ministerio de Fomento | G43: Trabajos de control y vigilancia de la obra clave 20-CO-3140 "Acondicionamiento N-432 de Bajadoz a Granada, p.k. 238,1 al 245,2. Tramo: Cuesta de Matanzas - Cerro Muriano. Provincia de Córdoba"_x000D_ | I43: c | J43: 0.5 | K43: PROES INGENIERIA | L43: 38265 | M43: 39429 | N43: 1104103278 | O43: 2593.3 | P43: 811015 | Q43: =IF(OR(P43=$C$2,P43=$C$3,P43=$C$4),"CUMPLE","NO CUMPLE") -> CUMPLE | R43: CUMPLE | S43: CUMPLE | U43: =IF(V43="SI",IF(M43="","",($J43*$N43)/(VLOOKUP(YEAR(M43),$AF$1:$AG$34,2,))),"") -> 1272.8883 | V43: SI | W43: =IF(V43="si",(J43*O43),(" ")) -> 1296.65 | X43: =W49/$G$11 -> 1.7243146 | Y43: =IF(M43="","",IF(M43<$G$13,"CUMPLE","NO CUMPLE")) -> CUMPLE | Z43: N/A | AA43: SI | AB43: =IF(AA43="si","CUMPLE","NO CUMPLE") -> CUMPLE
B44: CONTRATO 2 | C44: 73 | D44: GENERAL Y ESPECIFICA | E44: nstituto Nacional de Vías - INVIAS | F44: 1739 - 2015 | G44: Interventoría para el mejoramiento, gestión predial, social y ambiental de la vía Quibdó - Medellín sector Quibdó - El Dieciocho para el programa "Vías para la Equidad" | I44: c | J44: 0.01 | K44: PROES INGENIERIA | L44: 42403 | M44: 43585 | N44: 6745190834 | O44: 8289.41 | P44: 811015 | Q44: =IF(OR(P44=$C$2,P44=$C$3,P44=$C$4),"CUMPLE","NO CUMPLE") -> CUMPLE | R44: CUMPLE | S44: CUMPLE | T44: CUMPLE | U44: =IF(T44="cumple",IF(M44="","",($J44*$N44)/(VLOOKUP(YEAR(M44),$AF$1:$AG$34,2,))),"") -> 81.452246 | V44: SI | W44: =IF(V44="si",(J44*O44),(" ")) -> 82.8941 | X44: =IF(W49=0,"",IF(X43>=100%,"CUMPLE","NO CUMPLE")) -> CUMPLE | Y44: =IF(M44="","",IF(M44<$G$13,"CUMPLE","NO CUMPLE")) -> CUMPLE
B45: CONTRATO 3 | U45: =IF(T45="cumple",IF(M45="","",($J45*$N45)/(VLOOKUP(YEAR(M45),$AF$1:$AG$34,2,))),"") | W45: =IF(V45="si",(J45*O45),(" ")) | Y45: =IF(M45="","",IF(M45<$G$13,"CUMPLE","NO CUMPLE"))
B46: CONTRATO 4 | U46: =IF(T46="cumple",IF(M46="","",($J46*$N46)/(VLOOKUP(YEAR(M46),$AF$1:$AG$34,2,))),"") | W46: =IF(V46="si",(J46*O46),(" ")) | Y46: =IF(M46="","",IF(M46<$G$13,"CUMPLE","NO CUMPLE"))
B47: CONTRATO 5 | U47: =IF(T47="cumple",IF(M47="","",($J47*$N47)/(VLOOKUP(YEAR(M47),$AF$1:$AG$34,2,))),"") | W47: =IF(V47="si",(J47*O47),(" ")) | Y47: =IF(M47="","",IF(M47<$G$13,"CUMPLE","NO CUMPLE"))
B48: CONTRATO 6 | U48: =IF(T48="cumple",IF(M48="","",($J48*$N48)/(VLOOKUP(YEAR(M48),$AF$1:$AG$34,2,))),"") | W48: =IF(V48="si",(J48*O48),(" ")) | Y48: =IF(M48="","",IF(M48<$G$13,"CUMPLE","NO CUMPLE"))
T49: CONTRATOS | U49: =SUM(U43:U48) -> 1354.3405 | V49: =COUNTIF(V43:V48,"SI") -> 2 | W49: =SUM(W43:W48) -> 1379.5441 | X49: =W49/V49 -> 689.77205
B52: 3 | C52: =VLOOKUP(B52,'INFO. PROP'!$A$9:$D$105,2,FALSE) -> CB INGENIEROS SAS | H52: INTEGRANTES | K52: =VLOOKUP(B52,'INFO. PROP'!$A$9:$E$105,4,FALSE) -> (CB INGENIEROS S.A.S 100% - 0% - 0%- 0%) | V52: PROMEDIO | W52: =AVERAGE(W56:W61) -> 1100.5033 | X52: EXPERIENCIA HABILITANTE Y PONDERABLE | Z52: CUMPLE | AA52: FORMATO 8 | AB52: CUMPLE
B54: CONTRATO | C54: NUMERO CONSECUTIVO DE CONTRATO APORTADO EN RUP | D54: EXPERIENCIA REQUERIDA | E54: ENTIDAD CONTRATANTE | F54: CONTRATO | I54: FORMA DE EJECUCIÓN | K54: INTEGRANTE QUE APORTA LA EXPERIENCIA | L54: FECHA DE INICIO (DIA/MES/AÑO) | M54: FECHA DE TERMINACIÓN (DIA/MES/AÑO) | N54: VALOR DEL CONTRATO APORTADO COP | O54: VALOR DEL CONTRATO APORTADO SMMLV | P54: CONTRATO EJECUTADO IDENTIFICADO CON EL UNSPSC | Q54: CRITERIO EXPERIENCIA CE-1 | R54: CRITERIO EXPERIENCIA CE-2 | S54: CRITERIO EXPERIENCIA CE-3 | U54: VALOR VERIFICADO SMMLV CONTRATO APORTADO | V54: EXPERIENCIA GENERAL Y ESPECIFICA | W54: CRITERIO EXPERIENCIA CE-4 | Y54: CRITERIO EXPERIENCIA CE-5 | Z54: CRITERIO EXPERIENCIA CE-6 | AA54: PERSONAL CLAVE | AC54: OBSERVACIONES
F55: No. | G55: Objeto | I55: I - C - UT | J55: % PARTICIP | Q55: CLASIFICACIÓN UNSPSC | R55: Experiencia general requerida (10.1 Pliego de condiciones) | S55: NUMERAL 1 ( estructura de pavimentos) | T55: NUMERAL 2 ( redes Servicios publicos) | W55: VALOR DEL CONTRATO EN SMMLV DEL RUP AFECTADO POR PARTICIPACION | X55: VALOR CERTIFICADO (%) DEL POE SMMLV | Y55: FECHA DE TERMINACIÓN | Z55: 50% MINIMO EXPERIENCIA PROPONENTE PLURAL | AA55: FORMATO 8 -Aceptación y cumplimiento de la formación y experiencia del personal clave | AB55: VERIFICACIÓN
B56: CONTRATO 1 | C56: 62 | D56: GENERAL | E56: Secretaría de Obras Públicas de Bogotá | F56: 1-061/95 | G56: Interventoría y diseños para la construcción vías en pavimento flexible | I56: I | J56: 1 | K56: CB INGENIEROS SAS | L56: 35024 | M56: 35182 | N56: 10776371 | O56: 75.82 | P56: 811015 | Q56: =IF(OR(P56=$C$2,P56=$C$3,P56=$C$4),"CUMPLE","NO CUMPLE") -> CUMPLE | R56: CUMPLE | U56: =IF(V56="SI",IF(M56="","",($J56*$N56)/(VLOOKUP(YEAR(M56),$AF$1:$AG$34,2,))),"") -> 75.823191 | V56: SI | W56: =IF(V56="si",(J56*O56),(" ")) -> 75.82 | X56: =W62/$G$11 -> 4.1266109 | Y56: =IF(M56="","",IF(M56<$G$13,"CUMPLE","NO CUMPLE")) -> CUMPLE | Z56: N/A | AA56: SI | AB56: =IF(AA56="si","CUMPLE","NO CUMPLE") -> CUMPLE
B57: CONTRATO 2 | C57: 8 | D57: GENERAL | E57: Instituto de Desarrollo Urbano - IDU_x0002_ | F57: 034/96 | G57: Interventoría Técnica y Administrativa para la construcción de las vías de acceso a barrios en la Localidad de Usme, así: Acceso UE-3 (Barrios El Virrey y Los Comuneros), Acceso UE-5 (Barrios Alfonso López, La Reforma, La Alborada y El Progreso), Acceso UE-6 (Barrios Serranías, Lorenzo Alcantuz y Antonio José de Sucre) y Acceso UE-8 (Barrios El Danubio y La Fiscala), en Bogotá | I57: I | J57: 1 | K57: CB INGENIEROS SAS | L57: 35177 | M57: 35563 | N57: 384734738 | O57: 2236.76 | P57: 811015 | Q57: =IF(OR(P57=$C$2,P57=$C$3,P57=$C$4),"CUMPLE","NO CUMPLE") -> CUMPLE | R57: CUMPLE | T57: CUMPLE | U57: =IF(V57="SI",IF(M57="","",($J57*$N57)/(VLOOKUP(YEAR(M57),$AF$1:$AG$34,2,))),"") -> 2236.7648 | V57: SI | W57: =IF(V57="si",(J57*O57),(" ")) -> 2236.76 | X57: =IF(W62=0,"",IF(X56>=100%,"CUMPLE","NO CUMPLE")) -> CUMPLE | Y57: =IF(M57="","",IF(M57<$G$13,"CUMPLE","NO CUMPLE")) -> CUMPLE
B58: CONTRATO 3 | C58: 12 | D58: ESPECIFICA | E58: Instituto de Desarrollo Urbano - IDU_x0002_ | F58: 315/99 | G58: Interventoría técnica y administrativa para el contrato de construcción, a precio global fijo sin reajustes de la Carrera 39 entre Avenida de Los Comuneros y Calle 13, en Bogotá. | I58: I | J58: 1 | K58: CB INGENIEROS SAS | L58: 36311 | M58: 36556 | N58: 257221252 | O58: 988.93 | P58: 811015 | Q58: =IF(OR(P58=$C$2,P58=$C$3,P58=$C$4),"CUMPLE","NO CUMPLE") -> CUMPLE | S58: CUMPLE | T58: CUMPLE | U58: =IF(V58="SI",IF(M58="","",($J58*$N58)/(VLOOKUP(YEAR(M58),$AF$1:$AG$34,2,))),"") -> 988.93215 | V58: SI | W58: =IF(V58="si",(J58*O58),(" ")) -> 988.93 | Y58: =IF(M58="","",IF(M58<$G$13,"CUMPLE","NO CUMPLE")) -> CUMPLE
B59: CONTRATO 4 | U59: =IF(V59="SI",IF(M59="","",($J59*$N59)/(VLOOKUP(YEAR(M59),$AF$1:$AG$34,2,))),"") | W59: =IF(V59="si",(J59*O59),(" ")) | Y59: =IF(M59="","",IF(M59<$G$13,"CUMPLE","NO CUMPLE"))
B60: CONTRATO 5 | U60: =IF(V60="SI",IF(M60="","",($J60*$N60)/(VLOOKUP(YEAR(M60),$AF$1:$AG$34,2,))),"") | W60: =IF(V60="si",(J60*O60),(" ")) | Y60: =IF(M60="","",IF(M60<$G$13,"CUMPLE","NO CUMPLE"))
B61: CONTRATO 6 | U61: =IF(V61="SI",IF(M61="","",($J61*$N61)/(VLOOKUP(YEAR(M61),$AF$1:$AG$34,2,))),"") | W61: =IF(V61="si",(J61*O61),(" ")) | Y61: =IF(M61="","",IF(M61<$G$13,"CUMPLE","NO CUMPLE"))
T62: CONTRATOS | U62: =SUM(U56:U61) -> 3301.5202 | V62: =COUNTIF(V56:V61,"SI") -> 3 | W62: =SUM(W56:W61) -> 3301.51 | X62: =W62/V62 -> 1100.5033
B65: 4 | C65: =VLOOKUP(B65,'INFO. PROP'!$A$9:$D$105,2,FALSE) -> JASEN CONSULTORES S.A.S. | H65: INTEGRANTES | K65: =VLOOKUP(B65,'INFO. PROP'!$A$9:$E$105,4,FALSE) -> (JASEN CONSULTORES S.A.S. 100% - 0% - 0%- 0%) | V65: PROMEDIO | W65: =AVERAGE(W69:W74) -> 1078.91 | X65: EXPERIENCIA HABILITANTE Y PONDERABLE | Z65: CUMPLE | AA65: FORMATO 8 | AB65: CUMPLE
B67: CONTRATO | C67: NUMERO CONSECUTIVO DE CONTRATO APORTADO EN RUP | D67: EXPERIENCIA REQUERIDA | E67: ENTIDAD CONTRATANTE | F67: CONTRATO | I67: FORMA DE EJECUCIÓN | K67: INTEGRANTE QUE APORTA LA EXPERIENCIA | L67: FECHA DE INICIO (DIA/MES/AÑO) | M67: FECHA DE TERMINACIÓN (DIA/MES/AÑO) | N67: VALOR DEL CONTRATO APORTADO COP | O67: VALOR DEL CONTRATO APORTADO SMMLV | P67: CONTRATO EJECUTADO IDENTIFICADO CON EL UNSPSC | Q67: CRITERIO EXPERIENCIA CE-1 | R67: CRITERIO EXPERIENCIA CE-2 | S67: CRITERIO EXPERIENCIA CE-3 | U67: VALOR VERIFICADO SMMLV CONTRATO APORTADO | V67: EXPERIENCIA GENERAL Y ESPECIFICA | W67: CRITERIO EXPERIENCIA CE-4 | Y67: CRITERIO EXPERIENCIA CE-5 | Z67: CRITERIO EXPERIENCIA CE-6 | AA67: PERSONAL CLAVE | AC67: OBSERVACIONES
F68: No. | G68: Objeto | I68: I - C - UT | J68: % PARTICIP | Q68: CLASIFICACIÓN UNSPSC | R68: Experiencia general requerida (10.1 Pliego de condiciones) | S68: NUMERAL 1 ( estructura de pavimentos) | T68: NUMERAL 2 ( redes Servicios publicos) | W68: VALOR DEL CONTRATO EN SMMLV DEL RUP AFECTADO POR PARTICIPACION | X68: VALOR CERTIFICADO (%) DEL POE SMMLV | Y68: FECHA DE TERMINACIÓN | Z68: 50% MINIMO EXPERIENCIA PROPONENTE PLURAL | AA68: FORMATO 8 -Aceptación y cumplimiento de la formación y experiencia del personal clave | AB68: VERIFICACIÓN
B69: CONTRATO 1 | C69: 118 | D69: GENERAL Y ESPECIFICA | E69: CAJA DE VIVIENDA POPULAR | F69: 707 DE 2017 | G69: INTERVENTORIA TECNICA, ADMINISTRATIVA, FINANCIERA, SOCIAL, JURIDICA, AMBIENTAL Y SSTMA PARA LAS OBRAS DE INTERVENCION FISICA A ESCALA BARRIAL CONSISTENTES EN LA CONSTRUCCION DE LOS TRAMOS VIALES UBICADOS EN LA CIUDAD DE BOGOTA D.C. | I69: c | J69: 0.7 | K69: JASEN CONSULTORES | L69: 43145 | M69: 43386 | N69: 687877120 | O69: 880.49 | P69: 811015 | Q69: =IF(OR(P69=$C$2,P69=$C$3,P69=$C$4),"CUMPLE","NO CUMPLE") -> CUMPLE | R69: CUMPLE | S69: CUMPLE | T69: CUMPLE | U69: =IF(V69="SI",IF(M69="","",($J69*$N69)/(VLOOKUP(YEAR(M69),$AF$1:$AG$34,2,))),"") -> 616.34421 | V69: SI | W69: =IF(V69="si",(J69*O69),(" ")) -> 616.343 | X69: =W75/$G$11 -> 4.0456414 | Y69: =IF(M69="","",IF(M69<$G$13,"CUMPLE","NO CUMPLE")) -> CUMPLE | Z69: N/A | AA69: SI | AB69: =IF(AA69="si","CUMPLE","NO CUMPLE") -> CUMPLE
B70: CONTRATO 2 | C70: 3 | D70: GENERAL Y ESPECIFICA | E70: IDEA | F70: 0741 DE 2011 | G70: INTERVENTORIA TECNICA, ADMINISTRATIVA, FINANCIERA Y AMBIENTAL AL CONTRATO DE OBRA CONSTRUCCION Y PAVIMENTACION DE LA CARRETERA BADILLO (CESAR) ‐ SAN JUAN DE CESAR (GUAJIRA), SECTOR PR38+250 ‐ PR52+674, RUTA 49 | I70: c | J70: 0.7 | K70: JASEN CONSULTORES | L70: 40961 | M70: 41273 | N70: 767577527 | O70: 1352.65 | P70: 811015 | Q70: =IF(OR(P70=$C$2,P70=$C$3,P70=$C$4),"CUMPLE","NO CUMPLE") -> CUMPLE | R70: CUMPLE | S70: CUMPLE | U70: =IF(V70="SI",IF(M70="","",($J70*$N70)/(VLOOKUP(YEAR(M70),$AF$1:$AG$34,2,))),"") -> 948.12823 | V70: SI | W70: =IF(V70="si",(J70*O70),(" ")) -> 946.855 | X70: =IF(W75=0,"",IF(X69>=100%,"CUMPLE","NO CUMPLE")) -> CUMPLE | Y70: =IF(M70="","",IF(M70<$G$13,"CUMPLE","NO CUMPLE")) -> CUMPLE
B71: CONTRATO 3 | C71: 1 | D71: GENERAL Y ESPECIFICA | E71: GOBERNACION DE SANTANDER | F71: 2025 DE 2009 | G71: INTERVENTORIA A LA REHABILITACION DE LA VIA LA RENTA‐SAN VICENTE SECTOR K26+000 AL K44+000, DEL MUNICIPIO DE SAN VICENTE DE CHUCURI, DEPARTAMENTO DE SANTANDER | I71: c | J71: 0.7 | K71: JASEN CONSULTORES | L71: 40219 | M71: 41199 | N71: 1354843088 | O71: 2390.76 | P71: 811015 | Q71: =IF(OR(P71=$C$2,P71=$C$3,P71=$C$4),"CUMPLE","NO CUMPLE") -> CUMPLE | R71: CUMPLE | S71: CUMPLE | U71: =IF(V71="SI",IF(M71="","",($J71*$N71)/(VLOOKUP(YEAR(M71),$AF$1:$AG$34,2,))),"") -> 1673.5313 | V71: SI | W71: =IF(V71="si",(J71*O71),(" ")) -> 1673.532 | Y71: =IF(M71="","",IF(M71<$G$13,"CUMPLE","NO CUMPLE")) -> CUMPLE
B72: CONTRATO 4 | U72: =IF(V72="SI",IF(M72="","",($J72*$N72)/(VLOOKUP(YEAR(M72),$AF$1:$AG$34,2,))),"") | W72: =IF(V72="si",(J72*O72),(" ")) | Y72: =IF(M72="","",IF(M72<$G$13,"CUMPLE","NO CUMPLE"))
B73: CONTRATO 5 | U73: =IF(V73="SI",IF(M73="","",($J73*$N73)/(VLOOKUP(YEAR(M73),$AF$1:$AG$34,2,))),"") | W73: =IF(V73="si",(J73*O73),(" ")) | Y73: =IF(M73="","",IF(M73<$G$13,"CUMPLE","NO CUMPLE"))
B74: CONTRATO 6 | U74: =IF(V74="SI",IF(M74="","",($J74*$N74)/(VLOOKUP(YEAR(M74),$AF$1:$AG$34,2,))),"") | W74: =IF(V74="si",(J74*O74),(" ")) | Y74: =IF(M74="","",IF(M74<$G$13,"CUMPLE","NO CUMPLE"))
T75: CONTRATOS | U75: =SUM(U69:U74) -> 3238.0037 | V75: =COUNTIF(V69:V74,"SI") -> 3 | W75: =SUM(W69:W74) -> 3236.73 | X75: =W75/V75 -> 1078.91
B78: 5 | C78: =VLOOKUP(B78,'INFO. PROP'!$A$9:$D$105,2,FALSE) -> BOSA SIGLO XXI | H78: INTEGRANTES | K78: =VLOOKUP(B78,'INFO. PROP'!$A$9:$E$105,4,FALSE) -> (INGENIERIA DE PROYECTOS S.A.S. 50% - INGECO INGENIERIA DE CONSTRUCCIONES S.A.S_x000D_ 50% - 0%- 0%) | V78: PROMEDIO | W78: =AVERAGE(W82:W87) -> 1139.035 | X78: EXPERIENCIA HABILITANTE Y PONDERABLE | Z78: CUMPLE | AA78: FORMATO 8 | AB78: CUMPLE
B80: CONTRATO | C80: NUMERO CONSECUTIVO DE CONTRATO APORTADO EN RUP | D80: EXPERIENCIA REQUERIDA | E80: ENTIDAD CONTRATANTE | F80: CONTRATO | I80: FORMA DE EJECUCIÓN | K80: INTEGRANTE QUE APORTA LA EXPERIENCIA | L80: FECHA DE INICIO (DIA/MES/AÑO) | M80: FECHA DE TERMINACIÓN (DIA/MES/AÑO) | N80: VALOR DEL CONTRATO APORTADO COP | O80: VALOR DEL CONTRATO APORTADO SMMLV | P80: CONTRATO EJECUTADO IDENTIFICADO CON EL UNSPSC | Q80: CRITERIO EXPERIENCIA CE-1 | R80: CRITERIO EXPERIENCIA CE-2 | S80: CRITERIO EXPERIENCIA CE-3 | U80: VALOR VERIFICADO SMMLV CONTRATO APORTADO | V80: EXPERIENCIA GENERAL Y ESPECIFICA | W80: CRITERIO EXPERIENCIA CE-4 | Y80: CRITERIO EXPERIENCIA CE-5 | Z80: CRITERIO EXPERIENCIA CE-6 | AA80: PERSONAL CLAVE | AC80: OBSERVACIONES
F81: No. | G81: Objeto | I81: I - C - UT | J81: % PARTICIP | Q81: CLASIFICACIÓN UNSPSC | R81: Experiencia general requerida (10.1 Pliego de condiciones) | S81: NUMERAL 1 ( estructura de pavimentos) | T81: NUMERAL 2 ( redes Servicios publicos) | W81: VALOR DEL CONTRATO EN SMMLV DEL RUP AFECTADO POR PARTICIPACION | X81: VALOR CERTIFICADO (%) DEL POE SMMLV | Y81: FECHA DE TERMINACIÓN | Z81: 50% MINIMO EXPERIENCIA PROPONENTE PLURAL | AA81: FORMATO 8 -Aceptación y cumplimiento de la formación y experiencia del personal clave | AB81: VERIFICACIÓN
B82: CONTRATO 1 | C82: RUP 218 INP SAS; RUP 21 INGECO | D82: GENERAL Y ESPECIFICA | E82: FONDO DE DESARROLLO LOCAL DE BOSA | F82: No. 044 de 2014 | G82: REALIZAR LA INTERVENTORIA TECNICA, ADMINISTRATIVA, FINANCIERA, SOCIAL Y AMBIENTAL DEL CONTRATO OBRA PUBLICA No. 034-2014, PRODUCTO DE LA LICITACIÓN PÚBLICA No. FDLB-LCP-036-2014, QUE ADELANTO EL FONDO DE DESARROLLO LOCAL DE BOSA, SUSCRITO CON LA FIRMA CONSULTORIA Y CONSTRUCCIÓN LTDA CON&CON LTDA Y CUYO OBJETO ES: REALIZAR POR EL SISTEMA DE PRECIOS UNITARIOS FIJOS SIN FORMULA DE AJUSTE, INTERVENCIONES INTEGRALES DE LA MALLA VIAL LOCAL E INTERMEDIA CON EL EMPLEO DE BASES ESTABILIZADAS CON ADITIVOS QUIMICOS, MEDIANTE EL DIANÓSTICO, MANTENIMINETO Y REHABILITACIÓN DE LAS VÍAS CONSTRUIDAS EN CARPETAS FLEXIBLES, RÍGIDAS O ARTICULADAS, INTERVENCIONES PUNTUALES Y PARA LA CONSTRUCCIÓN DE VÍAS LOCALES A PARTIR DE DISEÑOS SUMINISTRADOS POR LA ENTIDAD (GRUPO 2 DE LA LICITACIÓN) | I82: C | J82: 1 | K82: (INGENIERIA DE PROYECTOS 50% - INGECO 50%) | L82: 41855 | M82: 42219 | N82: 803567976 | O82: 1247.1 | P82: 811015 | Q82: =IF(OR(P82=$C$2,P82=$C$3,P82=$C$4),"CUMPLE","NO CUMPLE") -> CUMPLE | R82: CUMPLE | S82: CUMPLE | U82: =IF(V82="SI",IF(M82="","",($J82*$N82)/(VLOOKUP(YEAR(M82),$AF$1:$AG$34,2,))),"") -> 1247.0986 | V82: SI | W82: =IF(V82="si",(J82*O82),(" ")) -> 1247.1 | X82: =W88/$G$11 -> 2.8473967 | Y82: =IF(M82="","",IF(M82<$G$13,"CUMPLE","NO CUMPLE")) -> CUMPLE | Z82: CUMPLE | AA82: SI | AB82: =IF(AA82="si","CUMPLE","NO CUMPLE") -> CUMPLE
B83: CONTRATO 2 | C83: 116 | D83: GENERAL Y ESPECIFICA | E83: INSTITUTO DE DESARROLLO URBANO - IDU | F83: 542-02 Y SU OTROSI No. 1 | G83: NTERVENTORÍA TÉCNICA, ADMINISTRATIVA, FINANCIERA Y AMBIENTAL PARA LA CONSTRUCCIÓN DE ACCESOS A BARRIOS Y PAVIMENTOS LOCALES VÍAS GRUPO 2 EN BOGOTÁ D.C | I83: C | J83: 0.5 | K83: INGENIERIA DE PROYECTOS SAS | L83: 37746 | M83: 38173 | N83: 738175034 | O83: 2061.94 | P83: 811015 | Q83: =IF(OR(P83=$C$2,P83=$C$3,P83=$C$4),"CUMPLE","NO CUMPLE") -> CUMPLE | R83: CUMPLE | S83: CUMPLE | T83: CUMPLE | U83: =IF(V83="SI",IF(M83="","",($J83*$N83)/(VLOOKUP(YEAR(M83),$AF$1:$AG$34,2,))),"") -> 1030.9707 | V83: SI | W83: =IF(V83="si",(J83*O83),(" ")) -> 1030.97 | X83: =IF(W88=0,"",IF(X82>=100%,"CUMPLE","NO CUMPLE")) -> CUMPLE | Y83: =IF(M83="","",IF(M83<$G$13,"CUMPLE","NO CUMPLE")) -> CUMPLE
B84: CONTRATO 3 | U84: =IF(V84="SI",IF(M84="","",($J84*$N84)/(VLOOKUP(YEAR(M84),$AF$1:$AG$34,2,))),"") | W84: =IF(V84="si",(J84*O84),(" ")) | Y84: =IF(M84="","",IF(M84<$G$13,"CUMPLE","NO CUMPLE"))
B85: CONTRATO 4 | U85: =IF(V85="SI",IF(M85="","",($J85*$N85)/(VLOOKUP(YEAR(M85),$AF$1:$AG$34,2,))),"") | W85: =IF(V85="si",(J85*O85),(" ")) | Y85: =IF(M85="","",IF(M85<$G$13,"CUMPLE","NO CUMPLE"))
B86: CONTRATO 5 | U86: =IF(V86="SI",IF(M86="","",($J86*$N86)/(VLOOKUP(YEAR(M86),$AF$1:$AG$34,2,))),"") | W86: =IF(V86="si",(J86*O86),(" ")) | Y86: =IF(M86="","",IF(M86<$G$13,"CUMPLE","NO CUMPLE"))
B87: CONTRATO 6 | U87: =IF(V87="SI",IF(M87="","",($J87*$N87)/(VLOOKUP(YEAR(M87),$AF$1:$AG$34,2,))),"") | W87: =IF(V87="si",(J87*O87),(" ")) | Y87: =IF(M87="","",IF(M87<$G$13,"CUMPLE","NO CUMPLE"))
T88: CONTRATOS | U88: =SUM(U82:U87) -> 2278.0693 | V88: =COUNTIF(V82:V87,"SI") -> 2 | W88: =SUM(W82:W87) -> 2278.07 | X88: =W88/V88 -> 1139.035
B91: 6 | C91: =VLOOKUP(B91,'INFO. PROP'!$A$9:$D$105,2,FALSE) -> CONSORCIO ODESSA | H91: INTEGRANTES | K91: =VLOOKUP(B91,'INFO. PROP'!$A$9:$E$105,4,FALSE) -> (CGR SAS_x000D_ 95% - CGR INGENIEROS & ARQUITECTOS SAS 5% - 0%- 0%) | V91: PROMEDIO | W91: =AVERAGE(W95:W100) -> 1151.5542 | X91: EXPERIENCIA HABILITANTE Y PONDERABLE | Z91: CUMPLE | AA91: FORMATO 8 | AB91: CUMPLE
B93: CONTRATO | C93: NUMERO CONSECUTIVO DE CONTRATO APORTADO EN RUP | D93: EXPERIENCIA REQUERIDA | E93: ENTIDAD CONTRATANTE | F93: CONTRATO | I93: FORMA DE EJECUCIÓN | K93: INTEGRANTE QUE APORTA LA EXPERIENCIA | L93: FECHA DE INICIO (DIA/MES/AÑO) | M93: FECHA DE TERMINACIÓN (DIA/MES/AÑO) | N93: VALOR DEL CONTRATO APORTADO COP | O93: VALOR DEL CONTRATO APORTADO SMMLV | P93: CONTRATO EJECUTADO IDENTIFICADO CON EL UNSPSC | Q93: CRITERIO EXPERIENCIA CE-1 | R93: CRITERIO EXPERIENCIA CE-2 | S93: CRITERIO EXPERIENCIA CE-3 | U93: VALOR VERIFICADO SMMLV CONTRATO APORTADO | V93: EXPERIENCIA GENERAL Y ESPECIFICA | W93: CRITERIO EXPERIENCIA CE-4 | Y93: CRITERIO EXPERIENCIA CE-5 | Z93: CRITERIO EXPERIENCIA CE-6 | AA93: PERSONAL CLAVE | AC93: OBSERVACIONES
F94: No. | G94: Objeto | I94: I - C - UT | J94: % PARTICIP | Q94: CLASIFICACIÓN UNSPSC | R94: Experiencia general requerida (10.1 Pliego de condiciones) | S94: NUMERAL 1 ( estructura de pavimentos) | T94: NUMERAL 2 ( redes Servicios publicos) | W94: VALOR DEL CONTRATO EN SMMLV DEL RUP AFECTADO POR PARTICIPACION | X94: VALOR CERTIFICADO (%) DEL POE SMMLV | Y94: FECHA DE TERMINACIÓN | Z94: 50% MINIMO EXPERIENCIA PROPONENTE PLURAL | AA94: FORMATO 8 -Aceptación y cumplimiento de la formación y experiencia del personal clave | AB94: VERIFICACIÓN
B95: CONTRATO 1 | C95: 63 | D95: GENERAL Y ESPECIFICA | E95: NSTITUTO NACIONAL DE VÍAS-INVIAS | F95: 1460 DE 2009 | G95: Interventoría técnica, legal, financiera, administrativa, ambiental, predial y social del proyecto estudios y diseños, gestión predial social y ambiental y mejoramiento del proyecto Troncal Central del Norte | I95: c | J95: 0.28 | K95: CGR SAS | L95: 40077 | M95: 41977 | N95: 8453999978 | O95: 13631.34 | P95: 811015 | Q95: =IF(OR(P95=$C$2,P95=$C$3,P95=$C$4),"CUMPLE","NO CUMPLE") -> CUMPLE | R95: CUMPLE | S95: CUMPLE | U95: =IF(V95="SI",IF(M95="","",($J95*$N95)/(VLOOKUP(YEAR(M95),$AF$1:$AG$34,2,))),"") -> 3842.7273 | V95: SI | W95: =IF(V95="si",(J95*O95),(" ")) -> 3816.7752 | X95: =W101/$G$11 -> 8.6360777 | Y95: =IF(M95="","",IF(M95<$G$13,"CUMPLE","NO CUMPLE")) -> CUMPLE | Z95: CUMPLE | AA95: SI | AB95: =IF(AA95="si","CUMPLE","NO CUMPLE") -> CUMPLE
B96: CONTRATO 2 | C96: 89 | D96: GENERAL | E96: NSTITUTO NACIONAL DE VÍAS-INVIAS | F96: 4105 DE 2013 | G96: Interventoría para la rehabilitación y mejoramiento de la vía Duitama-Limite Santander (Charala-san Gil), con una longitud de 54 KM . Departamento de Boyacá | I96: c | J96: 0.3 | K96: CGR SAS | L96: 41667 | M96: 42674 | N96: 2844776712 | O96: 4126.12 | P96: 811015 | Q96: =IF(OR(P96=$C$2,P96=$C$3,P96=$C$4),"CUMPLE","NO CUMPLE") -> CUMPLE | R96: CUMPLE | S96: CUMPLE | U96: =IF(V96="SI",IF(M96="","",($J96*$N96)/(VLOOKUP(YEAR(M96),$AF$1:$AG$34,2,))),"") -> 1237.8372 | V96: SI | W96: =IF(V96="si",(J96*O96),(" ")) -> 1237.836 | X96: =IF(W101=0,"",IF(X95>=100%,"CUMPLE","NO CUMPLE")) -> CUMPLE | Y96: =IF(M96="","",IF(M96<$G$13,"CUMPLE","NO CUMPLE")) -> CUMPLE
B97: CONTRATO 3 | C97: 93 | D97: GENERAL | E97: INSTITUTO DE INFRAESTRUCTURA Y CONCESIONES DE CUNDINAMARCA | F97: ICCU-438 DE 2015 | G97: Interventoría técnica, administrativa, financiera y legal para mejoramiento y pavimentación de la Troncal del Carbón, sector K0+000 al K2+860 (k0+000 localizado en Tierranegra, municipio de Tausa, departamento de Cundinamarca) -SGR. | I97: c | J97: 0.5 | K97: CGR SAS | L97: 42471 | M97: 42809 | N97: 382511160 | O97: 518.5 | P97: 811015 | Q97: =IF(OR(P97=$C$2,P97=$C$3,P97=$C$4),"CUMPLE","NO CUMPLE") -> CUMPLE | R97: CUMPLE | S97: CUMPLE | U97: =IF(V97="SI",IF(M97="","",($J97*$N97)/(VLOOKUP(YEAR(M97),$AF$1:$AG$34,2,))),"") -> 259.25332 | V97: SI | W97: =IF(V97="si",(J97*O97),(" ")) -> 259.25 | Y97: =IF(M97="","",IF(M97<$G$13,"CUMPLE","NO CUMPLE")) -> CUMPLE
B98: CONTRATO 4 | C98: 49 | D98: GENERAL Y ESPECIFICA | E98: INSTITUTO DE DESARROLLO URBANO-IDU | F98: BM 197 DE 2004 | G98: Interventoría técnica, administrativa, financiera, social y ambiental para la construcción, rehabilitación y conservación de accesos a barrios y pavimentos locales_x0002_programa de mejoramiento integral de barrios, Grupo 8, Localidad de Usme, en Bogotá D.C. | I98: I | J98: 1 | K98: CGR SAS | L98: 38399 | M98: 39493 | N98: 470255880 | O98: 1018.97 | P98: 811015 | Q98: =IF(OR(P98=$C$2,P98=$C$3,P98=$C$4),"CUMPLE","NO CUMPLE") -> CUMPLE | R98: CUMPLE | S98: CUMPLE | T98: CUMPLE | U98: =IF(V98="SI",IF(M98="","",($J98*$N98)/(VLOOKUP(YEAR(M98),$AF$1:$AG$34,2,))),"") -> 1018.9727 | V98: SI | W98: =IF(V98="si",(J98*O98),(" ")) -> 1018.97 | Y98: =IF(M98="","",IF(M98<$G$13,"CUMPLE","NO CUMPLE")) -> CUMPLE
B99: CONTRATO 5 | C99: 17 | D99: GENERAL | E99: NSTITUTO NACIONAL DE VÍAS-INVIAS | F99: 574 de 2010 | G99: Interventoría para el mejoramiento y mantenimiento de las carreteras Puente Real PR40+0500, Ruta 40CNB, paso por Chipaque, Ruta 40CNA y El Portal-El Antojo, Ruta 40CN01, Departamento de Cundinamarca, Modulo 1_x000D_ | I99: I | J99: 1 | K99: CGR SAS | L99: 40448 | M99: 40569 | N99: 143387800 | O99: 267.71 | P99: 811015 | Q99: =IF(OR(P99=$C$2,P99=$C$3,P99=$C$4),"CUMPLE","NO CUMPLE") -> CUMPLE | R99: CUMPLE | S99: CUMPLE | U99: =IF(V99="SI",IF(M99="","",($J99*$N99)/(VLOOKUP(YEAR(M99),$AF$1:$AG$34,2,))),"") -> 267.71434 | V99: SI | W99: =IF(V99="si",(J99*O99),(" ")) -> 267.71 | Y99: =IF(M99="","",IF(M99<$G$13,"CUMPLE","NO CUMPLE")) -> CUMPLE
B100: CONTRATO 6 | C100: 100 | D100: GENERAL | E100: INSTITUTO DE INFRAESTRUCTURA Y CONCESIONES DE CUNDINAMARCA | F100: 705 - 2019 | G100: Ejecutar la interventoría técnica, administrativa, financiera, y legal para el mejoramiento de la vía departamental La Victoria (El Colegio) - San Gabriel (Viotá), tramo La Victoria - Alto de La Mula, departamento de Cundinamarca_x000D_ | I100: c | J100: 0.8 | K100: CGR SAS | L100: 43767 | M100: 43985 | N100: 338820500 | O100: 385.98 | P100: 811015 | Q100: =IF(OR(P100=$C$2,P100=$C$3,P100=$C$4),"CUMPLE","NO CUMPLE") -> CUMPLE | R100: CUMPLE | U100: =IF(V100="SI",IF(M100="","",($J100*$N100)/(VLOOKUP(YEAR(M100),$AF$1:$AG$34,2,))),"") -> 308.78991 | V100: SI | W100: =IF(V100="si",(J100*O100),(" ")) -> 308.784 | Y100: =IF(M100="","",IF(M100<$G$13,"CUMPLE","NO CUMPLE")) -> CUMPLE
T101: CONTRATOS | U101: =SUM(U95:U100) -> 6935.2946 | V101: =COUNTIF(V95:V100,"SI") -> 6 | W101: =SUM(W95:W100) -> 6909.3252 | X101: =W101/V101 -> 1151.5542
B104: 7 | C104: =VLOOKUP(B104,'INFO. PROP'!$A$9:$D$105,2,FALSE) -> CONSORCIO GMC | H104: INTEGRANTES | K104: =VLOOKUP(B104,'INFO. PROP'!$A$9:$E$105,4,FALSE) -> (GRUPO METRO COLOMBIA S.A.S 95% - OSCAR ALFREDO MONTOYA CASTRO 5% - 0%- 0%) | V104: PROMEDIO | W104: =AVERAGE(W108:W113) -> 1118.0552 | X104: EXPERIENCIA HABILITANTE Y PONDERABLE | Z104: CUMPLE | AA104: FORMATO 8 | AB104: CUMPLE
B106: CONTRATO | C106: NUMERO CONSECUTIVO DE CONTRATO APORTADO EN RUP | D106: EXPERIENCIA REQUERIDA | E106: ENTIDAD CONTRATANTE | F106: CONTRATO | I106: FORMA DE EJECUCIÓN | K106: INTEGRANTE QUE APORTA LA EXPERIENCIA | L106: FECHA DE INICIO (DIA/MES/AÑO) | M106: FECHA DE TERMINACIÓN (DIA/MES/AÑO) | N106: VALOR DEL CONTRATO APORTADO COP | O106: VALOR DEL CONTRATO APORTADO SMMLV | P106: CONTRATO EJECUTADO IDENTIFICADO CON EL UNSPSC | Q106: CRITERIO EXPERIENCIA CE-1 | R106: CRITERIO EXPERIENCIA CE-2 | S106: CRITERIO EXPERIENCIA CE-3 | U106: VALOR VERIFICADO SMMLV CONTRATO APORTADO | V106: EXPERIENCIA GENERAL Y ESPECIFICA | W106: CRITERIO EXPERIENCIA CE-4 | Y106: CRITERIO EXPERIENCIA CE-5 | Z106: CRITERIO EXPERIENCIA CE-6 | AA106: PERSONAL CLAVE | AC106: OBSERVACIONES
F107: No. | G107: Objeto | I107: I - C - UT | J107: % PARTICIP | Q107: CLASIFICACIÓN UNSPSC | R107: Experiencia general requerida (10.1 Pliego de condiciones) | S107: NUMERAL 1 ( estructura de pavimentos) | T107: NUMERAL 2 ( redes Servicios publicos) | W107: VALOR DEL CONTRATO EN SMMLV DEL RUP AFECTADO POR PARTICIPACION | X107: VALOR CERTIFICADO (%) DEL POE SMMLV | Y107: FECHA DE TERMINACIÓN | Z107: 50% MINIMO EXPERIENCIA PROPONENTE PLURAL | AA107: FORMATO 8 -Aceptación y cumplimiento de la formación y experiencia del personal clave | AB107: VERIFICACIÓN
B108: CONTRATO 1 | C108: 13 | D108: EXPERIENCIA GENERAL Y EXPERIENCIA ESPECÍFICA | E108: INSTITUTO DE DESARROLL O URBANO | F108: 034-2003 | G108: INTERVENTORIA TECNICA, ADMINISTRATIVA, FINANCIERA Y AMBIENTAL PARA LA CONSTRUCCION DE LAS OBRAS FALTANTES DE LA AVENIDA JOSE CELESTINO MUTIS SECTOR AV. BOYACA - AVENIDA CIUDAD DE CALI (PREDIOS FALTANTES) EN BOGOTA D.C._x000D_ | I108: C | J108: 0.33 | K108: GRUPO METRO COLOMBIA S.A.S | L108: 37796 | M108: 37956 | N108: 152549000 | O108: 459.48 | P108: 811015 | Q108: =IF(OR(P108=$C$2,P108=$C$3,P108=$C$4),"CUMPLE","NO CUMPLE") -> CUMPLE | R108: CUMPLE | S108: CUMPLE | T108: CUMPLE | U108: =IF(V108="SI",IF(M108="","",($J108*$N108)/(VLOOKUP(YEAR(M108),$AF$1:$AG$34,2,))),"") -> 151.63003 | V108: SI | W108: =IF(V108="si",(J108*O108),(" ")) -> 151.6284 | X108: =W114/$G$11 -> 8.3848517 | Y108: =IF(M108="","",IF(M108<$G$13,"CUMPLE","NO CUMPLE")) -> CUMPLE | Z108: CUMPLE | AA108: SI | AB108: =IF(AA108="si","CUMPLE","NO CUMPLE") -> CUMPLE
B109: CONTRATO 2 | C109: 33 | D109: EXPERIENCIA GENERAL Y EXPERIENCIA ESPECÍFICA | E109: INSTITUTO DE DESARROLL O URBANO | F109: UEL-19- 486-2001 | G109: INTERVENTORIA TECNICA, ADMINISTRATIVA, FINANCIERA Y AMBIENTAL PARA EL ESTUDIO, DISEÑO Y CONSTRUCCIÓN DE VIAS EN LA LOCALIDAD DE CIUDAD BOLIVAR EN BOGOTA D.C._x000D_ | I109: I | J109: 1 | K109: GRUPO METRO COLOMBIA S.A.S | L109: 37412 | M109: 37777 | N109: 57569403 | O109: 173.4 | P109: 811015 | Q109: =IF(OR(P109=$C$2,P109=$C$3,P109=$C$4),"CUMPLE","NO CUMPLE") -> CUMPLE | R109: CUMPLE | S109: CUMPLE | T109: CUMPLE | U109: =IF(V109="SI",IF(M109="","",($J109*$N109)/(VLOOKUP(YEAR(M109),$AF$1:$AG$34,2,))),"") -> 173.40182 | V109: SI | W109: =IF(V109="si",(J109*O109),(" ")) -> 173.4 | X109: =IF(W114=0,"",IF(X108>=100%,"CUMPLE","NO CUMPLE")) -> CUMPLE | Y109: =IF(M109="","",IF(M109<$G$13,"CUMPLE","NO CUMPLE")) -> CUMPLE
B110: CONTRATO 3 | C110: 41/4 | D110: EXPERIENCIA GENERAL Y EXPERIENCIA ESPECÍFICA | E110: INSTITUTO DE DESARROLL O URBANO | F110: 196-2006 | G110: INTERVENTORIA TECNICA, ADMINISTRATIVA, FINANCIERA Y AMBIENTAL PARA LA CONSTRUCCION Y REHABILITACION DE VIAS EN VARIAS LOCALIDADES, EN BOGOTÁ D.C. GRUPO 1 LOCALIDADES DE USAQUEN, TEUSAQUILLO, BARRIOS UNIDOS, ANTONIO NARIÑO Y ENGATIVA. | I110: C | J110: 1 | K110: 90% GRUPO METRO COLOMBIA S.A.S y 10% MONTOYA CASTRO | L110: 39167 | M110: 39758 | N110: 1694356544 | O110: 3671.41 | P110: 811015 | Q110: =IF(OR(P110=$C$2,P110=$C$3,P110=$C$4),"CUMPLE","NO CUMPLE") -> CUMPLE | R110: CUMPLE | S110: CUMPLE | T110: CUMPLE | U110: =IF(V110="SI",IF(M110="","",($J110*$N110)/(VLOOKUP(YEAR(M110),$AF$1:$AG$34,2,))),"") -> 3671.4118 | V110: SI | W110: =IF(V110="si",(J110*O110),(" ")) -> 3671.41 | Y110: =IF(M110="","",IF(M110<$G$13,"CUMPLE","NO CUMPLE")) -> CUMPLE
B111: CONTRATO 4 | C111: 45 | D111: EXPERIENCIA GENERAL Y EXPERIENCIA ESPECÍFICA | E111: INSTITUTO DE DESARROLL O URBANO | F111: 211-2005 | G111: INTERVENTORIA TECNICA, ADMINISTRATIVA, FINANCIERA Y AMBIENTAL PARA LA CONSTRUCCION Y REHABILITACION DE RUTAS ALIMENTADORAS DEL SISTEMA TRANSMILENIO, ZONA 7, GRUPO 3 EN BOGOTA D.C., CON FINANCIACION DEL BANCO MUNDIAL EN BOGOTÁ D.C. | I111: I | J111: 1 | K111: GRUPO METRO COLOMBIA S.A.S | L111: 38917 | M111: 39286 | N111: 594372400 | O111: 1370.47 | P111: 811015 | Q111: =IF(OR(P111=$C$2,P111=$C$3,P111=$C$4),"CUMPLE","NO CUMPLE") -> CUMPLE | R111: CUMPLE | S111: CUMPLE | T111: CUMPLE | U111: =IF(V111="SI",IF(M111="","",($J111*$N111)/(VLOOKUP(YEAR(M111),$AF$1:$AG$34,2,))),"") -> 1370.469 | V111: SI | W111: =IF(V111="si",(J111*O111),(" ")) -> 1370.47 | Y111: =IF(M111="","",IF(M111<$G$13,"CUMPLE","NO CUMPLE")) -> CUMPLE
B112: CONTRATO 5 | C112: 46 | D112: EXPERIENCIA GENERAL Y EXPERIENCIA ESPECÍFICA | E112: INSTITUTO DE DESARROLL O URBANO | F112: 404-99 | G112: EJERCER LA INTERVENTORIA TÉCNICA Y ADMINISTRATIVA A PRECIO GLOBAL FIJO, AL CONTRATO DE ESTUDIOS, DISEÑOS Y CONSTRUCCIÓN DE PAVIMENTOS LOCALES Y ACCESOS A BARRIOS DEL PROGRAMA DE DESMARGINALIZACIÓN MEDIANO PLAZO DE INVERSIÓN EN LA LOCALIDAD DE USME SECTOR DANUBIO AZUL | I112: C | J112: 0.25 | K112: GRUPO METRO COLOMBIA S.A.S | L112: 36360 | M112: 36787 | N112: 158476860 | O112: 609.29 | P112: 811015 | Q112: =IF(OR(P112=$C$2,P112=$C$3,P112=$C$4),"CUMPLE","NO CUMPLE") -> CUMPLE | R112: CUMPLE | S112: CUMPLE | T112: CUMPLE | U112: =IF(V112="SI",IF(M112="","",($J112*$N112)/(VLOOKUP(YEAR(M112),$AF$1:$AG$34,2,))),"") -> 152.32301 | V112: SI | W112: =IF(V112="si",(J112*O112),(" ")) -> 152.3225 | Y112: =IF(M112="","",IF(M112<$G$13,"CUMPLE","NO CUMPLE")) -> CUMPLE
B113: CONTRATO 6 | C113: 98 | D113: EXPERIENCIA GENERAL Y EXPERIENCIA ESPECÍFICA | E113: INSTITUTO DE DESARROLL O URBANO | F113: 1552- 2017 | G113: INTERVENTORIA PARA LOSESTUDIOS, DISEÑOS Y CONSTRUCCIÓN DEL PASO A NIVEL EN LA AVENIDA LUIS CARLOS GALÁN POR CARRERA 66 Y DE LOS ANDENES DE LA CARRERA 93 ENTRE LA CALLE 129B BIS Y LA CALLE 131, EN CUMPLIMIENTO DE LOS FALLOS EN SEGUNDA INSTANCIA DE LAS ACCIONES POPULARES 2007-00243Y 2010- 00148 | I113: I | J113: 1 | K113: GRUPO METRO COLOMBIA S.A.S | L113: 43154 | M113: 44259 | N113: 1080332836 | O113: 1189.1 | P113: 811015 | Q113: =IF(OR(P113=$C$2,P113=$C$3,P113=$C$4),"CUMPLE","NO CUMPLE") -> CUMPLE | R113: CUMPLE | S113: CUMPLE | T113: CUMPLE | U113: =IF(V113="SI",IF(M113="","",($J113*$N113)/(VLOOKUP(YEAR(M113),$AF$1:$AG$34,2,))),"") -> 1189.105 | V113: SI | W113: =IF(V113="si",(J113*O113),(" ")) -> 1189.1 | Y113: =IF(M113="","",IF(M113<$G$13,"CUMPLE","NO CUMPLE")) -> CUMPLE
T114: CONTRATOS | U114: =SUM(U108:U113) -> 6708.3407 | V114: =COUNTIF(V108:V113,"SI") -> 6 | W114: =SUM(W108:W113) -> 6708.3309 | X114: =W114/V114 -> 1118.0552
B117: 8 | C117: =VLOOKUP(B117,'INFO. PROP'!$A$9:$D$105,2,FALSE) -> CONSULTORES INTERVENTORES COLOMBIANOS S.A.S. | H117: INTEGRANTES | K117: =VLOOKUP(B117,'INFO. PROP'!$A$9:$E$105,4,FALSE) -> (CONSULTORES INTERVENTORES COLOMBIANOS SAS 100% - 0% - 0%- 0%) | V117: PROMEDIO | W117: =AVERAGE(W121:W126) -> 1066.9146 | X117: EXPERIENCIA HABILITANTE Y PONDERABLE | Z117: CUMPLE | AA117: FORMATO 8 | AB117: CUMPLE
B119: CONTRATO | C119: NUMERO CONSECUTIVO DE CONTRATO APORTADO EN RUP | D119: EXPERIENCIA REQUERIDA | E119: ENTIDAD CONTRATANTE | F119: CONTRATO | I119: FORMA DE EJECUCIÓN | K119: INTEGRANTE QUE APORTA LA EXPERIENCIA | L119: FECHA DE INICIO (DIA/MES/AÑO) | M119: FECHA DE TERMINACIÓN (DIA/MES/AÑO) | N119: VALOR DEL CONTRATO APORTADO COP | O119: VALOR DEL CONTRATO APORTADO SMMLV | P119: CONTRATO EJECUTADO IDENTIFICADO CON EL UNSPSC | Q119: CRITERIO EXPERIENCIA CE-1 | R119: CRITERIO EXPERIENCIA CE-2 | S119: CRITERIO EXPERIENCIA CE-3 | U119: VALOR VERIFICADO SMMLV CONTRATO APORTADO | V119: EXPERIENCIA GENERAL Y ESPECIFICA | W119: CRITERIO EXPERIENCIA CE-4 | Y119: CRITERIO EXPERIENCIA CE-5 | Z119: CRITERIO EXPERIENCIA CE-6 | AA119: PERSONAL CLAVE | AC119: OBSERVACIONES
F120: No. | G120: Objeto | I120: I - C - UT | J120: % PARTICIP | Q120: CLASIFICACIÓN UNSPSC | R120: Experiencia general requerida (10.1 Pliego de condiciones) | S120: NUMERAL 1 ( estructura de pavimentos) | T120: NUMERAL 2 ( redes Servicios publicos) | W120: VALOR DEL CONTRATO EN SMMLV DEL RUP AFECTADO POR PARTICIPACION | X120: VALOR CERTIFICADO (%) DEL POE SMMLV | Y120: FECHA DE TERMINACIÓN | Z120: 50% MINIMO EXPERIENCIA PROPONENTE PLURAL | AA120: FORMATO 8 -Aceptación y cumplimiento de la formación y experiencia del personal clave | AB120: VERIFICACIÓN
B121: CONTRATO 1 | C121: 14 | D121: EXPERIENCIA GENERAL Y EXPERIENCIA ESPECÍFICA | E121: INVIAS | F121: 623-2012 | G121: INTERVENTORIA INTEGRAL QUE INCLUYE PERO NO SE LIMITA A LA INTERVENTORIA TECNICA, FINANCIERA, ADMINISTRATIVA, JURIDICA, GESTION SOCIAL, PREDIAL Y AMBIENTAL PARA EL MEJORAMIENTO DEL PROYECTO TRANSVERSAL DEL CUSIANA FASE 2 EN ELPROGRAMA DE COREDORES PRIORITARIOS PARA LA PROSPERIDAD. | I121: C | J121: 0.6 | K121: CONCIC SAS | L121: 41121 | M121: 41882 | N121: 3121715915 | O121: 5067.72 | P121: 811015 | Q121: =IF(OR(P121=$C$2,P121=$C$3,P121=$C$4),"CUMPLE","NO CUMPLE") -> CUMPLE | R121: CUMPLE | S121: CUMPLE | U121: =IF(V121="SI",IF(M121="","",($J121*$N121)/(VLOOKUP(YEAR(M121),$AF$1:$AG$34,2,))),"") -> 3040.6324 | V121: SI | W121: =IF(V121="si",(J121*O121),(" ")) -> 3040.632 | X121: =W127/$G$11 -> 5.3342156 | Y121: =IF(M121="","",IF(M121<$G$13,"CUMPLE","NO CUMPLE")) -> CUMPLE | Z121: N/A | AA121: SI | AB121: =IF(AA121="si","CUMPLE","NO CUMPLE") -> CUMPLE
...

Sheet PROPUESTA ECONOMICA
B2: FONDO DE DESARROLLO LOCAL DE BOSA
B3: FDLBOSACM-004-2022(71937)
B4: OBJETO: REALIZAR LA INTERVENTORÍA TÉCNICA, ADMINISTRATIVA, FINANCIERA, JURÍDICA, SOCIAL, AMBIENTAL Y SST AL CONTRATO DE OBRA PÚBLICA QUE TENDRÁ POR OBJETO CONTRAC-TUAL EJECUTAR POR EL SISTEMA DE PRECIOS UNITARIOS FIJOS SIN FOR-MULA DE REAJUSTE Y A MONTO AGOTABLE LAS ACTIVIDADES NECESARIAS PARA LA EJECUCIÓN DE LAS OBRAS DE CONSTRUCCIÓN DE MALLA VIAL Y ESPACIO PUBLICO ASOCIADO DE LA LOCALIDAD DE BOSA, DE ACUERDO CON LA DESCRIPCIÓN, ESPECIFICACIONES, ESTUDIOS, DISEÑOS Y DEMÁS CONDICIONES ESTABLECIDAS EN E ANEXO TECNICO
B5: PROPUESTA ECONOMICA
B6: Valor estimado $ 800.053.615
B7: No. | C7: NOMBRE DEL PROPONENTE | D7: PROPUESTA ECONOMICA | F7: VERIFICACIÓN | G7: OBSERVACIONES | H7: PRECIOS ARTIFICIALMENTE BAJOS
D8: VALOR PROPUESTA (INCLUIDO IVA) | E8: FM
B9: 1 | C9: =VLOOKUP(B9,'INFO. PROP'!$A$9:$D$105,2,FALSE) -> SITELSA SAS | D9: 800053615 | E9: 2.38 | F9: =IF(OR(D9="",E9=""),"NO CUMPLE",IF(D9<=800053615,IF(E9<=2.38,"CUMPLE","NO CUMPLE"),"NO CUMPLE")) -> CUMPLE | H9: =IF((D9<$D$108), " No cumple", "Cumple") -> Cumple
B10: 2 | C10: =VLOOKUP(B10,'INFO. PROP'!$A$9:$D$105,2,FALSE) -> PROES INGENIERIA SAS | D10: 800053615 | E10: 2.38 | F10: =IF(OR(D10="",E10=""),"NO CUMPLE",IF(D10<=800053615,IF(E10<=2.38,"CUMPLE","NO CUMPLE"),"NO CUMPLE")) -> CUMPLE | H10: =IF((D10<$D$108), " No cumple", "Cumple") -> Cumple
B11: 3 | C11: =VLOOKUP(B11,'INFO. PROP'!$A$9:$D$105,2,FALSE) -> CB INGENIEROS SAS | D11: 800053615 | E11: 2.38 | F11: =IF(OR(D11="",E11=""),"NO CUMPLE",IF(D11<=800053615,IF(E11<=2.38,"CUMPLE","NO CUMPLE"),"NO CUMPLE")) -> CUMPLE | H11: =IF((D11<$D$108), " No cumple", "Cumple") -> Cumple
B12: 4 | C12: =VLOOKUP(B12,'INFO. PROP'!$A$9:$D$105,2,FALSE) -> JASEN CONSULTORES S.A.S. | D12: 800053615 | E12: 2.38 | F12: =IF(OR(D12="",E12=""),"NO CUMPLE",IF(D12<=800053615,IF(E12<=2.38,"CUMPLE","NO CUMPLE"),"NO CUMPLE")) -> CUMPLE | H12: =IF((D12<$D$108), " No cumple", "Cumple") -> Cumple
B13: 5 | C13: =VLOOKUP(B13,'INFO. PROP'!$A$9:$D$105,2,FALSE) -> BOSA SIGLO XXI | D13: 800053615 | E13: 2.38 | F13: =IF(OR(D13="",E13=""),"NO CUMPLE",IF(D13<=800053615,IF(E13<=2.38,"CUMPLE","NO CUMPLE"),"NO CUMPLE")) -> CUMPLE | H13: =IF((D13<$D$108), " No cumple", "Cumple") -> Cumple
B14: 6 | C14: =VLOOKUP(B14,'INFO. PROP'!$A$9:$D$105,2,FALSE) -> CONSORCIO ODESSA | D14: 800029146 | E14: 2.38 | F14: =IF(OR(D14="",E14=""),"NO CUMPLE",IF(D14<=800053615,IF(E14<=2.38,"CUMPLE","NO CUMPLE"),"NO CUMPLE")) -> CUMPLE | H14: =IF((D14<$D$108), " No cumple", "Cumple") -> Cumple
B15: 7 | C15: =VLOOKUP(B15,'INFO. PROP'!$A$9:$D$105,2,FALSE) -> CONSORCIO GMC | D15: 800053615 | E15: 2.34 | F15: =IF(OR(D15="",E15=""),"NO CUMPLE",IF(D15<=800053615,IF(E15<=2.38,"CUMPLE","NO CUMPLE"),"NO CUMPLE")) -> CUMPLE | H15: =IF((D15<$D$108), " No cumple", "Cumple") -> Cumple
B16: 8 | C16: =VLOOKUP(B16,'INFO. PROP'!$A$9:$D$105,2,FALSE) -> CONSULTORES INTERVENTORES COLOMBIANOS S.A.S. | D16: 800037000 | E16: 2.38 | F16: =IF(OR(D16="",E16=""),"NO CUMPLE",IF(D16<=800053615,IF(E16<=2.38,"CUMPLE","NO CUMPLE"),"NO CUMPLE")) -> CUMPLE | H16: =IF((D16<$D$108), " No cumple", "Cumple") -> Cumple
B17: 9 | C17: =VLOOKUP(B17,'INFO. PROP'!$A$9:$D$105,2,FALSE) -> CONS GAB BOGOTA | D17: 800052470 | E17: 2.38 | F17: =IF(OR(D17="",E17=""),"NO CUMPLE",IF(D17<=800053615,IF(E17<=2.38,"CUMPLE","NO CUMPLE"),"NO CUMPLE")) -> CUMPLE | H17: =IF((D17<$D$108), " No cumple", "Cumple") -> Cumple
B18: 10 | C18: =VLOOKUP(B18,'INFO. PROP'!$A$9:$D$105,2,FALSE) -> CONSORCIO MT 2022 BOSA | D18: 800053615 | E18: 2.38 | F18: =IF(OR(D18="",E18=""),"NO CUMPLE",IF(D18<=800053615,IF(E18<=2.38,"CUMPLE","NO CUMPLE"),"NO CUMPLE")) -> CUMPLE | H18: =IF((D18<$D$108), " No cumple", "Cumple") -> Cumple
B19: 11 | C19: =VLOOKUP(B19,'INFO. PROP'!$A$9:$D$105,2,FALSE) -> VELNEC S.A. | D19: 800053615 | E19: 2.38 | F19: =IF(OR(D19="",E19=""),"NO CUMPLE",IF(D19<=800053615,IF(E19<=2.38,"CUMPLE","NO CUMPLE"),"NO CUMPLE")) -> CUMPLE | H19: =IF((D19<$D$108), " No cumple", "Cumple") -> Cumple
B20: 12 | C20: =VLOOKUP(B20,'INFO. PROP'!$A$9:$D$105,2,FALSE) -> CONSORCIO INTERVIAS CD | D20: 800053615 | E20: 2.38 | F20: =IF(OR(D20="",E20=""),"NO CUMPLE",IF(D20<=800053615,IF(E20<=2.38,"CUMPLE","NO CUMPLE"),"NO CUMPLE")) -> CUMPLE | H20: =IF((D20<$D$108), " No cumple", "Cumple") -> Cumple
... B54: 46 | C54: =VLOOKUP(B54,'INFO. PROP'!$A$9:$D$105,2,FALSE) -> CONSTRUCCIONES INTERVENTORIAS ISAZA INGENIERIA SAS | D54: 800020771 | E54: 2.38 | F54: =IF(OR(D54="",E54=""),"NO CUMPLE",IF(D54<=800053615,IF(E54<=2.38,"CUMPLE","NO CUMPLE"),"NO CUMPLE")) -> CUMPLE | H54: =IF((D54<$D$108), " No cumple", "Cumple") -> Cumple
B55: 47 | C55: =VLOOKUP(B55,'INFO. PROP'!$A$9:$D$105,2,FALSE) -> CONSORCIO BOSA INFRA-VIAL | D55: 799131629 | E55: 2.8 | F55: =IF(OR(D55="",E55=""),"NO CUMPLE",IF(D55<=800053615,IF(E55<=2.38,"CUMPLE","NO CUMPLE"),"NO CUMPLE")) -> NO CUMPLE | G55: factor multiplicador excede al estimado en el POE. El proponente no subsana lo solicitado en referencia a Factor Multiplicador, teniendo en cuenta lo establecido en respuesta publicada en plataforma secop II el día 11 de mayo de 2022 | H55: =IF((D55<$D$108), " No cumple", "Cumple") -> Cumple
B56: 48 | C56: =VLOOKUP(B56,'INFO. PROP'!$A$9:$D$105,2,FALSE) -> CS BOSA JI 004 | D56: 800053615 | E56: 2.38 | F56: =IF(OR(D56="",E56=""),"NO CUMPLE",IF(D56<=800053615,IF(E56<=2.38,"CUMPLE","NO CUMPLE"),"NO CUMPLE")) -> CUMPLE | H56: =IF((D56<$D$108), " No cumple", "Cumple") -> Cumple
B57: 49 | C57: =VLOOKUP(B57,'INFO. PROP'!$A$9:$D$105,2,FALSE) -> ELSA MARIA RUEDA LANDINEZ INGENIERIA SAS | D57: 800053615 | E57: 2.38 | F57: =IF(OR(D57="",E57=""),"NO CUMPLE",IF(D57<=800053615,IF(E57<=2.38,"CUMPLE","NO CUMPLE"),"NO CUMPLE")) -> CUMPLE | H57: =IF((D57<$D$108), " No cumple", "Cumple") -> Cumple
B58: 50 | C58: =VLOOKUP(B58,'INFO. PROP'!$A$9:$D$105,2,FALSE) -> CONSORCIO INTERBOGOTA B&B | D58: 800053615 | E58: 2.38 | F58: =IF(OR(D58="",E58=""),"NO CUMPLE",IF(D58<=800053615,IF(E58<=2.38,"CUMPLE","NO CUMPLE"),"NO CUMPLE")) -> CUMPLE | H58: =IF((D58<$D$108), " No cumple", "Cumple") -> Cumple
B59: 51 | C59: =VLOOKUP(B59,'INFO. PROP'!$A$9:$D$105,2,FALSE) -> INTERVIAL BOGOTA | D59: 800053615 | E59: 2.38 | F59: =IF(OR(D59="",E59=""),"NO CUMPLE",IF(D59<=800053615,IF(E59<=2.38,"CUMPLE","NO CUMPLE"),"NO CUMPLE")) -> CUMPLE | H59: =IF((D59<$D$108), " No cumple", "Cumple") -> Cumple
B60: 52 | C60: =VLOOKUP(B60,'INFO. PROP'!$A$9:$D$105,2,FALSE) -> CONSORCIO INTERCAPITAL | D60: 800053615 | E60: 2.38 | F60: =IF(OR(D60="",E60=""),"NO CUMPLE",IF(D60<=800053615,IF(E60<=2.38,"CUMPLE","NO CUMPLE"),"NO CUMPLE")) -> CUMPLE | H60: =IF((D60<$D$108), " No cumple", "Cumple") -> Cumple
B61: 53 | C61: =VLOOKUP(B61,'INFO. PROP'!$A$9:$D$105,2,FALSE) -> Proyectistas Asociados SAS | D61: 800053422 | E61: 2.38 | F61: =IF(OR(D61="",E61=""),"NO CUMPLE",IF(D61<=800053615,IF(E61<=2.38,"CUMPLE","NO CUMPLE"),"NO CUMPLE")) -> CUMPLE | H61: =IF((D61<$D$108), " No cumple", "Cumple") -> Cumple
B62: 54 | C62: =VLOOKUP(B62,'INFO. PROP'!$A$9:$D$105,2,FALSE) -> ESTUDIOS TECNICOS Y CONSTRUCCIONES SAS | D62: 800053615 | E62: 2.38 | F62: =IF(OR(D62="",E62=""),"NO CUMPLE",IF(D62<=800053615,IF(E62<=2.38,"CUMPLE","NO CUMPLE"),"NO CUMPLE")) -> CUMPLE | H62: =IF((D62<$D$108), " No cumple", "Cumple") -> Cumple
B63: 55 | C63: =VLOOKUP(B63,'INFO. PROP'!$A$9:$D$105,2,FALSE) -> CONSORCIO CG 2021 | D63: 800053615 | E63: 2.38 | F63: =IF(OR(D63="",E63=""),"NO CUMPLE",IF(D63<=800053615,IF(E63<=2.38,"CUMPLE","NO CUMPLE"),"NO CUMPLE")) -> CUMPLE | H63: =IF((D63<$D$108), " No cumple", "Cumple") -> Cumple
B64: 56 | C64: =VLOOKUP(B64,'INFO. PROP'!$A$9:$D$105,2,FALSE) -> CONSORCIO VIAL BOSA | D64: 800053615 | E64: 2.38 | F64: =IF(OR(D64="",E64=""),"NO CUMPLE",IF(D64<=800053615,IF(E64<=2.38,"CUMPLE","NO CUMPLE"),"NO CUMPLE")) -> CUMPLE | H64: =IF((D64<$D$108), " No cumple", "Cumple") -> Cumple
B65: 57 | C65: =VLOOKUP(B65,'INFO. PROP'!$A$9:$D$105,2,FALSE) -> R&MCONSTRUCCIONES E INTERVENTORIAS S.A.S | D65: 800053615 | E65: 2.38 | F65: =IF(OR(D65="",E65=""),"NO CUMPLE",IF(D65<=800053615,IF(E65<=2.38,"CUMPLE","NO CUMPLE"),"NO CUMPLE")) -> CUMPLE | H65: =IF((D65<$D$108), " No cumple", "Cumple") -> Cumple
B66: 58 | C66: =VLOOKUP(B66,'INFO. PROP'!$A$9:$D$105,2,FALSE) -> CONSORCIO POSSO INTERVIALES | D66: 800052470 | E66: 2.38 | F66: =IF(OR(D66="",E66=""),"NO CUMPLE",IF(D66<=800053615,IF(E66<=2.38,"CUMPLE","NO CUMPLE"),"NO CUMPLE")) -> CUMPLE | H66: =IF((D66<$D$108), " No cumple", "Cumple") -> Cumple
B67: 59 | C67: =VLOOKUP(B67,'INFO. PROP'!$A$9:$D$105,2,FALSE) -> CONSORCIO EPSILON CAPITAL | D67: 800053615 | E67: 2.38 | F67: =IF(OR(D67="",E67=""),"NO CUMPLE",IF(D67<=800053615,IF(E67<=2.38,"CUMPLE","NO CUMPLE"),"NO CUMPLE")) -> CUMPLE | H67: =IF((D67<$D$108), " No cumple", "Cumple") -> Cumple
... B95: 87 | C95: =VLOOKUP(B95,'INFO. PROP'!$A$9:$D$105,2,FALSE) -> CONSORCIO INTERVENTORIA BOSA | D95: 800053615 | E95: 2.38 | F95: =IF(OR(D95="",E95=""),"NO CUMPLE",IF(D95<=800053615,IF(E95<=2.38,"CUMPLE","NO CUMPLE"),"NO CUMPLE")) -> CUMPLE | H95: =IF((D95<$D$108), " No cumple", "Cumple") -> Cumple
B96: 88 | C96: =VLOOKUP(B96,'INFO. PROP'!$A$9:$D$105,2,FALSE) -> CONSORCIO VIAS URBANAS PCC | D96: 800053615 | F96: =IF(OR(D96="",E96=""),"NO CUMPLE",IF(D96<=800053615,IF(E96<=2.38,"CUMPLE","NO CUMPLE"),"NO CUMPLE")) -> NO CUMPLE | G96: El proponente no especifica factor multiplicador en el Formulario No.1 debe subsanar de acuerdo a lo estipulado (...) " El proponente deberá especificar el factor multiplicador por el cual afecto sus costos, a fin de no incurrir en la causal de rechazo contemplada en el pliego de condiciones en el literal O: "No afectar la oferta económica por el factor multiplicador y no subsanar ese defecto." | H96: =IF((D96<$D$108), " No cumple", "Cumple") -> Cumple
B97: 89 | C97: =VLOOKUP(B97,'INFO. PROP'!$A$9:$D$105,2,FALSE) -> CONSORCIO CONEXION VIAL BOSA | D97: 800053541 | E97: 2.38 | F97: =IF(OR(D97="",E97=""),"NO CUMPLE",IF(D97<=800053615,IF(E97<=2.38,"CUMPLE","NO CUMPLE"),"NO CUMPLE")) -> CUMPLE | H97: =IF((D97<$D$108), " No cumple", "Cumple") -> Cumple
B98: 90 | C98: =VLOOKUP(B98,'INFO. PROP'!$A$9:$D$105,2,FALSE) -> CONSORCIO INT. GQQI | D98: 800050000 | E98: 2.38 | F98: =IF(OR(D98="",E98=""),"NO CUMPLE",IF(D98<=800053615,IF(E98<=2.38,"CUMPLE","NO CUMPLE"),"NO CUMPLE")) -> CUMPLE | H98: =IF((D98<$D$108), " No cumple", "Cumple") -> Cumple
B99: 91 | C99: =VLOOKUP(B99,'INFO. PROP'!$A$9:$D$105,2,FALSE) -> DAM SOLUCIONES E INGENIERIA SAS | D99: 800053000 | E99: 2.38 | F99: =IF(OR(D99="",E99=""),"NO CUMPLE",IF(D99<=800053615,IF(E99<=2.38,"CUMPLE","NO CUMPLE"),"NO CUMPLE")) -> CUMPLE | H99: =IF((D99<$D$108), " No cumple", "Cumple") -> Cumple
B100: 92 | C100: =VLOOKUP(B100,'INFO. PROP'!$A$9:$D$105,2,FALSE) -> DPC INGENIEROS SAS | D100: 800053541 | E100: 2.38 | F100: =IF(OR(D100="",E100=""),"NO CUMPLE",IF(D100<=800053615,IF(E100<=2.38,"CUMPLE","NO CUMPLE"),"NO CUMPLE")) -> CUMPLE | H100: =IF((D100<$D$108), " No cumple", "Cumple") -> Cumple
B101: 93 | C101: =VLOOKUP(B101,'INFO. PROP'!$A$9:$D$105,2,FALSE) -> CONSORCIO INTERBOSA | D101: 800053615 | E101: 2.38 | F101: =IF(OR(D101="",E101=""),"NO CUMPLE",IF(D101<=800053615,IF(E101<=2.38,"CUMPLE","NO CUMPLE"),"NO CUMPLE")) -> CUMPLE | H101: =IF((D101<$D$108), " No cumple", "Cumple") -> Cumple
B102: 94 | C102: =VLOOKUP(B102,'INFO. PROP'!$A$9:$D$105,2,FALSE) -> CELQO S.A.S. | D102: 800053615 | E102: 2.38 | F102: =IF(OR(D102="",E102=""),"NO CUMPLE",IF(D102<=800053615,IF(E102<=2.38,"CUMPLE","NO CUMPLE"),"NO CUMPLE")) -> CUMPLE | H102: =IF((D102<$D$108), " No cumple", "Cumple") -> Cumple
B103: 95 | C103: =VLOOKUP(B103,'INFO. PROP'!$A$9:$D$105,2,FALSE) -> CIVILE AMC-INTERVENTORÍAS | F103: =IF(OR(D103="",E103=""),"NO CUMPLE",IF(D103<=800053615,IF(E103<=2.38,"CUMPLE","NO CUMPLE"),"NO CUMPLE")) -> NO CUMPLE | G103: El proponente NO ALLEGA Formulario 1- propuesta economica, e incurre en la causal de rechazo del Numeral 1.15 del pliego de condiciones, literal S: " No presentar oferta económica y no subsanar su entrega, en los términos del numeral 1.6" | H103: =IF((D103<$D$108), " No cumple", "Cumple") -> No cumple
B104: 96 | C104: =VLOOKUP(B104,'INFO. PROP'!$A$9:$D$105,2,FALSE) -> INTERSA S.A. | F104: =IF(OR(D104="",E104=""),"NO CUMPLE",IF(D104<=800053615,IF(E104<=2.38,"CUMPLE","NO CUMPLE"),"NO CUMPLE")) -> NO CUMPLE | G104: El proponente NO ALLEGA Formulario 1- propuesta economica, e incurre en la causal de rechazo del Numeral 1.15 del pliego de condiciones, literal S: " No presentar oferta económica y no subsanar su entrega, en los términos del numeral 1.6" | H104: =IF((D104<$D$108), " No cumple", "Cumple") -> No cumple
C106: MEDIANA | D106: =MEDIAN(D9:D104) -> 800053615
C107: DESVIACION ESTANDAR | D107: =STDEVA(D9:D104) -> 2071959.2
C108: Precios artificialmente bajos | D108: =D106-D107 -> 7.9798166e+08

Sheet PUNTUABLES
A1: FONDO DE DESARROLLO LOCAL DE BOSA
A2: FDLBOSACM-004-2022(71937)
A3: OBJETO: REALIZAR LA INTERVENTORÍA TÉCNICA, ADMINISTRATIVA, FINANCIERA, JURÍDICA, SOCIAL, AMBIENTAL Y SST AL CONTRATO DE OBRA PÚBLICA QUE TENDRÁ POR OBJETO CONTRAC-TUAL EJECUTAR POR EL SISTEMA DE PRECIOS UNITARIOS FIJOS SIN FOR-MULA DE REAJUSTE Y A MONTO AGOTABLE LAS ACTIVIDADES NECESARIAS PARA LA EJECUCIÓN DE LAS OBRAS DE CONSTRUCCIÓN DE MALLA VIAL Y ESPACIO PUBLICO ASOCIADO DE LA LOCALIDAD DE BOSA, DE ACUERDO CON LA DESCRIPCIÓN, ESPECIFICACIONES, ESTUDIOS, DISEÑOS Y DEMÁS CONDICIONES ESTABLECIDAS EN E ANEXO TECNICO
A4: REQUISITOS PUNTUABLES
C5: FORMATO 9 – Equipo de trabajo (personal clave evaluable) | E5: Formato 7 - PUNTAJE A LA INDUSTRIA NACIONAL | G5: FORMATO 6 - DISCAPACIDAD | K5: PUNTAJE TOTAL POR CALIDAD | L5: OBSERVACIONES
A6: No. | B6: NOMBRE DEL PROPONENTE | C6: ACREDITA FORMATO Y CUMPLE | D6: PUNTAJE (puntos 10) | E6: ACREDITA APOYO A LA INDUSTRIA NACIONAL | F6: PUNTAJE (20 PUNTOS) | G6: APORTA FORMATO DISCAPACIDAD | H6: NOMBRE DE LA EMPRESA QUE SOPORTA LA DISCAPACIDAD | I6: CUMPLE | J6: PUNTAJE
C7: SI/ NO | E7: SI/NO | G7: SI / NO | I7: SI / NO | K7: MAX: 31 PTS
A8: 1 | B8: =VLOOKUP(A8,'INFO. PROP'!$A$9:$D$105,2,FALSE) -> SITELSA SAS | C8: SI | D8: =+IF(C8="SI",10,0) -> 10 | E8: SI | F8: =IF(E8="si",20,0) -> 20 | G8: SI | H8: SITELSA | I8: SI | J8: =IF(I8="si",1,0) -> 1 | K8: =+J8+F8+D8 -> 31
A9: 2 | B9: =VLOOKUP(A9,'INFO. PROP'!$A$9:$D$105,2,FALSE) -> PROES INGENIERIA SAS | C9: SI | D9: =+IF(C9="SI",10,0) -> 10 | E9: SI | F9: =IF(E9="si",20,0) -> 20 | G9: NO | I9: NO | J9: =IF(I9="si",1,0) -> 0 | K9: =+J9+F9+D9 -> 30 | L9: No allega formato 6 vinculacion discapacidad De igual manera el pliego de condiciones estable: "(...)Todos aquellos requisitos de la oferta que afecten la asignación de puntaje, incluyendo los necesarios para acreditar requisitos de desempate, no son subsanables, por lo que los mismos deben ser aportados por los proponentes desde la presentación de la oferta."
A10: 3 | B10: =VLOOKUP(A10,'INFO. PROP'!$A$9:$D$105,2,FALSE) -> CB INGENIEROS SAS | C10: SI | D10: =+IF(C10="SI",10,0) -> 10 | E10: SI | F10: =IF(E10="si",20,0) -> 20 | G10: SI | H10: CB INGENIEROS SAS | I10: NO | J10: =IF(I10="si",1,0) -> 0 | K10: =+J10+F10+D10 -> 30 | L10: No allega formato del ministerio de trabajo De igual manera el pliego de condiciones estable: "(...)Todos aquellos requisitos de la oferta que afecten la asignación de puntaje, incluyendo los necesarios para acreditar requisitos de desempate, no son subsanables, por lo que los mismos deben ser aportados por los proponentes desde la presentación de la oferta."
A11: 4 | B11: =VLOOKUP(A11,'INFO. PROP'!$A$9:$D$105,2,FALSE) -> JASEN CONSULTORES S.A.S. | C11: SI | D11: =+IF(C11="SI",10,0) -> 10 | E11: SI | F11: =IF(E11="si",20,0) -> 20 | G11: SI | H11: JASEN CONSULTORES S.A.S. | I11: SI | J11: =IF(I11="si",1,0) -> 1 | K11: =+J11+F11+D11 -> 31
A12: 5 | B12: =VLOOKUP(A12,'INFO. PROP'!$A$9:$D$105,2,FALSE) -> BOSA SIGLO XXI | C12: SI | D12: =+IF(C12="SI",10,0) -> 10 | E12: SI | F12: =IF(E12="si",20,0) -> 20 | G12: SI | H12: INGECO INGENIERIA DE CONSTRUCCIONES S.A.S | I12: SI | J12: =IF(I12="si",1,0) -> 1 | K12: =+J12+F12+D12 -> 31
A13: 6 | B13: =VLOOKUP(A13,'INFO. PROP'!$A$9:$D$105,2,FALSE) -> CONSORCIO ODESSA | C13: SI | D13: =+IF(C13="SI",10,0) -> 10 | E13: SI | F13: =IF(E13="si",20,0) -> 20 | G13: SI | H13: CGR SAS | I13: SI | J13: =IF(I13="si",1,0) -> 1 | K13: =+J13+F13+D13 -> 31
A14: 7 | B14: =VLOOKUP(A14,'INFO. PROP'!$A$9:$D$105,2,FALSE) -> CONSORCIO GMC | C14: SI | D14: =+IF(C14="SI",10,0) -> 10 | E14: SI | F14: =IF(E14="si",20,0) -> 20 | G14: SI | H14: GMC SAS | I14: SI | J14: =IF(I14="si",1,0) -> 1 | K14: =+J14+F14+D14 -> 31
A15: 8 | B15: =VLOOKUP(A15,'INFO. PROP'!$A$9:$D$105,2,FALSE) -> CONSULTORES INTERVENTORES COLOMBIANOS S.A.S. | C15: SI | D15: =+IF(C15="SI",10,0) -> 10 | E15: SI | F15: =IF(E15="si",20,0) -> 20 | G15: SI | H15: CONSULTORES INTERVENTORES COLOMBIANOS SAS | I15: SI | J15: =IF(I15="si",1,0) -> 1 | K15: =+J15+F15+D15 -> 31
A16: 9 | B16: =VLOOKUP(A16,'INFO. PROP'!$A$9:$D$105,2,FALSE) -> CONS GAB BOGOTA | C16: SI | D16: =+IF(C16="SI",10,0) -> 10 | E16: SI | F16: =IF(E16="si",20,0) -> 20 | G16: SI | H16: GERMAN BALLESTAS BERDEJO | I16: SI | J16: =IF(I16="si",1,0) -> 1 | K16: =+J16+F16+D16 -> 31
A17: 10 | B17: =VLOOKUP(A17,'INFO. PROP'!$A$9:$D$105,2,FALSE) -> CONSORCIO MT 2022 BOSA | C17: SI | D17: =+IF(C17="SI",10,0) -> 10 | E17: SI | F17: =IF(E17="si",20,0) -> 20 | G17: SI | H17: INGENIERIA MASTER S.A.S. | I17: SI | J17: =IF(I17="si",1,0) -> 1 | K17: =+J17+F17+D17 -> 31
A18: 11 | B18: =VLOOKUP(A18,'INFO. PROP'!$A$9:$D$105,2,FALSE) -> VELNEC S.A. | C18: SI | D18: =+IF(C18="SI",10,0) -> 10 | E18: SI | F18: =IF(E18="si",20,0) -> 20 | G18: SI | H18: VELNEC SAS | I18: SI | J18: =IF(I18="si",1,0) -> 1 | K18: =+J18+F18+D18 -> 31
A19: 12 | B19: =VLOOKUP(A19,'INFO. PROP'!$A$9:$D$105,2,FALSE) -> CONSORCIO INTERVIAS CD | C19: SI | D19: =+IF(C19="SI",10,0) -> 10 | E19: SI | F19: =IF(E19="si",20,0) -> 20 | G19: SI | H19: COMPAÑIA DE PROYECTOS TECNICOS CPT S A | I19: SI | J19: =IF(I19="si",1,0) -> 1 | K19: =+J19+F19+D19 -> 31
A20: 13 | B20: =VLOOKUP(A20,'INFO. PROP'!$A$9:$D$105,2,FALSE) -> CONSORCIO GBM VIAS | C20: SI | D20: =+IF(C20="SI",10,0) -> 10 | E20: SI | F20: =IF(E20="si",20,0) -> 20 | G20: SI | H20: B & C S A | I20: SI | J20: =IF(I20="si",1,0) -> 1 | K20: =+J20+F20+D20 -> 31
A21: 14 | B21: =VLOOKUP(A21,'INFO. PROP'!$A$9:$D$105,2,FALSE) -> CONSORCIO JGL | C21: SI | D21: =+IF(C21="SI",10,0) -> 10 | E21: SI | F21: =IF(E21="si",20,0) -> 20 | G21: SI | H21: JMELO INGENIERIA DE PROYECTOS SAS | I21: SI | J21: =IF(I21="si",1,0) -> 1 | K21: =+J21+F21+D21 -> 31
A22: 15 | B22: =VLOOKUP(A22,'INFO. PROP'!$A$9:$D$105,2,FALSE) -> P.I.V. Ingeniería S.A.S | C22: SI | D22: =+IF(C22="SI",10,0) -> 10 | E22: SI | F22: =IF(E22="si",20,0) -> 20 | G22: SI | H22: PROYECTOS CONSTRUCCIONES CIVILES Y VIALES S.A.S | I22: SI | J22: =IF(I22="si",1,0) -> 1 | K22: =+J22+F22+D22 -> 31
... A25: 18 | B25: =VLOOKUP(A25,'INFO. PROP'!$A$9:$D$105,2,FALSE) -> INGENIEROS CIVILES ESPECIALISTAS S.A.S. | C25: SI | D25: =+IF(C25="SI",10,0) -> 10 | E25: SI | F25: =IF(E25="si",20,0) -> 20 | G25: SI | H25: INGENIEROS CIVILES ESPECIALISTAS S.A.S | I25: SI | J25: =IF(I25="si",1,0) -> 1 | K25: =+J25+F25+D25 -> 31
A26: 19 | B26: =VLOOKUP(A26,'INFO. PROP'!$A$9:$D$105,2,FALSE) -> CONSORCIO SG | C26: SI | D26: =+IF(C26="SI",10,0) -> 10 | E26: SI | F26: =IF(E26="si",20,0) -> 20 | G26: SI | H26: ='INFO. PROP'!E28 -> SESAC | I26: SI | J26: =IF(I26="si",1,0) -> 1 | K26: =+J26+F26+D26 -> 31
A27: 20 | B27: =VLOOKUP(A27,'INFO. PROP'!$A$9:$D$105,2,FALSE) -> Estructurador Colombia SAS | C27: SI | D27: =+IF(C27="SI",10,0) -> 10 | E27: SI | F27: =IF(E27="si",20,0) -> 20 | G27: SI | H27: =B27 -> Estructurador Colombia SAS | I27: SI | J27: =IF(I27="si",1,0) -> 1 | K27: =+J27+F27+D27 -> 31
A28: 21 | B28: =VLOOKUP(A28,'INFO. PROP'!$A$9:$D$105,2,FALSE) -> SALGADO, MELENDEZ Y ASOCIADOS INGENIEROS CONSULTORES S.A.S | C28: SI | D28: =+IF(C28="SI",10,0) -> 10 | E28: SI | F28: =IF(E28="si",20,0) -> 20 | G28: SI | I28: NO | J28: =IF(I28="si",1,0) -> 0 | K28: =+J28+F28+D28 -> 30 | L28: No allega formato No. 6, ni la certificación del ministerio de trabajo De igual manera el pliego de condiciones estable: "(...)Todos aquellos requisitos de la oferta que afecten la asignación de puntaje, incluyendo los necesarios para acreditar requisitos de desempate, no son subsanables, por lo que los mismos deben ser aportados por los proponentes desde la presentación de la oferta."
A29: 22 | B29: =VLOOKUP(A29,'INFO. PROP'!$A$9:$D$105,2,FALSE) -> INGEOCILCON S.A.S. | C29: SI | D29: =+IF(C29="SI",10,0) -> 10 | E29: SI | F29: =IF(E29="si",20,0) -> 20 | G29: SI | H29: =B29 -> INGEOCILCON S.A.S. | I29: NO | J29: =IF(I29="si",1,0) -> 0 | K29: =+J29+F29+D29 -> 30 | L29: EL CERTIFICADO APORTADO DE DISCAPACIDAD TIENE FECHA: 14-SEPTIEMBRE-2021, POR TANTO NO SE ASIGNA PUNTAJE POR DISCAPACIDAD, TODA VEZ QUE LA VIGENCIA DE ESTE NO PUEDE SER SUPERIOR A 6 MESES, lo anterior de conformidad al pliego de condiciones numeral 4.4 VINCULACION DE PERSONAS CON DISCAPACIDAD "(...) ii) acreditar el número mínimo de personas con discapacidad en su planta de personal, de conformidad con lo señalado en el certificado expedido por el Ministerio de Trabajo, el cual deberá estar vigente a la fecha de cierre del proceso de selección.
A30: 23 | B30: =VLOOKUP(A30,'INFO. PROP'!$A$9:$D$105,2,FALSE) -> GNG SERVICIOS DE INGENIERIA S.A.S. | C30: SI | D30: =+IF(C30="SI",10,0) -> 10 | E30: SI | F30: =IF(E30="si",20,0) -> 20 | G30: SI | H30: =B30 -> GNG SERVICIOS DE INGENIERIA S.A.S. | I30: SI | J30: =IF(I30="si",1,0) -> 1 | K30: =+J30+F30+D30 -> 31
A31: 24 | B31: =VLOOKUP(A31,'INFO. PROP'!$A$9:$D$105,2,FALSE) -> Soluciones para la Ingeniería S.A.S. | C31: SI | D31: =+IF(C31="SI",10,0) -> 10 | E31: SI | F31: =IF(E31="si",20,0) -> 20 | G31: SI | H31: =B31 -> Soluciones para la Ingeniería S.A.S. | I31: SI | J31: =IF(I31="si",1,0) -> 1 | K31: =+J31+F31+D31 -> 31
A32: 25 | B32: =VLOOKUP(A32,'INFO. PROP'!$A$9:$D$105,2,FALSE) -> CONSORCIO VIAL BOGOTA | C32: SI | D32: =+IF(C32="SI",10,0) -> 10 | E32: SI | F32: =IF(E32="si",20,0) -> 20 | G32: SI | H32: ='INFO. PROP'!E34 -> EMPROCIV SAS | I32: SI | J32: =IF(I32="si",1,0) -> 1 | K32: =+J32+F32+D32 -> 31
A33: 26 | B33: =VLOOKUP(A33,'INFO. PROP'!$A$9:$D$105,2,FALSE) -> GEOTECNIA Y CIMIENTOS INGEOCIM S.A.S. | C33: SI | D33: =+IF(C33="SI",10,0) -> 10 | E33: SI | F33: =IF(E33="si",20,0) -> 20 | G33: SI | H33: =B33 -> GEOTECNIA Y CIMIENTOS INGEOCIM S.A.S. | I33: SI | J33: =IF(I33="si",1,0) -> 1 | K33: =+J33+F33+D33 -> 31
A34: 27 | B34: =VLOOKUP(A34,'INFO. PROP'!$A$9:$D$105,2,FALSE) -> COPEBA S.A.S. | C34: SI | D34: =+IF(C34="SI",10,0) -> 10 | E34: SI | F34: =IF(E34="si",20,0) -> 20 | G34: SI | H34: =B34 -> COPEBA S.A.S. | I34: SI | J34: =IF(I34="si",1,0) -> 1 | K34: =+J34+F34+D34 -> 31
A35: 28 | B35: =VLOOKUP(A35,'INFO. PROP'!$A$9:$D$105,2,FALSE) -> CONSORCIO SAN JUAN BOSA 4 | C35: SI | D35: =+IF(C35="SI",10,0) -> 10 | E35: NO | F35: =IF(E35="si",20,0) -> 0 | G35: SI | H35: SHM INGENIERIA SAS | I35: SI | J35: =IF(I35="si",1,0) -> 1 | K35: =+J35+F35+D35 -> 11 | L35: El proponente aporta un formato de APOYO A LA INDUSTRIA NACIONAL, donde menciona lo siguinete: “Para el cumplimiento de esta obligación, tendrá que verificarse la nacionalidad del personal, para lo que deberá presentarse alguno de los documentos previstos en el numeral 4.3.1.1 del documento base de las personas con las cuales se cumple el porcentaje de personal no inferior al 40%.”, teniendo en cuenta que dicho porcentaje debe ser mayor al 90 % segun lo indica el pliego de condiciones y el EstudioPrevio del proceso en cuestion, Por tanto no se le asigna puntaje por de APOYO A LA INDUSTRIA NACIONAL
A36: 29 | B36: =VLOOKUP(A36,'INFO. PROP'!$A$9:$D$105,2,FALSE) -> CODIPRO INGENIERÍA Y ARQUITECTURA LTDA. | C36: SI | D36: =+IF(C36="SI",10,0) -> 10 | E36: SI | F36: =IF(E36="si",20,0) -> 20 | G36: SI | H36: =B36 -> CODIPRO INGENIERÍA Y ARQUITECTURA LTDA. | I36: SI | J36: =IF(I36="si",1,0) -> 1 | K36: =+J36+F36+D36 -> 31
A37: 30 | B37: =VLOOKUP(A37,'INFO. PROP'!$A$9:$D$105,2,FALSE) -> CONSULTORES DONOVAN SAS | C37: SI | D37: =+IF(C37="SI",10,0) -> 10 | E37: SI | F37: =IF(E37="si",20,0) -> 20 | G37: SI | H37: =B37 -> CONSULTORES DONOVAN SAS | I37: SI | J37: =IF(I37="si",1,0) -> 1 | K37: =+J37+F37+D37 -> 31
A38: 31 | B38: =VLOOKUP(A38,'INFO. PROP'!$A$9:$D$105,2,FALSE) -> MAB INGENIERIA DE VALOR S.A. | C38: SI | D38: =+IF(C38="SI",10,0) -> 10 | E38: SI | F38: =IF(E38="si",20,0) -> 20 | G38: SI | H38: =B38 -> MAB INGENIERIA DE VALOR S.A. | I38: SI | J38: =IF(I38="si",1,0) -> 1 | K38: =+J38+F38+D38 -> 31
A39: 32 | B39: =VLOOKUP(A39,'INFO. PROP'!$A$9:$D$105,2,FALSE) -> CONSORCIO GIS BOSA | C39: SI | D39: =+IF(C39="SI",10,0) -> 10 | E39: SI | F39: =IF(E39="si",20,0) -> 20 | G39: SI | H39: ='INFO. PROP'!E41 -> GIS-EAP S.A.S. | I39: SI | J39: =IF(I39="si",1,0) -> 1 | K39: =+J39+F39+D39 -> 31
A40: 33 | B40: =VLOOKUP(A40,'INFO. PROP'!$A$9:$D$105,2,FALSE) -> RAFAEL JAVIER GUISA RUEDA | C40: SI | D40: =+IF(C40="SI",10,0) -> 10 | E40: SI | F40: =IF(E40="si",20,0) -> 20 | G40: SI | H40: =B40 -> RAFAEL JAVIER GUISA RUEDA | I40: SI | J40: =IF(I40="si",1,0) -> 1 | K40: =+J40+F40+D40 -> 31
A41: 34 | B41: =VLOOKUP(A41,'INFO. PROP'!$A$9:$D$105,2,FALSE) -> CONSORCIO INTERMALLAVIAL BOSA | C41: SI | D41: =+IF(C41="SI",10,0) -> 10 | E41: SI | F41: =IF(E41="si",20,0) -> 20 | G41: SI | H41: ='INFO. PROP'!E43 -> CAYENA CONSULTORES | I41: SI | J41: =IF(I41="si",1,0) -> 1 | K41: =+J41+F41+D41 -> 31
A42: 35 | B42: =VLOOKUP(A42,'INFO. PROP'!$A$9:$D$105,2,FALSE) -> Consorcio RP Bosa | C42: SI | D42: =+IF(C42="SI",10,0) -> 10 | E42: SI | F42: =IF(E42="si",20,0) -> 20 | G42: SI | H42: ='INFO. PROP'!E44 -> GUSTAVO ROSO GOMEZ | I42: SI | J42: =IF(I42="si",1,0) -> 1 | K42: =+J42+F42+D42 -> 31
A43: 36 | B43: =VLOOKUP(A43,'INFO. PROP'!$A$9:$D$105,2,FALSE) -> CONSORCIO OPH - CAP 2022 | C43: SI | D43: =+IF(C43="SI",10,0) -> 10 | E43: NO | F43: =IF(E43="si",20,0) -> 0 | G43: SI | H43: ='INFO. PROP'!G45 -> CARLOS ALBERTO PALTA MUÑOZ | I43: SI | J43: =IF(I43="si",1,0) -> 1 | K43: =+J43+F43+D43 -> 11 | L43: El proponente aporta dos formatos de APOYO A LA INDUSTRIA NACIONAL, el formato válido para este consorcio es el que debe venir firmado por la representante legal ANA ISABEL HENDE CARREÑO, quien dentro del formato allega un porcentaje de 0% del total del personal requerido para el cumplimiento del contrato. Por lo tanto no se asigna puntaje para APOYO A LA INDUSTRI NACIONAL en aplicación del pliego de condiciones numeral 4.3.1.1.
A44: 37 | B44: =VLOOKUP(A44,'INFO. PROP'!$A$9:$D$105,2,FALSE) -> ARQING CONSULTORIA Y CONSTRUCCIONES SAS | C44: SI | D44: =+IF(C44="SI",10,0) -> 10 | E44: SI | F44: =IF(E44="si",20,0) -> 20 | G44: NO | H44: ARQING S.A.S | I44: NO | J44: =IF(I44="si",1,0) -> 0 | K44: =+J44+F44+D44 -> 30 | L44: El proponenete no allega el formato 6 vinculación de personal con discapacidad. De igual manera el pliego de condiciones estable: "(...)Todos aquellos requisitos de la oferta que afecten la asignación de puntaje, incluyendo los necesarios para acreditar requisitos de desempate, no son subsanables, por lo que los mismos deben ser aportados por los proponentes desde la presentación de la oferta."
A45: 38 | B45: =VLOOKUP(A45,'INFO. PROP'!$A$9:$D$105,2,FALSE) -> HERNAN ALONSO VELASQUEZ CABEZA | C45: SI | D45: =+IF(C45="SI",10,0) -> 10 | E45: SI | F45: =IF(E45="si",20,0) -> 20 | G45: NO | H45: HERNAN ALONSO VELASQUEZ | I45: NO | J45: =IF(I45="si",1,0) -> 0 | K45: =+J45+F45+D45 -> 30 | L45: El proponente no allega los requisitos (Formato 6 - Certificado vigente ministerio de trabajo)para obtener el puntaje por vinculación de personal con discapacidad. De igual manera el pliego de condiciones estable: "(...)Todos aquellos requisitos de la oferta que afecten la asignación de puntaje, incluyendo los necesarios para acreditar requisitos de desempate, no son subsanables, por lo que los mismos deben ser aportados por los proponentes desde la presentación de la oferta."
A46: 39 | B46: =VLOOKUP(A46,'INFO. PROP'!$A$9:$D$105,2,FALSE) -> CONSORCIO INTERSPACIOS BOSA | C46: SI | D46: 0 | E46: SI | F46: 0 | G46: SI | H46: CGB S.A.S. | I46: NO | J46: =IF(I46="si",1,0) -> 0 | K46: =+J46+F46+D46 -> 0 | L46: Proponente no habilitado técnicamente, por lo tanto no obtiene puntos.
A47: 40 | B47: =VLOOKUP(A47,'INFO. PROP'!$A$9:$D$105,2,FALSE) -> UT INTERVENTORIA BOSA 2022 | C47: SI | D47: =+IF(C47="SI",10,0) -> 10 | E47: SI | F47: =IF(E47="si",20,0) -> 20 | G47: SI | H47: CONSEINT SAS | I47: SI | J47: =IF(I47="si",1,0) -> 1 | K47: =+J47+F47+D47 -> 31
A48: 41 | B48: =VLOOKUP(A48,'INFO. PROP'!$A$9:$D$105,2,FALSE) -> PROYECTISTAS DE COLOMBIA & CIA SAS | C48: SI | D48: =+IF(C48="SI",10,0) -> 10 | E48: SI | F48: =IF(E48="si",20,0) -> 20 | G48: SI | H48: PROYECTOS E INTERVENTORIAS S.A.S. “PI S.A.S.” | I48: SI | J48: =IF(I48="si",1,0) -> 1 | K48: =+J48+F48+D48 -> 31
A49: 42 | B49: =VLOOKUP(A49,'INFO. PROP'!$A$9:$D$105,2,FALSE) -> COMPAÑIA DE INTERVENTORIAS Y CONSULTORIAS DE LA COSTA SAS | C49: SI | D49: =+IF(C49="SI",10,0) -> 10 | E49: SI | F49: =IF(E49="si",20,0) -> 20 | G49: SI | H49: CINCO SAS INENIEROS CONSULTORES | I49: SI | J49: =IF(I49="si",1,0) -> 1 | K49: =+J49+F49+D49 -> 31
A50: 43 | B50: =VLOOKUP(A50,'INFO. PROP'!$A$9:$D$105,2,FALSE) -> CONSORCIO INTERBOSA 2022 | C50: SI | D50: =+IF(C50="SI",10,0) -> 10 | E50: SI | F50: =IF(E50="si",20,0) -> 20 | G50: SI | H50: INEXIA SAS | I50: SI | J50: =IF(I50="si",1,0) -> 1 | K50: =+J50+F50+D50 -> 31
A51: 44 | B51: =VLOOKUP(A51,'INFO. PROP'!$A$9:$D$105,2,FALSE) -> CONSORCIO ALMA-GILLI | C51: SI | D51: =+IF(C51="SI",10,0) -> 10 | E51: SI | F51: =IF(E51="si",20,0) -> 20 | G51: SI | H51: ALMA INTERVENTORIA & CONSTRUCCIONES SAS | I51: SI | J51: =IF(I51="si",1,0) -> 1 | K51: =+J51+F51+D51 -> 31
A52: 45 | B52: =VLOOKUP(A52,'INFO. PROP'!$A$9:$D$105,2,FALSE) -> Wilmer Junior Gomez Brito | C52: SI | D52: =+IF(C52="SI",10,0) -> 10 | E52: SI | F52: =IF(E52="si",20,0) -> 20 | G52: SI | H52: WILMER JUNIOR GOMEZ BRITO | I52: SI | J52: =IF(I52="si",1,0) -> 1 | K52: =+J52+F52+D52 -> 31
A53: 46 | B53: =VLOOKUP(A53,'INFO. PROP'!$A$9:$D$105,2,FALSE) -> CONSTRUCCIONES INTERVENTORIAS ISAZA INGENIERIA SAS | C53: SI | D53: =+IF(C53="SI",10,0) -> 10 | E53: SI | F53: =IF(E53="si",20,0) -> 20 | G53: SI | H53: COINZA ING SAS | I53: SI | J53: =IF(I53="si",1,0) -> 1 | K53: =+J53+F53+D53 -> 31
A54: 47 | B54: =VLOOKUP(A54,'INFO. PROP'!$A$9:$D$105,2,FALSE) -> CONSORCIO BOSA INFRA-VIAL | C54: SI | D54: =+IF(C54="SI",10,0) -> 10 | E54: SI | F54: =IF(E54="si",20,0) -> 20 | G54: SI | H54: INFRALAR S.A.S. | I54: SI | J54: =IF(I54="si",1,0) -> 1 | K54: =+J54+F54+D54 -> 31
A55: 48 | B55: =VLOOKUP(A55,'INFO. PROP'!$A$9:$D$105,2,FALSE) -> CS BOSA JI 004 | C55: SI | D55: =+IF(C55="SI",10,0) -> 10 | E55: SI | F55: =IF(E55="si",20,0) -> 20 | G55: SI | H55: JPS INGENIERIA SAS | I55: SI | J55: =IF(I55="si",1,0) -> 1 | K55: =+J55+F55+D55 -> 31
A56: 49 | B56: =VLOOKUP(A56,'INFO. PROP'!$A$9:$D$105,2,FALSE) -> ELSA MARIA RUEDA LANDINEZ INGENIERIA SAS | C56: SI | D56: =+IF(C56="SI",10,0) -> 10 | E56: SI | F56: =IF(E56="si",20,0) -> 20 | G56: SI | H56: ELSA MARIA RUEDA LANDINEZ INGENIERIA S.A.S. | I56: SI | J56: =IF(I56="si",1,0) -> 1 | K56: =+J56+F56+D56 -> 31
A57: 50 | B57: =VLOOKUP(A57,'INFO. PROP'!$A$9:$D$105,2,FALSE) -> CONSORCIO INTERBOGOTA B&B | C57: SI | D57: =+IF(C57="SI",10,0) -> 10 | E57: SI | F57: =IF(E57="si",20,0) -> 20 | G57: SI | H57: BATEMAN INGENIERIA SAS | I57: SI | J57: =IF(I57="si",1,0) -> 1 | K57: =+J57+F57+D57 -> 31
A58: 51 | B58: =VLOOKUP(A58,'INFO. PROP'!$A$9:$D$105,2,FALSE) -> INTERVIAL BOGOTA | C58: SI | D58: =+IF(C58="SI",10,0) -> 10 | E58: SI | F58: =IF(E58="si",20,0) -> 20 | G58: SI | H58: IAR PROYECTOS SAS | I58: SI | J58: =IF(I58="si",1,0) -> 1 | K58: =+J58+F58+D58 -> 31
... A79: 72 | B79: =VLOOKUP(A79,'INFO. PROP'!$A$9:$D$105,2,FALSE) -> UNIÓN TEMPORAL - RUTAS BOSA. | C79: SI | D79: =+IF(C79="SI",10,0) -> 10 | E79: SI | F79: =IF(E79="si",20,0) -> 20 | G79: SI | H79: ALVARO GARCIA PARRA AGP | I79: SI | J79: =IF(I79="si",1,0) -> 1 | K79: =+J79+F79+D79 -> 31
A80: 73 | B80: =VLOOKUP(A80,'INFO. PROP'!$A$9:$D$105,2,FALSE) -> CONSORCIO AV | C80: SI | D80: =+IF(C80="SI",10,0) -> 10 | E80: SI | F80: =IF(E80="si",20,0) -> 20 | G80: NO | I80: NO | J80: =IF(I80="si",1,0) -> 0 | K80: =+J80+F80+D80 -> 30 | L80: No se evidencia formato No. 6 de viculacion de personal con discapacidad por lo que no se otorga puntaje De igual manera el pliego de condiciones estable: "(...)Todos aquellos requisitos de la oferta que afecten la asignación de puntaje, incluyendo los necesarios para acreditar requisitos de desempate, no son subsanables, por lo que los mismos deben ser aportados por los proponentes desde la presentación de la oferta."
A81: 74 | B81: =VLOOKUP(A81,'INFO. PROP'!$A$9:$D$105,2,FALSE) -> CONSORCIO INGEVIAL | C81: SI | D81: =+IF(C81="SI",10,0) -> 10 | E81: SI | F81: =IF(E81="si",20,0) -> 20 | G81: SI | H81: LINO ANDRES MENDOZA VELASQUEZ | I81: SI | J81: =IF(I81="si",1,0) -> 1 | K81: =+J81+F81+D81 -> 31
A82: 75 | B82: =VLOOKUP(A82,'INFO. PROP'!$A$9:$D$105,2,FALSE) -> CONSORCIO INTERVENTORIA BOSA | C82: SI | D82: =+IF(C82="SI",10,0) -> 10 | E82: SI | F82: =IF(E82="si",20,0) -> 20 | G82: SI | H82: TECNICONSULTA S.A. | I82: SI | J82: =IF(I82="si",1,0) -> 1 | K82: =+J82+F82+D82 -> 31
A83: 76 | B83: =VLOOKUP(A83,'INFO. PROP'!$A$9:$D$105,2,FALSE) -> CONSORCIO ING VIAL | C83: SI | D83: =+IF(C83="SI",10,0) -> 10 | E83: SI | F83: =IF(E83="si",20,0) -> 20 | G83: SI | H83: INGECINCO LTDA | I83: SI | J83: =IF(I83="si",1,0) -> 1 | K83: =+J83+F83+D83 -> 31
A84: 77 | B84: =VLOOKUP(A84,'INFO. PROP'!$A$9:$D$105,2,FALSE) -> CONSORCIO INTERVENTORES | C84: SI | D84: =+IF(C84="SI",10,0) -> 10 | E84: SI | F84: =IF(E84="si",20,0) -> 20 | G84: SI | H84: COMPAÑIA CONSULTORA COLOMBIANA TRIPLE C S.A.S.-BIC VALLEJO H. INGENIEROS CONSULTORES COSNTRUCTIRES S.A.S. | I84: SI | J84: =IF(I84="si",1,0) -> 1 | K84: =+J84+F84+D84 -> 31
A85: 78 | B85: =VLOOKUP(A85,'INFO. PROP'!$A$9:$D$105,2,FALSE) -> INGENIERIA Y CONSULTORIA INGECON SAS | C85: SI | D85: =+IF(C85="SI",10,0) -> 10 | E85: SI | F85: =IF(E85="si",20,0) -> 20 | G85: SI | H85: INGECON SAS | I85: SI | J85: =IF(I85="si",1,0) -> 1 | K85: =+J85+F85+D85 -> 31
A86: 79 | B86: =VLOOKUP(A86,'INFO. PROP'!$A$9:$D$105,2,FALSE) -> INTERVENTORIA Y CONSTRUCIVILES SAS | C86: SI | D86: =+IF(C86="SI",10,0) -> 10 | E86: NO | F86: =IF(E86="si",20,0) -> 0 | G86: SI | H86: INTERVENTORIA Y CONSTRUCIVILES SAS | I86: SI | J86: =IF(I86="si",1,0) -> 1 | K86: =+J86+F86+D86 -> 11 | L86: EL FORMATO APORTADO No. 7 INDUSTRIA NACIONAL NO SE PRESENTA ACORDE CON EL FORMATO REQUERIDO POR LA ENTIDAD POR LO QUE NO SE OTORGA EL PUNTAJE De igual manera el pliego de condiciones estable: "(...)Todos aquellos requisitos de la oferta que afecten la asignación de puntaje, incluyendo los necesarios para acreditar requisitos de desempate, no son subsanables, por lo que los mismos deben ser aportados por los proponentes desde la presentación de la oferta."
A87: 80 | B87: =VLOOKUP(A87,'INFO. PROP'!$A$9:$D$105,2,FALSE) -> CONSORCIO INTERVIAS BOSA -22 | C87: SI | D87: =+IF(C87="SI",10,0) -> 10 | E87: SI | F87: =IF(E87="si",20,0) -> 20 | G87: SI | H87: INGECONA SAS | I87: SI | J87: =IF(I87="si",1,0) -> 1 | K87: =+J87+F87+D87 -> 31
A88: 81 | B88: =VLOOKUP(A88,'INFO. PROP'!$A$9:$D$105,2,FALSE) -> AYM CONSULTORIA SAS | C88: SI | D88: =+IF(C88="SI",10,0) -> 10 | E88: SI | F88: =IF(E88="si",20,0) -> 20 | G88: SI | H88: AYM CONSULTORIA SAS | I88: SI | J88: =IF(I88="si",1,0) -> 1 | K88: =+J88+F88+D88 -> 31
A89: 82 | B89: =VLOOKUP(A89,'INFO. PROP'!$A$9:$D$105,2,FALSE) -> CONSORCIO NLA 2022 | C89: SI | D89: =+IF(C89="SI",10,0) -> 10 | E89: SI | F89: =IF(E89="si",20,0) -> 20 | G89: SI | H89: NOGAALL SAS | I89: SI | J89: =IF(I89="si",1,0) -> 1 | K89: =+J89+F89+D89 -> 31
A90: 83 | B90: =VLOOKUP(A90,'INFO. PROP'!$A$9:$D$105,2,FALSE) -> CONSORCIO URBANO | C90: SI | D90: =+IF(C90="SI",10,0) -> 10 | E90: SI | F90: =IF(E90="si",20,0) -> 20 | G90: SI | H90: INCOPLAN S.A. PAVIMENTOS Y GEOTECNIA SAS | I90: SI | J90: =IF(I90="si",1,0) -> 1 | K90: =+J90+F90+D90 -> 31
A91: 84 | B91: =VLOOKUP(A91,'INFO. PROP'!$A$9:$D$105,2,FALSE) -> CONSORCIO INTERVIAL AB 004 | C91: SI | D91: =+IF(C91="SI",10,0) -> 10 | E91: SI | F91: =IF(E91="si",20,0) -> 20 | G91: SI | H91: GUSTAVO PEREZ MARIÑO INTERESTUDIOS INGENIERIA SAS | I91: SI | J91: =IF(I91="si",1,0) -> 1 | K91: =+J91+F91+D91 -> 31
A92: 85 | B92: =VLOOKUP(A92,'INFO. PROP'!$A$9:$D$105,2,FALSE) -> CONSORCIO MALLA VIAL BOSA 22 | C92: SI | D92: =+IF(C92="SI",10,0) -> 10 | E92: SI | F92: =IF(E92="si",20,0) -> 20 | G92: SI | H92: SERVICIOS Y CONSULTORIAS EN INGENIERIA SAS | I92: SI | J92: =IF(I92="si",1,0) -> 1 | K92: =+J92+F92+D92 -> 31
A93: 86 | B93: =VLOOKUP(A93,'INFO. PROP'!$A$9:$D$105,2,FALSE) -> TERRA INGENIEROS CIVILES SAS | C93: SI | D93: =+IF(C93="SI",10,0) -> 10 | E93: NO | F93: =IF(E93="si",20,0) -> 0 | G93: SI | H93: TERRA INGENIEROS CIVILES SAS | I93: SI | J93: =IF(I93="si",1,0) -> 1 | K93: =+J93+F93+D93 -> 11 | L93: EL FORMATO APORTADO No. 7 INDUSTRIA NACIONAL NO CUMPLE EL MINIMO DE PERSONAL DEFINIDO EN EL NUMERAL 4.3.1. DE LOS PLIEGOS DE CONDICIONES POR LO QUE NO SE LE OTORGA PUNTAJE
A94: 87 | B94: =VLOOKUP(A94,'INFO. PROP'!$A$9:$D$105,2,FALSE) -> CONSORCIO INTERVENTORIA BOSA | C94: SI | D94: =+IF(C94="SI",10,0) -> 10 | E94: SI | F94: =IF(E94="si",20,0) -> 20 | G94: SI | H94: INFRAESTRUCTURAS E INGENIERIA GLOBAL SAS | I94: SI | J94: =IF(I94="si",1,0) -> 1 | K94: =+J94+F94+D94 -> 31
A95: 88 | B95: =VLOOKUP(A95,'INFO. PROP'!$A$9:$D$105,2,FALSE) -> CONSORCIO VIAS URBANAS PCC | C95: SI | D95: =+IF(C95="SI",10,0) -> 10 | E95: SI | F95: =IF(E95="si",20,0) -> 20 | G95: SI | H95: PEDRO JOSE CORREDOR BECERRA | I95: SI | J95: =IF(I95="si",1,0) -> 1 | K95: =+J95+F95+D95 -> 31
A96: 89 | B96: =VLOOKUP(A96,'INFO. PROP'!$A$9:$D$105,2,FALSE) -> CONSORCIO CONEXION VIAL BOSA | C96: SI | D96: =+IF(C96="SI",10,0) -> 10 | E96: SI | F96: =IF(E96="si",20,0) -> 20 | G96: SI | H96: 2C INGENIEROS SA | I96: SI | J96: =IF(I96="si",1,0) -> 1 | K96: =+J96+F96+D96 -> 31
A97: 90 | B97: =VLOOKUP(A97,'INFO. PROP'!$A$9:$D$105,2,FALSE) -> CONSORCIO INT. GQQI | C97: SI | D97: =+IF(C97="SI",10,0) -> 10 | E97: SI | F97: =IF(E97="si",20,0) -> 20 | G97: SI | H97: GRUPO QUIMBAYA SAS | I97: SI | J97: =IF(I97="si",1,0) -> 1 | K97: =+J97+F97+D97 -> 31
A98: 91 | B98: =VLOOKUP(A98,'INFO. PROP'!$A$9:$D$105,2,FALSE) -> DAM SOLUCIONES E INGENIERIA SAS | C98: SI | D98: =+IF(C98="SI",10,0) -> 10 | E98: SI | F98: =IF(E98="si",20,0) -> 20 | G98: SI | H98: DAM SOLUCIONES E INGENIERIA SAS | I98: SI | J98: =IF(I98="si",1,0) -> 1 | K98: =+J98+F98+D98 -> 31
A99: 92 | B99: =VLOOKUP(A99,'INFO. PROP'!$A$9:$D$105,2,FALSE) -> DPC INGENIEROS SAS | C99: SI | D99: =+IF(C99="SI",10,0) -> 10 | E99: SI | F99: =IF(E99="si",20,0) -> 20 | G99: SI | H99: DPC INGENIEROS SAS | I99: SI | J99: =IF(I99="si",1,0) -> 1 | K99: =+J99+F99+D99 -> 31
A100: 93 | B100: =VLOOKUP(A100,'INFO. PROP'!$A$9:$D$105,2,FALSE) -> CONSORCIO INTERBOSA | C100: SI | D100: =+IF(C100="SI",10,0) -> 10 | E100: NO | F100: =IF(E100="si",20,0) -> 0 | G100: SI | H100: ECOVIAS S.A.S | I100: SI | J100: =IF(I100="si",1,0) -> 1 | K100: =+J100+F100+D100 -> 11 | L100: El proponente presenta el formato 7 de apoyo a la industria nacional, no obstante no cumple con el porcentaje requerido por la entidad de prestación de servicios colombianos de minimo el 90% el proponente establecio en el formato 40% de prestación de servicios colombianos. De igual manera el pliego de condiciones estable: ""Todos aquellos requisitos de la oferta que afecten la asignación de puntaje, incluyendo los necesarios para acreditar requisitos de desempate, no son subsanables, por lo que los mismos deben ser aportados por los proponentes desde la presentación de la oferta""."
A101: 94 | B101: =VLOOKUP(A101,'INFO. PROP'!$A$9:$D$105,2,FALSE) -> CELQO S.A.S. | C101: SI | D101: =+IF(C101="SI",10,0) -> 10 | E101: SI | F101: =IF(E101="si",20,0) -> 20 | G101: SI | H101: CELQO S.A.S. | I101: SI | J101: =IF(I101="si",1,0) -> 1 | K101: =+J101+F101+D101 -> 31
A102: 95 | B102: =VLOOKUP(A102,'INFO. PROP'!$A$9:$D$105,2,FALSE) -> CIVILE AMC-INTERVENTORÍAS | C102: SI | D102: =+IF(C102="SI",10,0) -> 10 | E102: SI | F102: =IF(E102="si",20,0) -> 20 | G102: SI | H102: CIVILE SAS | I102: SI | J102: =IF(I102="si",1,0) -> 1 | K102: =+J102+F102+D102 -> 31
A103: 96 | B103: =VLOOKUP(A103,'INFO. PROP'!$A$9:$D$105,2,FALSE) -> INTERSA S.A. | C103: SI | D103: =+IF(C103="SI",10,0) -> 10 | E103: SI | F103: =IF(E103="si",20,0) -> 20 | G103: SI | H103: INTERSA S.A. | I103: SI | J103: =IF(I103="si",1,0) -> 1 | K103: =+J103+F103+D103 -> 31

Sheet CONSOLIDADO 
B1: FONDO DE DESARROLLO LOCAL DE BOSA
B3: ='INFO. PROP'!B3 -> OBJETO: REALIZAR LA INTERVENTORÍA TÉCNICA, ADMINISTRATIVA, FINANCIERA, JURÍDICA, SOCIAL, AMBIENTAL Y SST AL CONTRATO DE OBRA PÚBLICA QUE TENDRÁ POR OBJETO CONTRAC-TUAL EJECUTAR POR EL SISTEMA DE PRECIOS UNITARIOS FIJOS SIN FOR-MULA DE REAJUSTE Y A MONTO AGOTABLE LAS ACTIVIDADES NECESARIAS PARA LA EJECUCIÓN DE LAS OBRAS DE CONSTRUCCIÓN DE MALLA VIAL Y ESPACIO PUBLICO ASOCIADO DE LA LOCALIDAD DE BOSA, DE ACUERDO CON LA DESCRIPCIÓN, ESPECIFICACIONES, ESTUDIOS, DISEÑOS Y DEMÁS CONDICIONES ESTABLECIDAS EN E ANEXO TECNICO
B4: CONSOLIDADO DE LA EVALUACIÓN FINAL - CRITERIOS HABILITANTES Y PUNTUABLES
B6: Orden de entrega de la propuesta | C6: PROPONENTE | D6: REQUISITOS HABILITANTES | K6: CRITERIOS PUNTUABLES | Q6: OBSERVACIONES
C7: PROPONENTE | D7: ASPECTOS JURÍDICOS | E7: ÍNDICES FINANCIEROS | F7: EXPERIENCIA ESPECIFICA MÍNIMA | G7: PROPUESTA ECONOMICA | H7: EXPERIENCIA ESPECIFICA MÍNIMA / PROMEDIO | I7: CARTA DE COMPROMISO PERSONAL CLAVE | J7: CONSOLIDADO HABILITANTE GENERAL | K7: FACTOR ECONÓMICO (MAX 69 PUNTOS) | L7: FORMATO 9 – Equipo de trabajo ( personal clave evaluable) | M7: Formato 7 - PUNTAJE A LA INDUSTRIA NACIONAL | N7: FORMATO 6 - DISCAPACIDAD | O7: VERIFICACIÓN ART 58 LEY 2195 DE 18 DE ENERO DE 2022 REDUCCIÓN PORCENTAJE (2)% | P7: TOTAL PUNTAJE (MAX 100 PUNTOS)
A8: =IFERROR(RANK(P8,$P$8:$P$19,0)+COUNTIF($P$8:P8,P8)-1,"") -> 10 | B8: 1 | C8: =VLOOKUP(B8,'INFO. PROP'!A9:D105,2,FALSE) -> SITELSA SAS | D8: CUMPLE | E8: CUMPLE | F8: =VLOOKUP(B8,'EXPER. PROP.'!$B$26:$AC$1271,25,FALSE) -> CUMPLE | G8: ='PROPUESTA ECONOMICA'!F9 -> CUMPLE | H8: =IF(F8="CUMPLE",(VLOOKUP(B8,'EXPER. PROP.'!$B$26:$AC$1271,22,FALSE))," ") -> 1127.077 | I8: =VLOOKUP(B8,'EXPER. PROP.'!$B$26:$AC$1271,27,FALSE) -> CUMPLE | J8: =IF(OR(D8="",E8="",F8=""),"NO CUMPLE",IF(OR(E8="NO CUMPLE",F8="NO CUMPLE"&"SUBSANAR",,D8="NO CUMPLE",G8="NO CUMPLE"),"RECHAZADO","HABILITADO")) -> HABILITADO | K8: =IF(J8="HABILITADO",EVALUACION!J6,0) -> 6.867561 | L8: =IF(J8="habilitado",PUNTUABLES!D8,0) -> 10 | M8: =IF(J8="habilitado",PUNTUABLES!F8,0) -> 20 | N8: =IF(J8="habilitado",PUNTUABLES!J8,0) -> 1 | O8: NO | P8: =IF(J8="HABILITADO",(+N8+M8+L8+K8),"RECHAZADO, NO OBTIENE PUNTAJE") -> 37.867561
A9: =IFERROR(RANK(P9,$P$8:$P$19,0)+COUNTIF($P$8:P9,P9)-1,"") -> 1 | B9: 2 | C9: =VLOOKUP(B9,'INFO. PROP'!A10:D106,2,FALSE) -> PROES INGENIERIA SAS | D9: CUMPLE | E9: CUMPLE | F9: =VLOOKUP(B9,'EXPER. PROP.'!$B$26:$AC$1271,25,FALSE) -> CUMPLE | G9: ='PROPUESTA ECONOMICA'!F10 -> CUMPLE | H9: =IF(F9="CUMPLE",(VLOOKUP(B9,'EXPER. PROP.'!$B$26:$AC$1271,22,FALSE))," ") -> 689.77205 | I9: =VLOOKUP(B9,'EXPER. PROP.'!$B$26:$AC$1271,27,FALSE) -> CUMPLE | J9: =IF(OR(D9="",E9="",F9=""),"NO CUMPLE",IF(OR(E9="NO CUMPLE",F9="NO CUMPLE"&"SUBSANAR",,D9="NO CUMPLE",G9="NO CUMPLE"),"RECHAZADO","HABILITADO")) -> HABILITADO | K9: =IF(J9="HABILITADO",EVALUACION!J7,0) -> 57.74684 | L9: =IF(J9="habilitado",PUNTUABLES!D9,0) -> 10 | M9: =IF(J9="habilitado",PUNTUABLES!F9,0) -> 20 | N9: =IF(J9="habilitado",PUNTUABLES!J9,0) -> 0 | O9: NO | P9: =IF(J9="HABILITADO",(+N9+M9+L9+K9),"RECHAZADO, NO OBTIENE PUNTAJE") -> 87.74684
A10: =IFERROR(RANK(P10,$P$8:$P$19,0)+COUNTIF($P$8:P10,P10)-1,"") -> 8 | B10: 3 | C10: =VLOOKUP(B10,'INFO. PROP'!A11:D107,2,FALSE) -> CB INGENIEROS SAS | D10: CUMPLE | E10: CUMPLE | F10: =VLOOKUP(B10,'EXPER. PROP.'!$B$26:$AC$1271,25,FALSE) -> CUMPLE | G10: ='PROPUESTA ECONOMICA'!F11 -> CUMPLE | H10: =IF(F10="CUMPLE",(VLOOKUP(B10,'EXPER. PROP.'!$B$26:$AC$1271,22,FALSE))," ") -> 1100.5033 | I10: =VLOOKUP(B10,'EXPER. PROP.'!$B$26:$AC$1271,27,FALSE) -> CUMPLE | J10: =IF(OR(D10="",E10="",F10=""),"NO CUMPLE",IF(OR(E10="NO CUMPLE",F10="NO CUMPLE"&"SUBSANAR",,D10="NO CUMPLE",G10="NO CUMPLE"),"RECHAZADO","HABILITADO")) -> HABILITADO | K10: =IF(J10="HABILITADO",EVALUACION!J8,0) -> 9.9593371 | L10: =IF(J10="habilitado",PUNTUABLES!D10,0) -> 10 | M10: =IF(J10="habilitado",PUNTUABLES!F10,0) -> 20 | N10: =IF(J10="habilitado",PUNTUABLES!J10,0) -> 0 | O10: NO | P10: =IF(J10="HABILITADO",(+N10+M10+L10+K10),"RECHAZADO, NO OBTIENE PUNTAJE") -> 39.959337
A11: =IFERROR(RANK(P11,$P$8:$P$19,0)+COUNTIF($P$8:P11,P11)-1,"") -> 5 | B11: 4 | C11: =VLOOKUP(B11,'INFO. PROP'!A12:D108,2,FALSE) -> JASEN CONSULTORES S.A.S. | D11: CUMPLE | E11: CUMPLE | F11: =VLOOKUP(B11,'EXPER. PROP.'!$B$26:$AC$1271,25,FALSE) -> CUMPLE | G11: ='PROPUESTA ECONOMICA'!F12 -> CUMPLE | H11: =IF(F11="CUMPLE",(VLOOKUP(B11,'EXPER. PROP.'!$B$26:$AC$1271,22,FALSE))," ") -> 1078.91 | I11: =VLOOKUP(B11,'EXPER. PROP.'!$B$26:$AC$1271,27,FALSE) -> CUMPLE | J11: =IF(OR(D11="",E11="",F11=""),"NO CUMPLE",IF(OR(E11="NO CUMPLE",F11="NO CUMPLE"&"SUBSANAR",,D11="NO CUMPLE",G11="NO CUMPLE"),"RECHAZADO","HABILITADO")) -> HABILITADO | K11: =IF(J11="HABILITADO",EVALUACION!J9,0) -> 12.471664 | L11: =IF(J11="habilitado",PUNTUABLES!D11,0) -> 10 | M11: =IF(J11="habilitado",PUNTUABLES!F11,0) -> 20 | N11: =IF(J11="habilitado",PUNTUABLES!J11,0) -> 1 | O11: NO | P11: =IF(J11="HABILITADO",(+N11+M11+L11+K11),"RECHAZADO, NO OBTIENE PUNTAJE") -> 43.471664
A12: =IFERROR(RANK(P12,$P$8:$P$19,0)+COUNTIF($P$8:P12,P12)-1,"") -> 11 | B12: 5 | C12: =VLOOKUP(B12,'INFO. PROP'!A13:D109,2,FALSE) -> BOSA SIGLO XXI | D12: CUMPLE | E12: CUMPLE | F12: =VLOOKUP(B12,'EXPER. PROP.'!$B$26:$AC$1271,25,FALSE) -> CUMPLE | G12: ='PROPUESTA ECONOMICA'!F13 -> CUMPLE | H12: =IF(F12="CUMPLE",(VLOOKUP(B12,'EXPER. PROP.'!$B$26:$AC$1271,22,FALSE))," ") -> 1139.035 | I12: =VLOOKUP(B12,'EXPER. PROP.'!$B$26:$AC$1271,27,FALSE) -> CUMPLE | J12: =IF(OR(D12="",E12="",F12=""),"NO CUMPLE",IF(OR(E12="NO CUMPLE",F12="NO CUMPLE"&"SUBSANAR",,D12="NO CUMPLE",G12="NO CUMPLE"),"RECHAZADO","HABILITADO")) -> HABILITADO | K12: =IF(J12="HABILITADO",EVALUACION!J10,0) -> 5.4762792 | L12: =IF(J12="habilitado",PUNTUABLES!D12,0) -> 10 | M12: =IF(J12="habilitado",PUNTUABLES!F12,0) -> 20 | N12: =IF(J12="habilitado",PUNTUABLES!J12,0) -> 1 | O12: NO | P12: =IF(J12="HABILITADO",(+N12+M12+L12+K12),"RECHAZADO, NO OBTIENE PUNTAJE") -> 36.476279
A13: =IFERROR(RANK(P13,$P$8:$P$19,0)+COUNTIF($P$8:P13,P13)-1,"") -> 12 | B13: 6 | C13: =VLOOKUP(B13,'INFO. PROP'!A14:D110,2,FALSE) -> CONSORCIO ODESSA | D13: CUMPLE | E13: CUMPLE | F13: =VLOOKUP(B13,'EXPER. PROP.'!$B$26:$AC$1271,25,FALSE) -> CUMPLE | G13: ='PROPUESTA ECONOMICA'!F14 -> CUMPLE | H13: =IF(F13="CUMPLE",(VLOOKUP(B13,'EXPER. PROP.'!$B$26:$AC$1271,22,FALSE))," ") -> 1151.5542 | I13: =VLOOKUP(B13,'EXPER. PROP.'!$B$26:$AC$1271,27,FALSE) -> CUMPLE | J13: =IF(OR(D13="",E13="",F13=""),"NO CUMPLE",IF(OR(E13="NO CUMPLE",F13="NO CUMPLE"&"SUBSANAR",,D13="NO CUMPLE",G13="NO CUMPLE"),"RECHAZADO","HABILITADO")) -> HABILITADO | K13: =IF(J13="HABILITADO",EVALUACION!J11,0) -> 4.0197032 | L13: =IF(J13="habilitado",PUNTUABLES!D13,0) -> 10 | M13: =IF(J13="habilitado",PUNTUABLES!F13,0) -> 20 | N13: =IF(J13="habilitado",PUNTUABLES!J13,0) -> 1 | O13: NO | P13: =IF(J13="HABILITADO",(+N13+M13+L13+K13),"RECHAZADO, NO OBTIENE PUNTAJE") -> 35.019703
A14: =IFERROR(RANK(P14,$P$8:$P$19,0)+COUNTIF($P$8:P14,P14)-1,"") -> 9 | B14: 7 | C14: =VLOOKUP(B14,'INFO. PROP'!A15:D111,2,FALSE) -> CONSORCIO GMC | D14: CUMPLE | E14: CUMPLE | F14: =VLOOKUP(B14,'EXPER. PROP.'!$B$26:$AC$1271,25,FALSE) -> CUMPLE | G14: ='PROPUESTA ECONOMICA'!F15 -> CUMPLE | H14: =IF(F14="CUMPLE",(VLOOKUP(B14,'EXPER. PROP.'!$B$26:$AC$1271,22,FALSE))," ") -> 1118.0552 | I14: =VLOOKUP(B14,'EXPER. PROP.'!$B$26:$AC$1271,27,FALSE) -> CUMPLE | J14: =IF(OR(D14="",E14="",F14=""),"NO CUMPLE",IF(OR(E14="NO CUMPLE",F14="NO CUMPLE"&"SUBSANAR",,D14="NO CUMPLE",G14="NO CUMPLE"),"RECHAZADO","HABILITADO")) -> HABILITADO | K14: =IF(J14="HABILITADO",EVALUACION!J12,0) -> 7.9172294 | L14: =IF(J14="habilitado",PUNTUABLES!D14,0) -> 10 | M14: =IF(J14="habilitado",PUNTUABLES!F14,0) -> 20 | N14: =IF(J14="habilitado",PUNTUABLES!J14,0) -> 1 | O14: NO | P14: =IF(J14="HABILITADO",(+N14+M14+L14+K14),"RECHAZADO, NO OBTIENE PUNTAJE") -> 38.917229
A15: =IFERROR(RANK(P15,$P$8:$P$19,0)+COUNTIF($P$8:P15,P15)-1,"") -> 4 | B15: 8 | C15: =VLOOKUP(B15,'INFO. PROP'!A16:D112,2,FALSE) -> CONSULTORES INTERVENTORES COLOMBIANOS S.A.S. | D15: CUMPLE | E15: CUMPLE | F15: =VLOOKUP(B15,'EXPER. PROP.'!$B$26:$AC$1271,25,FALSE) -> CUMPLE | G15: ='PROPUESTA ECONOMICA'!F16 -> CUMPLE | H15: =IF(F15="CUMPLE",(VLOOKUP(B15,'EXPER. PROP.'!$B$26:$AC$1271,22,FALSE))," ") -> 1066.9146 | I15: =VLOOKUP(B15,'EXPER. PROP.'!$B$26:$AC$1271,27,FALSE) -> CUMPLE | J15: =IF(OR(D15="",E15="",F15=""),"NO CUMPLE",IF(OR(E15="NO CUMPLE",F15="NO CUMPLE"&"SUBSANAR",,D15="NO CUMPLE",G15="NO CUMPLE"),"RECHAZADO","HABILITADO")) -> HABILITADO | K15: =IF(J15="HABILITADO",EVALUACION!J13,0) -> 13.867295 | L15: =IF(J15="habilitado",PUNTUABLES!D15,0) -> 10 | M15: =IF(J15="habilitado",PUNTUABLES!F15,0) -> 20 | N15: =IF(J15="habilitado",PUNTUABLES!J15,0) -> 1 | O15: NO | P15: =IF(J15="HABILITADO",(+N15+M15+L15+K15),"RECHAZADO, NO OBTIENE PUNTAJE") -> 44.867295
A16: =IFERROR(RANK(P16,$P$8:$P$19,0)+COUNTIF($P$8:P16,P16)-1,"") -> 3 | B16: 9 | C16: =VLOOKUP(B16,'INFO. PROP'!A17:D113,2,FALSE) -> CONS GAB BOGOTA | D16: CUMPLE | E16: CUMPLE | F16: =VLOOKUP(B16,'EXPER. PROP.'!$B$26:$AC$1271,25,FALSE) -> CUMPLE | G16: ='PROPUESTA ECONOMICA'!F17 -> CUMPLE | H16: =IF(F16="CUMPLE",(VLOOKUP(B16,'EXPER. PROP.'!$B$26:$AC$1271,22,FALSE))," ") -> 992.86562 | I16: =VLOOKUP(B16,'EXPER. PROP.'!$B$26:$AC$1271,27,FALSE) -> CUMPLE | J16: =IF(OR(D16="",E16="",F16=""),"NO CUMPLE",IF(OR(E16="NO CUMPLE",F16="NO CUMPLE"&"SUBSANAR",,D16="NO CUMPLE",G16="NO CUMPLE"),"RECHAZADO","HABILITADO")) -> HABILITADO | K16: =IF(J16="HABILITADO",EVALUACION!J14,0) -> 22.482701 | L16: =IF(J16="habilitado",PUNTUABLES!D16,0) -> 10 | M16: =IF(J16="habilitado",PUNTUABLES!F16,0) -> 20 | N16: =IF(J16="habilitado",PUNTUABLES!J16,0) -> 1 | O16: NO | P16: =IF(J16="HABILITADO",(+N16+M16+L16+K16),"RECHAZADO, NO OBTIENE PUNTAJE") -> 53.482701
A17: =IFERROR(RANK(P17,$P$8:$P$19,0)+COUNTIF($P$8:P17,P17)-1,"") -> 2 | B17: 10 | C17: =VLOOKUP(B17,'INFO. PROP'!A18:D114,2,FALSE) -> CONSORCIO MT 2022 BOSA | D17: CUMPLE | E17: CUMPLE | F17: =VLOOKUP(B17,'EXPER. PROP.'!$B$26:$AC$1271,25,FALSE) -> CUMPLE | G17: ='PROPUESTA ECONOMICA'!F18 -> CUMPLE | H17: =IF(F17="CUMPLE",(VLOOKUP(B17,'EXPER. PROP.'!$B$26:$AC$1271,22,FALSE))," ") -> 897.08833 | I17: =VLOOKUP(B17,'EXPER. PROP.'!$B$26:$AC$1271,27,FALSE) -> CUMPLE | J17: =IF(OR(D17="",E17="",F17=""),"NO CUMPLE",IF(OR(E17="NO CUMPLE",F17="NO CUMPLE"&"SUBSANAR",,D17="NO CUMPLE",G17="NO CUMPLE"),"RECHAZADO","HABILITADO")) -> HABILITADO | K17: =IF(J17="HABILITADO",EVALUACION!J15,0) -> 33.626136 | L17: =IF(J17="habilitado",PUNTUABLES!D17,0) -> 10 | M17: =IF(J17="habilitado",PUNTUABLES!F17,0) -> 20 | N17: =IF(J17="habilitado",PUNTUABLES!J17,0) -> 1 | O17: NO | P17: =IF(J17="HABILITADO",(+N17+M17+L17+K17),"RECHAZADO, NO OBTIENE PUNTAJE") -> 64.626136
A18: =IFERROR(RANK(P18,$P$8:$P$19,0)+COUNTIF($P$8:P18,P18)-1,"") -> 7 | B18: 11 | C18: =VLOOKUP(B18,'INFO. PROP'!A19:D115,2,FALSE) -> VELNEC S.A. | D18: CUMPLE | E18: CUMPLE | F18: =VLOOKUP(B18,'EXPER. PROP.'!$B$26:$AC$1271,25,FALSE) -> CUMPLE | G18: ='PROPUESTA ECONOMICA'!F19 -> CUMPLE | H18: =IF(F18="CUMPLE",(VLOOKUP(B18,'EXPER. PROP.'!$B$26:$AC$1271,22,FALSE))," ") -> 1105.21 | I18: =VLOOKUP(B18,'EXPER. PROP.'!$B$26:$AC$1271,27,FALSE) -> CUMPLE | J18: =IF(OR(D18="",E18="",F18=""),"NO CUMPLE",IF(OR(E18="NO CUMPLE",F18="NO CUMPLE"&"SUBSANAR",,D18="NO CUMPLE",G18="NO CUMPLE"),"RECHAZADO","HABILITADO")) -> HABILITADO | K18: =IF(J18="HABILITADO",EVALUACION!J16,0) -> 9.4117288 | L18: =IF(J18="habilitado",PUNTUABLES!D18,0) -> 10 | M18: =IF(J18="habilitado",PUNTUABLES!F18,0) -> 20 | N18: =IF(J18="habilitado",PUNTUABLES!J18,0) -> 1 | O18: NO | P18: =IF(J18="HABILITADO",(+N18+M18+L18+K18),"RECHAZADO, NO OBTIENE PUNTAJE") -> 40.411729
A19: =IFERROR(RANK(P19,$P$8:$P$19,0)+COUNTIF($P$8:P19,P19)-1,"") -> 6 | B19: 12 | C19: =VLOOKUP(B19,'INFO. PROP'!A20:D116,2,FALSE) -> CONSORCIO INTERVIAS CD | D19: CUMPLE | E19: CUMPLE | F19: =VLOOKUP(B19,'EXPER. PROP.'!$B$26:$AC$1271,25,FALSE) -> CUMPLE | G19: ='PROPUESTA ECONOMICA'!F20 -> CUMPLE | H19: =IF(F19="CUMPLE",(VLOOKUP(B19,'EXPER. PROP.'!$B$26:$AC$1271,22,FALSE))," ") -> 1093.7825 | I19: =VLOOKUP(B19,'EXPER. PROP.'!$B$26:$AC$1271,27,FALSE) -> CUMPLE | J19: =IF(OR(D19="",E19="",F19=""),"NO CUMPLE",IF(OR(E19="NO CUMPLE",F19="NO CUMPLE"&"SUBSANAR",,D19="NO CUMPLE",G19="NO CUMPLE"),"RECHAZADO","HABILITADO")) -> HABILITADO | K19: =IF(J19="HABILITADO",EVALUACION!J17,0) -> 10.741288 | L19: =IF(J19="habilitado",PUNTUABLES!D19,0) -> 10 | M19: =IF(J19="habilitado",PUNTUABLES!F19,0) -> 20 | N19: =IF(J19="habilitado",PUNTUABLES!J19,0) -> 1 | O19: NO | P19: =IF(J19="HABILITADO",(+N19+M19+L19+K19),"RECHAZADO, NO OBTIENE PUNTAJE") -> 41.741288
B20: 13 | C20: =VLOOKUP(B20,'INFO. PROP'!A21:D117,2,FALSE) -> CONSORCIO GBM VIAS | D20: CUMPLE | E20: CUMPLE | F20: =VLOOKUP(B20,'EXPER. PROP.'!$B$26:$AC$1271,25,FALSE) -> CUMPLE | G20: ='PROPUESTA ECONOMICA'!F21 -> CUMPLE | H20: =IF(F20="CUMPLE",(VLOOKUP(B20,'EXPER. PROP.'!$B$26:$AC$1271,22,FALSE))," ") -> 2084.1304 | I20: =VLOOKUP(B20,'EXPER. PROP.'!$B$26:$AC$1271,27,FALSE) -> CUMPLE | J20: =IF(OR(D20="",E20="",F20=""),"NO CUMPLE",IF(OR(E20="NO CUMPLE",F20="NO CUMPLE"&"SUBSANAR",,D20="NO CUMPLE",G20="NO CUMPLE"),"RECHAZADO","HABILITADO")) -> HABILITADO | K20: =IF(J20="HABILITADO",EVALUACION!J18,0) -> -104.48308 | L20: =IF(J20="habilitado",PUNTUABLES!D20,0) -> 10 | M20: =IF(J20="habilitado",PUNTUABLES!F20,0) -> 20 | N20: =IF(J20="habilitado",PUNTUABLES!J20,0) -> 1 | O20: NO | P20: =IF(J20="HABILITADO",(+N20+M20+L20+K20),"RECHAZADO, NO OBTIENE PUNTAJE") -> -73.483077
B21: 14 | C21: =VLOOKUP(B21,'INFO. PROP'!A22:D118,2,FALSE) -> CONSORCIO JGL | D21: CUMPLE | E21: CUMPLE | F21: =VLOOKUP(B21,'EXPER. PROP.'!$B$26:$AC$1271,25,FALSE) -> CUMPLE | G21: ='PROPUESTA ECONOMICA'!F22 -> CUMPLE | H21: =IF(F21="CUMPLE",(VLOOKUP(B21,'EXPER. PROP.'!$B$26:$AC$1271,22,FALSE))," ") -> 1084.0574 | I21: =VLOOKUP(B21,'EXPER. PROP.'!$B$26:$AC$1271,27,FALSE) -> CUMPLE | J21: =IF(OR(D21="",E21="",F21=""),"NO CUMPLE",IF(OR(E21="NO CUMPLE",F21="NO CUMPLE"&"SUBSANAR",,D21="NO CUMPLE",G21="NO CUMPLE"),"RECHAZADO","HABILITADO")) -> HABILITADO | K21: =IF(J21="HABILITADO",EVALUACION!J19,0) -> 11.872778 | L21: =IF(J21="habilitado",PUNTUABLES!D21,0) -> 10 | M21: =IF(J21="habilitado",PUNTUABLES!F21,0) -> 20 | N21: =IF(J21="habilitado",PUNTUABLES!J21,0) -> 1 | O21: NO | P21: =IF(J21="HABILITADO",(+N21+M21+L21+K21),"RECHAZADO, NO OBTIENE PUNTAJE") -> 42.872778
B22: 15 | C22: =VLOOKUP(B22,'INFO. PROP'!A23:D119,2,FALSE) -> P.I.V. Ingeniería S.A.S | D22: CUMPLE | E22: CUMPLE | F22: =VLOOKUP(B22,'EXPER. PROP.'!$B$26:$AC$1271,25,FALSE) -> CUMPLE | G22: ='PROPUESTA ECONOMICA'!F23 -> CUMPLE | H22: =IF(F22="CUMPLE",(VLOOKUP(B22,'EXPER. PROP.'!$B$26:$AC$1271,22,FALSE))," ") -> 1040.8412 | I22: =VLOOKUP(B22,'EXPER. PROP.'!$B$26:$AC$1271,27,FALSE) -> CUMPLE | J22: =IF(OR(D22="",E22="",F22=""),"NO CUMPLE",IF(OR(E22="NO CUMPLE",F22="NO CUMPLE"&"SUBSANAR",,D22="NO CUMPLE",G22="NO CUMPLE"),"RECHAZADO","HABILITADO")) -> HABILITADO | K22: =IF(J22="HABILITADO",EVALUACION!J20,0) -> 16.900869 | L22: =IF(J22="habilitado",PUNTUABLES!D22,0) -> 10 | M22: =IF(J22="habilitado",PUNTUABLES!F22,0) -> 20 | N22: =IF(J22="habilitado",PUNTUABLES!J22,0) -> 1 | O22: NO | P22: =IF(J22="HABILITADO",(+N22+M22+L22+K22),"RECHAZADO, NO OBTIENE PUNTAJE") -> 47.900869
B23: 16 | C23: =VLOOKUP(B23,'INFO. PROP'!A24:D120,2,FALSE) -> CONSORCIO CMP BOSA | D23: RECHAZADO | E23: CUMPLE | F23: =VLOOKUP(B23,'EXPER. PROP.'!$B$26:$AC$1271,25,FALSE) -> CUMPLE | G23: ='PROPUESTA ECONOMICA'!F24 -> CUMPLE | H23: =IF(F23="CUMPLE",(VLOOKUP(B23,'EXPER. PROP.'!$B$26:$AC$1271,22,FALSE))," ") -> 1011.4963 | I23: =VLOOKUP(B23,'EXPER. PROP.'!$B$26:$AC$1271,27,FALSE) -> CUMPLE | J23: =IF(OR(D23="",E23="",F23=""),"NO CUMPLE",IF(OR(E23="NO CUMPLE",F23="NO CUMPLE"&"SUBSANAR",,D23="RECHAZADO",G23="NO CUMPLE"),"RECHAZADO","HABILITADO")) -> RECHAZADO | K23: =IF(J23="HABILITADO",EVALUACION!J21,0) -> 0 | L23: =IF(J23="habilitado",PUNTUABLES!D23,0) -> 0 | M23: =IF(J23="habilitado",PUNTUABLES!F23,0) -> 0 | N23: =IF(J23="habilitado",PUNTUABLES!J23,0) -> 0 | O23: NO | P23: =IF(J23="HABILITADO",(+N23+M23+L23+K23),"RECHAZADO, NO OBTIENE PUNTAJE") -> RECHAZADO, NO OBTIENE PUNTAJE | Q23: El proponente no subsana requisitos de índole juridico dentro del término otorgado, por lo que incurre en la causal de rechazo: "E. Cuando al proponente se le haya requerido con el propósito de subsanar o aclarar o aportar un documento de la propuesta y no lo efectúe dentro del plazo indicado o no lo realice correctamente o de acuerdo con lo solicitado, siempre que la subsanación, aclaración o aporte requerido sea necesario para cumplir un requisito habilitante en los términos establecidos en la sección 1.6.".
B24: 17 | C24: =VLOOKUP(B24,'INFO. PROP'!A25:D121,2,FALSE) -> INGENIEROS CONSULTORES Y CONSTRUCTORES ARG SAS | D24: CUMPLE | E24: CUMPLE | F24: =VLOOKUP(B24,'EXPER. PROP.'!$B$26:$AC$1271,25,FALSE) -> CUMPLE | G24: ='PROPUESTA ECONOMICA'!F25 -> CUMPLE | H24: =IF(F24="CUMPLE",(VLOOKUP(B24,'EXPER. PROP.'!$B$26:$AC$1271,22,FALSE))," ") -> 1126.5906 | I24: =VLOOKUP(B24,'EXPER. PROP.'!$B$26:$AC$1271,27,FALSE) -> CUMPLE | J24: =IF(OR(D24="",E24="",F24=""),"NO CUMPLE",IF(OR(E24="NO CUMPLE",F24="NO CUMPLE"&"SUBSANAR",,D24="NO CUMPLE",G24="NO CUMPLE"),"RECHAZADO","HABILITADO")) -> HABILITADO | K24: =IF(J24="HABILITADO",EVALUACION!J22,0) -> 6.9241484 | L24: =IF(J24="habilitado",PUNTUABLES!D24,0) -> 10 | M24: =IF(J24="habilitado",PUNTUABLES!F24,0) -> 20 | N24: =IF(J24="habilitado",PUNTUABLES!J24,0) -> 1 | O24: NO | P24: =IF(J24="HABILITADO",(+N24+M24+L24+K24),"RECHAZADO, NO OBTIENE PUNTAJE") -> 37.924148
B25: 18 | C25: =VLOOKUP(B25,'INFO. PROP'!A26:D122,2,FALSE) -> INGENIEROS CIVILES ESPECIALISTAS S.A.S. | D25: CUMPLE | E25: CUMPLE | F25: =VLOOKUP(B25,'EXPER. PROP.'!$B$26:$AC$1271,25,FALSE) -> CUMPLE | G25: ='PROPUESTA ECONOMICA'!F26 -> CUMPLE | H25: =IF(F25="CUMPLE",(VLOOKUP(B25,'EXPER. PROP.'!$B$26:$AC$1271,22,FALSE))," ") -> 1647.9033 | I25: =VLOOKUP(B25,'EXPER. PROP.'!$B$26:$AC$1271,27,FALSE) -> CUMPLE | J25: =IF(OR(D25="",E25="",F25=""),"NO CUMPLE",IF(OR(E25="NO CUMPLE",F25="NO CUMPLE"&"SUBSANAR",,D25="NO CUMPLE",G25="NO CUMPLE"),"RECHAZADO","HABILITADO")) -> HABILITADO | K25: =IF(J25="HABILITADO",EVALUACION!J23,0) -> -53.729211 | L25: =IF(J25="habilitado",PUNTUABLES!D25,0) -> 10 | M25: =IF(J25="habilitado",PUNTUABLES!F25,0) -> 20 | N25: =IF(J25="habilitado",PUNTUABLES!J25,0) -> 1 | O25: NO | P25: =IF(J25="HABILITADO",(+N25+M25+L25+K25),"RECHAZADO, NO OBTIENE PUNTAJE") -> -22.729211
B26: 19 | C26: =VLOOKUP(B26,'INFO. PROP'!A27:D123,2,FALSE) -> CONSORCIO SG | D26: CUMPLE | E26: CUMPLE | F26: =VLOOKUP(B26,'EXPER. PROP.'!$B$26:$AC$1271,25,FALSE) -> CUMPLE | G26: ='PROPUESTA ECONOMICA'!F27 -> CUMPLE | H26: =IF(F26="CUMPLE",(VLOOKUP(B26,'EXPER. PROP.'!$B$26:$AC$1271,22,FALSE))," ") -> 1147.5405 | I26: =VLOOKUP(B26,'EXPER. PROP.'!$B$26:$AC$1271,27,FALSE) -> CUMPLE | J26: =IF(OR(D26="",E26="",F26=""),"NO CUMPLE",IF(OR(E26="NO CUMPLE",F26="NO CUMPLE"&"SUBSANAR",,D26="NO CUMPLE",G26="NO CUMPLE"),"RECHAZADO","HABILITADO")) -> HABILITADO | K26: =IF(J26="HABILITADO",EVALUACION!J24,0) -> 4.4866857 | L26: =IF(J26="habilitado",PUNTUABLES!D26,0) -> 10 | M26: =IF(J26="habilitado",PUNTUABLES!F26,0) -> 20 | N26: =IF(J26="habilitado",PUNTUABLES!J26,0) -> 1 | O26: NO | P26: =IF(J26="HABILITADO",(+N26+M26+L26+K26),"RECHAZADO, NO OBTIENE PUNTAJE") -> 35.486686
B27: 20 | C27: =VLOOKUP(B27,'INFO. PROP'!A28:D124,2,FALSE) -> Estructurador Colombia SAS | D27: CUMPLE | E27: CUMPLE | F27: =VLOOKUP(B27,'EXPER. PROP.'!$B$26:$AC$1271,25,FALSE) -> CUMPLE | G27: ='PROPUESTA ECONOMICA'!F28 -> CUMPLE | H27: =IF(F27="CUMPLE",(VLOOKUP(B27,'EXPER. PROP.'!$B$26:$AC$1271,22,FALSE))," ") -> 790.75625 | I27: =VLOOKUP(B27,'EXPER. PROP.'!$B$26:$AC$1271,27,FALSE) -> CUMPLE | J27: =IF(OR(D27="",E27="",F27=""),"NO CUMPLE",IF(OR(E27="NO CUMPLE",F27="NO CUMPLE"&"SUBSANAR",,D27="NO CUMPLE",G27="NO CUMPLE"),"RECHAZADO","HABILITADO")) -> HABILITADO | K27: =IF(J27="HABILITADO",EVALUACION!J25,0) -> 45.997594 | L27: =IF(J27="habilitado",PUNTUABLES!D27,0) -> 10 | M27: =IF(J27="habilitado",PUNTUABLES!F27,0) -> 20 | N27: =IF(J27="habilitado",PUNTUABLES!J27,0) -> 1 | O27: NO | P27: =IF(J27="HABILITADO",(+N27+M27+L27+K27),"RECHAZADO, NO OBTIENE PUNTAJE") -> 76.997594
B28: 21 | C28: =VLOOKUP(B28,'INFO. PROP'!A29:D125,2,FALSE) -> SALGADO, MELENDEZ Y ASOCIADOS INGENIEROS CONSULTORES S.A.S | D28: CUMPLE | E28: CUMPLE | F28: =VLOOKUP(B28,'EXPER. PROP.'!$B$26:$AC$1271,25,FALSE) -> CUMPLE | G28: ='PROPUESTA ECONOMICA'!F29 -> CUMPLE | H28: =IF(F28="CUMPLE",(VLOOKUP(B28,'EXPER. PROP.'!$B$26:$AC$1271,22,FALSE))," ") -> 1066.23 | I28: =VLOOKUP(B28,'EXPER. PROP.'!$B$26:$AC$1271,27,FALSE) -> CUMPLE | J28: =IF(OR(D28="",E28="",F28=""),"NO CUMPLE",IF(OR(E28="NO CUMPLE",F28="NO CUMPLE"&"SUBSANAR",,D28="NO CUMPLE",G28="NO CUMPLE"),"RECHAZADO","HABILITADO")) -> HABILITADO | K28: =IF(J28="HABILITADO",EVALUACION!J26,0) -> 13.946949 | L28: =IF(J28="habilitado",PUNTUABLES!D28,0) -> 10 | M28: =IF(J28="habilitado",PUNTUABLES!F28,0) -> 20 | N28: =IF(J28="habilitado",PUNTUABLES!J28,0) -> 0 | O28: NO | P28: =IF(J28="HABILITADO",(+N28+M28+L28+K28),"RECHAZADO, NO OBTIENE PUNTAJE") -> 43.946949
B29: 22 | C29: =VLOOKUP(B29,'INFO. PROP'!A30:D126,2,FALSE) -> INGEOCILCON S.A.S. | D29: CUMPLE | E29: CUMPLE | F29: =VLOOKUP(B29,'EXPER. PROP.'!$B$26:$AC$1271,25,FALSE) -> CUMPLE | G29: ='PROPUESTA ECONOMICA'!F30 -> CUMPLE | H29: =IF(F29="CUMPLE",(VLOOKUP(B29,'EXPER. PROP.'!$B$26:$AC$1271,22,FALSE))," ") -> 1297.125 | I29: =VLOOKUP(B29,'EXPER. PROP.'!$B$26:$AC$1271,27,FALSE) -> CUMPLE | J29: =IF(OR(D29="",E29="",F29=""),"NO CUMPLE",IF(OR(E29="NO CUMPLE",F29="NO CUMPLE"&"SUBSANAR",,D29="NO CUMPLE",G29="NO CUMPLE"),"RECHAZADO","HABILITADO")) -> HABILITADO | K29: =IF(J29="HABILITADO",EVALUACION!J27,0) -> -12.917076 | L29: =IF(J29="habilitado",PUNTUABLES!D29,0) -> 10 | M29: =IF(J29="habilitado",PUNTUABLES!F29,0) -> 20 | N29: =IF(J29="habilitado",PUNTUABLES!J29,0) -> 0 | O29: NO | P29: =IF(J29="HABILITADO",(+N29+M29+L29+K29),"RECHAZADO, NO OBTIENE PUNTAJE") -> 17.082924
B30: 23 | C30: =VLOOKUP(B30,'INFO. PROP'!A31:D127,2,FALSE) -> GNG SERVICIOS DE INGENIERIA S.A.S. | D30: CUMPLE | E30: CUMPLE | F30: =VLOOKUP(B30,'EXPER. PROP.'!$B$26:$AC$1271,25,FALSE) -> CUMPLE | G30: ='PROPUESTA ECONOMICA'!F31 -> CUMPLE | H30: =IF(F30="CUMPLE",(VLOOKUP(B30,'EXPER. PROP.'!$B$26:$AC$1271,22,FALSE))," ") -> 702.40233 | I30: =VLOOKUP(B30,'EXPER. PROP.'!$B$26:$AC$1271,27,FALSE) -> CUMPLE | J30: =IF(OR(D30="",E30="",F30=""),"NO CUMPLE",IF(OR(E30="NO CUMPLE",F30="NO CUMPLE"&"SUBSANAR",,D30="NO CUMPLE",G30="NO CUMPLE"),"RECHAZADO","HABILITADO")) -> HABILITADO | K30: =IF(J30="HABILITADO",EVALUACION!J28,0) -> 56.277339 | L30: =IF(J30="habilitado",PUNTUABLES!D30,0) -> 10 | M30: =IF(J30="habilitado",PUNTUABLES!F30,0) -> 20 | N30: =IF(J30="habilitado",PUNTUABLES!J30,0) -> 1 | O30: NO | P30: =IF(J30="HABILITADO",(+N30+M30+L30+K30),"RECHAZADO, NO OBTIENE PUNTAJE") -> 87.277339
B31: 24 | C31: =VLOOKUP(B31,'INFO. PROP'!A32:D128,2,FALSE) -> Soluciones para la Ingeniería S.A.S. | D31: CUMPLE | E31: CUMPLE | F31: =VLOOKUP(B31,'EXPER. PROP.'!$B$26:$AC$1271,25,FALSE) -> CUMPLE | G31: ='PROPUESTA ECONOMICA'!F32 -> CUMPLE | H31: =IF(F31="CUMPLE",(VLOOKUP(B31,'EXPER. PROP.'!$B$26:$AC$1271,22,FALSE))," ") -> 755.7765 | I31: =VLOOKUP(B31,'EXPER. PROP.'!$B$26:$AC$1271,27,FALSE) -> CUMPLE | J31: =IF(OR(D31="",E31="",F31=""),"NO CUMPLE",IF(OR(E31="NO CUMPLE",F31="NO CUMPLE"&"SUBSANAR",,D31="NO CUMPLE",G31="NO CUMPLE"),"RECHAZADO","HABILITADO")) -> HABILITADO | K31: =IF(J31="HABILITADO",EVALUACION!J29,0) -> 50.067396 | L31: =IF(J31="habilitado",PUNTUABLES!D31,0) -> 10 | M31: =IF(J31="habilitado",PUNTUABLES!F31,0) -> 20 | N31: =IF(J31="habilitado",PUNTUABLES!J31,0) -> 1 | O31: NO | P31: =IF(J31="HABILITADO",(+N31+M31+L31+K31),"RECHAZADO, NO OBTIENE PUNTAJE") -> 81.067396
B32: 25 | C32: =VLOOKUP(B32,'INFO. PROP'!A33:D129,2,FALSE) -> CONSORCIO VIAL BOGOTA | D32: CUMPLE | E32: CUMPLE | F32: =VLOOKUP(B32,'EXPER. PROP.'!$B$26:$AC$1271,25,FALSE) -> CUMPLE | G32: ='PROPUESTA ECONOMICA'!F33 -> CUMPLE | H32: =IF(F32="CUMPLE",(VLOOKUP(B32,'EXPER. PROP.'!$B$26:$AC$1271,22,FALSE))," ") -> 981.5525 | I32: =VLOOKUP(B32,'EXPER. PROP.'!$B$26:$AC$1271,27,FALSE) -> CUMPLE | J32: =IF(OR(D32="",E32="",F32=""),"NO CUMPLE",IF(OR(E32="NO CUMPLE",F32="NO CUMPLE"&"SUBSANAR",,D32="NO CUMPLE",G32="NO CUMPLE"),"RECHAZADO","HABILITADO")) -> HABILITADO | K32: =IF(J32="HABILITADO",EVALUACION!J30,0) -> 23.798953 | L32: =IF(J32="habilitado",PUNTUABLES!D32,0) -> 10 | M32: =IF(J32="habilitado",PUNTUABLES!F32,0) -> 20 | N32: =IF(J32="habilitado",PUNTUABLES!J32,0) -> 1 | O32: NO | P32: =IF(J32="HABILITADO",(+N32+M32+L32+K32),"RECHAZADO, NO OBTIENE PUNTAJE") -> 54.798953
B33: 26 | C33: =VLOOKUP(B33,'INFO. PROP'!A34:D130,2,FALSE) -> GEOTECNIA Y CIMIENTOS INGEOCIM S.A.S. | D33: CUMPLE | E33: CUMPLE | F33: =VLOOKUP(B33,'EXPER. PROP.'!$B$26:$AC$1271,25,FALSE) -> CUMPLE | G33: ='PROPUESTA ECONOMICA'!F34 -> CUMPLE | H33: =IF(F33="CUMPLE",(VLOOKUP(B33,'EXPER. PROP.'!$B$26:$AC$1271,22,FALSE))," ") -> 471.92043 | I33: =VLOOKUP(B33,'EXPER. PROP.'!$B$26:$AC$1271,27,FALSE) -> CUMPLE | J33: =IF(OR(D33="",E33="",F33=""),"NO CUMPLE",IF(OR(E33="NO CUMPLE",F33="NO CUMPLE"&"SUBSANAR",,D33="NO CUMPLE",G33="NO CUMPLE"),"RECHAZADO","HABILITADO")) -> HABILITADO | K33: =IF(J33="HABILITADO",EVALUACION!J31,0) -> 54.906698 | L33: =IF(J33="habilitado",PUNTUABLES!D33,0) -> 10 | M33: =IF(J33="habilitado",PUNTUABLES!F33,0) -> 20 | N33: =IF(J33="habilitado",PUNTUABLES!J33,0) -> 1 | O33: NO | P33: =IF(J33="HABILITADO",(+N33+M33+L33+K33),"RECHAZADO, NO OBTIENE PUNTAJE") -> 85.906698
B34: 27 | C34: =VLOOKUP(B34,'INFO. PROP'!A35:D131,2,FALSE) -> COPEBA S.A.S. | D34: CUMPLE | E34: CUMPLE | F34: =VLOOKUP(B34,'EXPER. PROP.'!$B$26:$AC$1271,25,FALSE) -> CUMPLE | G34: ='PROPUESTA ECONOMICA'!F35 -> CUMPLE | H34: =IF(F34="CUMPLE",(VLOOKUP(B34,'EXPER. PROP.'!$B$26:$AC$1271,22,FALSE))," ") -> 1849.5967 | I34: =VLOOKUP(B34,'EXPER. PROP.'!$B$26:$AC$1271,27,FALSE) -> CUMPLE | J34: =IF(OR(D34="",E34="",F34=""),"NO CUMPLE",IF(OR(E34="NO CUMPLE",F34="NO CUMPLE"&"SUBSANAR",,D34="NO CUMPLE",G34="NO CUMPLE"),"RECHAZADO","HABILITADO")) -> HABILITADO | K34: =IF(J34="HABILITADO",EVALUACION!J32,0) -> -77.195698 | L34: =IF(J34="habilitado",PUNTUABLES!D34,0) -> 10 | M34: =IF(J34="habilitado",PUNTUABLES!F34,0) -> 20 | N34: =IF(J34="habilitado",PUNTUABLES!J34,0) -> 1 | O34: NO | P34: =IF(J34="HABILITADO",(+N34+M34+L34+K34),"RECHAZADO, NO OBTIENE PUNTAJE") -> -46.195698
B35: 28 | C35: =VLOOKUP(B35,'INFO. PROP'!A36:D132,2,FALSE) -> CONSORCIO SAN JUAN BOSA 4 | D35: CUMPLE | E35: CUMPLE | F35: =VLOOKUP(B35,'EXPER. PROP.'!$B$26:$AC$1271,25,FALSE) -> CUMPLE | G35: ='PROPUESTA ECONOMICA'!F36 -> CUMPLE | H35: =IF(F35="CUMPLE",(VLOOKUP(B35,'EXPER. PROP.'!$B$26:$AC$1271,22,FALSE))," ") -> 835.86 | I35: =VLOOKUP(B35,'EXPER. PROP.'!$B$26:$AC$1271,27,FALSE) -> CUMPLE | J35: =IF(OR(D35="",E35="",F35=""),"NO CUMPLE",IF(OR(E35="NO CUMPLE",F35="NO CUMPLE"&"SUBSANAR",,D35="NO CUMPLE",G35="NO CUMPLE"),"RECHAZADO","HABILITADO")) -> HABILITADO | K35: =IF(J35="HABILITADO",EVALUACION!J33,0) -> 40.749892 | L35: =IF(J35="habilitado",PUNTUABLES!D35,0) -> 10 | M35: =IF(J35="habilitado",PUNTUABLES!F35,0) -> 0 | N35: =IF(J35="habilitado",PUNTUABLES!J35,0) -> 1 | O35: NO | P35: =IF(J35="HABILITADO",(+N35+M35+L35+K35),"RECHAZADO, NO OBTIENE PUNTAJE") -> 51.749892
... B40: 33 | C40: =VLOOKUP(B40,'INFO. PROP'!A41:D137,2,FALSE) -> RAFAEL JAVIER GUISA RUEDA | D40: CUMPLE | E40: CUMPLE | F40: =VLOOKUP(B40,'EXPER. PROP.'!$B$26:$AC$1271,25,FALSE) -> CUMPLE | G40: ='PROPUESTA ECONOMICA'!F41 -> CUMPLE | H40: =IF(F40="CUMPLE",(VLOOKUP(B40,'EXPER. PROP.'!$B$26:$AC$1271,22,FALSE))," ") -> 589.0735 | I40: =VLOOKUP(B40,'EXPER. PROP.'!$B$26:$AC$1271,27,FALSE) -> CUMPLE | J40: =IF(OR(D40="",E40="",F40=""),"NO CUMPLE",IF(OR(E40="NO CUMPLE",F40="NO CUMPLE"&"SUBSANAR",,D40="NO CUMPLE",G40="NO CUMPLE"),"RECHAZADO","HABILITADO")) -> HABILITADO | K40: =IF(J40="HABILITADO",EVALUACION!J38,0) -> 68.537149 | L40: =IF(J40="habilitado",PUNTUABLES!D40,0) -> 10 | M40: =IF(J40="habilitado",PUNTUABLES!F40,0) -> 20 | N40: =IF(J40="habilitado",PUNTUABLES!J40,0) -> 1 | O40: NO | P40: =IF(J40="HABILITADO",(+N40+M40+L40+K40),"RECHAZADO, NO OBTIENE PUNTAJE") -> 99.537149
B41: 34 | C41: =VLOOKUP(B41,'INFO. PROP'!A42:D138,2,FALSE) -> CONSORCIO INTERMALLAVIAL BOSA | D41: RECHAZADO | E41: RECHAZADO | F41: RECHAZADO | G41: ='PROPUESTA ECONOMICA'!F42 -> CUMPLE | H41: =IF(F41="CUMPLE",(VLOOKUP(B41,'EXPER. PROP.'!$B$26:$AC$1271,22,FALSE))," ") | I41: =VLOOKUP(B41,'EXPER. PROP.'!$B$26:$AC$1271,27,FALSE) -> CUMPLE | J41: RECHAZADO | K41: =IF(J41="HABILITADO",EVALUACION!J39,0) -> 0 | L41: =IF(J41="habilitado",PUNTUABLES!D41,0) -> 0 | M41: =IF(J41="habilitado",PUNTUABLES!F41,0) -> 0 | N41: =IF(J41="habilitado",PUNTUABLES!J41,0) -> 0 | O41: NO | P41: =IF(J41="HABILITADO",(+N41+M41+L41+K41),"RECHAZADO, NO OBTIENE PUNTAJE") -> RECHAZADO, NO OBTIENE PUNTAJE | Q41: El proponente no subsana requisitos habilitantes de índole jurídico, financiero y técnico dentro del término de traslado del informe de evaluación, por lo que incurre en la causal de rechazo "E. Cuando al proponente se le haya requerido con el propósito de subsanar o aclarar o aportar un documento de la propuesta y no lo efectúe dentro del plazo indicado o no lo realice correctamente o de acuerdo con lo solicitado, siempre que la subsanación, aclaración o aporte requerido sea necesario para cumplir un requisito habilitante en los términos establecidos en la sección 1.6"
B42: 35 | C42: =VLOOKUP(B42,'INFO. PROP'!A43:D139,2,FALSE) -> Consorcio RP Bosa | D42: CUMPLE | E42: CUMPLE | F42: =VLOOKUP(B42,'EXPER. PROP.'!$B$26:$AC$1271,25,FALSE) -> CUMPLE | G42: ='PROPUESTA ECONOMICA'!F43 -> CUMPLE | H42: =IF(F42="CUMPLE",(VLOOKUP(B42,'EXPER. PROP.'!$B$26:$AC$1271,22,FALSE))," ") -> 739.805 | I42: =VLOOKUP(B42,'EXPER. PROP.'!$B$26:$AC$1271,27,FALSE) -> CUMPLE | J42: =IF(OR(D42="",E42="",F42=""),"NO CUMPLE",IF(OR(E42="NO CUMPLE",F42="NO CUMPLE"&"SUBSANAR",,D42="NO CUMPLE",G42="NO CUMPLE"),"RECHAZADO","HABILITADO")) -> HABILITADO | K42: =IF(J42="HABILITADO",EVALUACION!J40,0) -> 51.925638 | L42: =IF(J42="habilitado",PUNTUABLES!D42,0) -> 10 | M42: =IF(J42="habilitado",PUNTUABLES!F42,0) -> 20 | N42: =IF(J42="habilitado",PUNTUABLES!J42,0) -> 1 | O42: NO | P42: =IF(J42="HABILITADO",(+N42+M42+L42+K42),"RECHAZADO, NO OBTIENE PUNTAJE") -> 82.925638
B43: 36 | C43: =VLOOKUP(B43,'INFO. PROP'!A44:D140,2,FALSE) -> CONSORCIO OPH - CAP 2022 | D43: CUMPLE | E43: CUMPLE | F43: =VLOOKUP(B43,'EXPER. PROP.'!$B$26:$AC$1271,25,FALSE) -> CUMPLE | G43: ='PROPUESTA ECONOMICA'!F44 -> CUMPLE | H43: =IF(F43="CUMPLE",(VLOOKUP(B43,'EXPER. PROP.'!$B$26:$AC$1271,22,FALSE))," ") -> 766.33433 | I43: =VLOOKUP(B43,'EXPER. PROP.'!$B$26:$AC$1271,27,FALSE) -> CUMPLE | J43: =IF(OR(D43="",E43="",F43=""),"NO CUMPLE",IF(OR(E43="NO CUMPLE",F43="NO CUMPLE"&"SUBSANAR",,D43="NO CUMPLE",G43="NO CUMPLE"),"RECHAZADO","HABILITADO")) -> HABILITADO | K43: =IF(J43="HABILITADO",EVALUACION!J41,0) -> 48.83902 | L43: =IF(J43="habilitado",PUNTUABLES!D43,0) -> 10 | M43: =IF(J43="habilitado",PUNTUABLES!F43,0) -> 0 | N43: =IF(J43="habilitado",PUNTUABLES!J43,0) -> 1 | O43: NO | P43: =IF(J43="HABILITADO",(+N43+M43+L43+K43),"RECHAZADO, NO OBTIENE PUNTAJE") -> 59.83902
B44: 37 | C44: =VLOOKUP(B44,'INFO. PROP'!A45:D141,2,FALSE) -> ARQING CONSULTORIA Y CONSTRUCCIONES SAS | D44: CUMPLE | E44: CUMPLE | F44: =VLOOKUP(B44,'EXPER. PROP.'!$B$26:$AC$1271,25,FALSE) -> CUMPLE | G44: ='PROPUESTA ECONOMICA'!F45 -> CUMPLE | H44: =IF(F44="CUMPLE",(VLOOKUP(B44,'EXPER. PROP.'!$B$26:$AC$1271,22,FALSE))," ") -> 834.3621 | I44: =VLOOKUP(B44,'EXPER. PROP.'!$B$26:$AC$1271,27,FALSE) -> CUMPLE | J44: =IF(OR(D44="",E44="",F44=""),"NO CUMPLE",IF(OR(E44="NO CUMPLE",F44="NO CUMPLE"&"SUBSANAR",,D44="NO CUMPLE",G44="NO CUMPLE"),"RECHAZADO","HABILITADO")) -> HABILITADO | K44: =IF(J44="HABILITADO",EVALUACION!J42,0) -> 40.924168 | L44: =IF(J44="habilitado",PUNTUABLES!D44,0) -> 10 | M44: =IF(J44="habilitado",PUNTUABLES!F44,0) -> 20 | N44: =IF(J44="habilitado",PUNTUABLES!J44,0) -> 0 | O44: NO | P44: =IF(J44="HABILITADO",(+N44+M44+L44+K44),"RECHAZADO, NO OBTIENE PUNTAJE") -> 70.924168
B45: 38 | C45: =VLOOKUP(B45,'INFO. PROP'!A46:D142,2,FALSE) -> HERNAN ALONSO VELASQUEZ CABEZA | D45: CUMPLE | E45: CUMPLE | F45: =VLOOKUP(B45,'EXPER. PROP.'!$B$26:$AC$1271,25,FALSE) -> CUMPLE | G45: ='PROPUESTA ECONOMICA'!F46 -> CUMPLE | H45: =IF(F45="CUMPLE",(VLOOKUP(B45,'EXPER. PROP.'!$B$26:$AC$1271,22,FALSE))," ") -> 205.98875 | I45: =VLOOKUP(B45,'EXPER. PROP.'!$B$26:$AC$1271,27,FALSE) -> CUMPLE | J45: =IF(OR(D45="",E45="",F45=""),"NO CUMPLE",IF(OR(E45="NO CUMPLE",F45="NO CUMPLE"&"SUBSANAR",,D45="NO CUMPLE",G45="NO CUMPLE"),"RECHAZADO","HABILITADO")) -> HABILITADO | K45: =IF(J45="HABILITADO",EVALUACION!J43,0) -> 23.966248 | L45: =IF(J45="habilitado",PUNTUABLES!D45,0) -> 10 | M45: =IF(J45="habilitado",PUNTUABLES!F45,0) -> 20 | N45: =IF(J45="habilitado",PUNTUABLES!J45,0) -> 0 | O45: NO | P45: =IF(J45="HABILITADO",(+N45+M45+L45+K45),"RECHAZADO, NO OBTIENE PUNTAJE") -> 53.966248
B46: 39 | C46: =VLOOKUP(B46,'INFO. PROP'!A47:D143,2,FALSE) -> CONSORCIO INTERSPACIOS BOSA | D46: RECHAZADO | E46: CUMPLE | F46: =VLOOKUP(B46,'EXPER. PROP.'!$B$26:$AC$1271,25,FALSE) -> NO CUMPLE | G46: ='PROPUESTA ECONOMICA'!F47 -> CUMPLE | H46: =IF(F46="CUMPLE",(VLOOKUP(B46,'EXPER. PROP.'!$B$26:$AC$1271,22,FALSE))," ") | I46: =VLOOKUP(B46,'EXPER. PROP.'!$B$26:$AC$1271,27,FALSE) -> CUMPLE | J46: RECHAZADO | K46: =IF(J46="HABILITADO",EVALUACION!J44,0) -> 0 | L46: =IF(J46="habilitado",PUNTUABLES!D46,0) -> 0 | M46: =IF(J46="habilitado",PUNTUABLES!F46,0) -> 0 | N46: =IF(J46="habilitado",PUNTUABLES!J46,0) -> 0 | O46: NO | P46: =IF(J46="HABILITADO",(+N46+M46+L46+K46),"RECHAZADO, NO OBTIENE PUNTAJE") -> RECHAZADO, NO OBTIENE PUNTAJE | Q46: El proponente no subsana requisitos habilitantes de índole jurídico y técnico dentro del término de traslado del informe de evaluación, por lo que incurre en la causal de rechazo "E. Cuando al proponente se le haya requerido con el propósito de subsanar o aclarar o aportar un documento de la propuesta y no lo efectúe dentro del plazo indicado o no lo realice correctamente o de acuerdo con lo solicitado, siempre que la subsanación, aclaración o aporte requerido sea necesario para cumplir un requisito habilitante en los términos establecidos en la sección 1.6"
B47: 40 | C47: =VLOOKUP(B47,'INFO. PROP'!A48:D144,2,FALSE) -> UT INTERVENTORIA BOSA 2022 | D47: CUMPLE | E47: CUMPLE | F47: =VLOOKUP(B47,'EXPER. PROP.'!$B$26:$AC$1271,25,FALSE) -> CUMPLE | G47: ='PROPUESTA ECONOMICA'!F48 -> CUMPLE | H47: =IF(F47="CUMPLE",(VLOOKUP(B47,'EXPER. PROP.'!$B$26:$AC$1271,22,FALSE))," ") -> 1732.0469 | I47: =VLOOKUP(B47,'EXPER. PROP.'!$B$26:$AC$1271,27,FALSE) -> CUMPLE | J47: =IF(OR(D47="",E47="",F47=""),"NO CUMPLE",IF(OR(E47="NO CUMPLE",F47="NO CUMPLE"&"SUBSANAR",,D47="NO CUMPLE",G47="NO CUMPLE"),"RECHAZADO","HABILITADO")) -> HABILITADO | K47: =IF(J47="HABILITADO",EVALUACION!J45,0) -> -63.519093 | L47: =IF(J47="habilitado",PUNTUABLES!D47,0) -> 10 | M47: =IF(J47="habilitado",PUNTUABLES!F47,0) -> 20 | N47: =IF(J47="habilitado",PUNTUABLES!J47,0) -> 1 | O47: NO | P47: =IF(J47="HABILITADO",(+N47+M47+L47+K47),"RECHAZADO, NO OBTIENE PUNTAJE") -> -32.519093
B48: 41 | C48: =VLOOKUP(B48,'INFO. PROP'!A49:D145,2,FALSE) -> PROYECTISTAS DE COLOMBIA & CIA SAS | D48: CUMPLE | E48: CUMPLE | F48: =VLOOKUP(B48,'EXPER. PROP.'!$B$26:$AC$1271,25,FALSE) -> CUMPLE | G48: ='PROPUESTA ECONOMICA'!F49 -> CUMPLE | H48: =IF(F48="CUMPLE",(VLOOKUP(B48,'EXPER. PROP.'!$B$26:$AC$1271,22,FALSE))," ") -> 910.016 | I48: =VLOOKUP(B48,'EXPER. PROP.'!$B$26:$AC$1271,27,FALSE) -> CUMPLE | J48: =IF(OR(D48="",E48="",F48=""),"NO CUMPLE",IF(OR(E48="NO CUMPLE",F48="NO CUMPLE"&"SUBSANAR",,D48="NO CUMPLE",G48="NO CUMPLE"),"RECHAZADO","HABILITADO")) -> HABILITADO | K48: =IF(J48="HABILITADO",EVALUACION!J46,0) -> 32.122036 | L48: =IF(J48="habilitado",PUNTUABLES!D48,0) -> 10 | M48: =IF(J48="habilitado",PUNTUABLES!F48,0) -> 20 | N48: =IF(J48="habilitado",PUNTUABLES!J48,0) -> 1 | O48: NO | P48: =IF(J48="HABILITADO",(+N48+M48+L48+K48),"RECHAZADO, NO OBTIENE PUNTAJE") -> 63.122036
B49: 42 | C49: =VLOOKUP(B49,'INFO. PROP'!A50:D146,2,FALSE) -> COMPAÑIA DE INTERVENTORIAS Y CONSULTORIAS DE LA COSTA SAS | D49: RECHAZADO | E49: CUMPLE | F49: =VLOOKUP(B49,'EXPER. PROP.'!$B$26:$AC$1271,25,FALSE) -> CUMPLE | G49: ='PROPUESTA ECONOMICA'!F50 -> CUMPLE | H49: =IF(F49="CUMPLE",(VLOOKUP(B49,'EXPER. PROP.'!$B$26:$AC$1271,22,FALSE))," ") -> 1241.0515 | I49: =VLOOKUP(B49,'EXPER. PROP.'!$B$26:$AC$1271,27,FALSE) -> CUMPLE | J49: RECHAZADO | K49: =IF(J49="HABILITADO",EVALUACION!J47,0) -> 0 | L49: =IF(J49="habilitado",PUNTUABLES!D49,0) -> 0 | M49: =IF(J49="habilitado",PUNTUABLES!F49,0) -> 0 | N49: =IF(J49="habilitado",PUNTUABLES!J49,0) -> 0 | O49: NO | P49: =IF(J49="HABILITADO",(+N49+M49+L49+K49),"RECHAZADO, NO OBTIENE PUNTAJE") -> RECHAZADO, NO OBTIENE PUNTAJE | Q49: El proponente no subsana requisitos habilitantes de índole jurídico dentro del término de traslado del informe de evaluación, por lo que incurre en la causal de rechazo "E. Cuando al proponente se le haya requerido con el propósito de subsanar o aclarar o aportar un documento de la propuesta y no lo efectúe dentro del plazo indicado o no lo realice correctamente o de acuerdo con lo solicitado, siempre que la subsanación, aclaración o aporte requerido sea necesario para cumplir un requisito habilitante en los términos establecidos en la sección 1.6"
B50: 43 | C50: =VLOOKUP(B50,'INFO. PROP'!A51:D147,2,FALSE) -> CONSORCIO INTERBOSA 2022 | D50: RECHAZADO | E50: CUMPLE | F50: =VLOOKUP(B50,'EXPER. PROP.'!$B$26:$AC$1271,25,FALSE) -> CUMPLE | G50: ='PROPUESTA ECONOMICA'!F51 -> CUMPLE | H50: =IF(F50="CUMPLE",(VLOOKUP(B50,'EXPER. PROP.'!$B$26:$AC$1271,22,FALSE))," ") -> 485.73 | I50: =VLOOKUP(B50,'EXPER. PROP.'!$B$26:$AC$1271,27,FALSE) -> CUMPLE | J50: RECHAZADO | K50: =IF(J50="HABILITADO",EVALUACION!J48,0) -> 0 | L50: =IF(J50="habilitado",PUNTUABLES!D50,0) -> 0 | M50: =IF(J50="habilitado",PUNTUABLES!F50,0) -> 0 | N50: =IF(J50="habilitado",PUNTUABLES!J50,0) -> 0 | O50: NO | P50: =IF(J50="HABILITADO",(+N50+M50+L50+K50),"RECHAZADO, NO OBTIENE PUNTAJE") -> RECHAZADO, NO OBTIENE PUNTAJE | Q50: El proponente no subsana requisitos habilitantes de índole jurídico dentro del término de traslado del informe de evaluación, por lo que incurre en la causal de rechazo "E. Cuando al proponente se le haya requerido con el propósito de subsanar o aclarar o aportar un documento de la propuesta y no lo efectúe dentro del plazo indicado o no lo realice correctamente o de acuerdo con lo solicitado, siempre que la subsanación, aclaración o aporte requerido sea necesario para cumplir un requisito habilitante en los términos establecidos en la sección 1.6"
B51: 44 | C51: =VLOOKUP(B51,'INFO. PROP'!A52:D148,2,FALSE) -> CONSORCIO ALMA-GILLI | D51: CUMPLE | E51: CUMPLE | F51: =VLOOKUP(B51,'EXPER. PROP.'!$B$26:$AC$1271,25,FALSE) -> CUMPLE | G51: ='PROPUESTA ECONOMICA'!F52 -> CUMPLE | H51: =IF(F51="CUMPLE",(VLOOKUP(B51,'EXPER. PROP.'!$B$26:$AC$1271,22,FALSE))," ") -> 735.21185 | I51: =VLOOKUP(B51,'EXPER. PROP.'!$B$26:$AC$1271,27,FALSE) -> CUMPLE | J51: =IF(OR(D51="",E51="",F51=""),"NO CUMPLE",IF(OR(E51="NO CUMPLE",F51="NO CUMPLE"&"SUBSANAR",,D51="NO CUMPLE",G51="NO CUMPLE"),"RECHAZADO","HABILITADO")) -> HABILITADO | K51: =IF(J51="HABILITADO",EVALUACION!J49,0) -> 52.460039 | L51: =IF(J51="habilitado",PUNTUABLES!D51,0) -> 10 | M51: =IF(J51="habilitado",PUNTUABLES!F51,0) -> 20 | N51: =IF(J51="habilitado",PUNTUABLES!J51,0) -> 1 | O51: NO | P51: =IF(J51="HABILITADO",(+N51+M51+L51+K51),"RECHAZADO, NO OBTIENE PUNTAJE") -> 83.460039
B52: 45 | C52: =VLOOKUP(B52,'INFO. PROP'!A53:D149,2,FALSE) -> Wilmer Junior Gomez Brito | D52: RECHAZADO | E52: CUMPLE | F52: =VLOOKUP(B52,'EXPER. PROP.'!$B$26:$AC$1271,25,FALSE) -> CUMPLE | G52: ='PROPUESTA ECONOMICA'!F53 -> CUMPLE | H52: =IF(F52="CUMPLE",(VLOOKUP(B52,'EXPER. PROP.'!$B$26:$AC$1271,22,FALSE))," ") -> 1796.968 | I52: =VLOOKUP(B52,'EXPER. PROP.'!$B$26:$AC$1271,27,FALSE) -> CUMPLE | J52: RECHAZADO | K52: =IF(J52="HABILITADO",EVALUACION!J50,0) -> 0 | L52: =IF(J52="habilitado",PUNTUABLES!D52,0) -> 0 | M52: =IF(J52="habilitado",PUNTUABLES!F52,0) -> 0 | N52: =IF(J52="habilitado",PUNTUABLES!J52,0) -> 0 | O52: NO | P52: =IF(J52="HABILITADO",(+N52+M52+L52+K52),"RECHAZADO, NO OBTIENE PUNTAJE") -> RECHAZADO, NO OBTIENE PUNTAJE | Q52: El proponente no subsana requisitos habilitantes de índole jurídico dentro del término de traslado del informe de evaluación, por lo que incurre en la causal de rechazo "E. Cuando al proponente se le haya requerido con el propósito de subsanar o aclarar o aportar un documento de la propuesta y no lo efectúe dentro del plazo indicado o no lo realice correctamente o de acuerdo con lo solicitado, siempre que la subsanación, aclaración o aporte requerido sea necesario para cumplir un requisito habilitante en los términos establecidos en la sección 1.6"
B53: 46 | C53: =VLOOKUP(B53,'INFO. PROP'!A54:D150,2,FALSE) -> CONSTRUCCIONES INTERVENTORIAS ISAZA INGENIERIA SAS | D53: CUMPLE | E53: CUMPLE | F53: =VLOOKUP(B53,'EXPER. PROP.'!$B$26:$AC$1271,25,FALSE) -> CUMPLE | G53: ='PROPUESTA ECONOMICA'!F54 -> CUMPLE | H53: =IF(F53="CUMPLE",(VLOOKUP(B53,'EXPER. PROP.'!$B$26:$AC$1271,22,FALSE))," ") -> 829.025 | I53: =VLOOKUP(B53,'EXPER. PROP.'!$B$26:$AC$1271,27,FALSE) -> CUMPLE | J53: =IF(OR(D53="",E53="",F53=""),"NO CUMPLE",IF(OR(E53="NO CUMPLE",F53="NO CUMPLE"&"SUBSANAR",,D53="NO CUMPLE",G53="NO CUMPLE"),"RECHAZADO","HABILITADO")) -> HABILITADO | K53: =IF(J53="HABILITADO",EVALUACION!J51,0) -> 41.545126 | L53: =IF(J53="habilitado",PUNTUABLES!D53,0) -> 10 | M53: =IF(J53="habilitado",PUNTUABLES!F53,0) -> 20 | N53: =IF(J53="habilitado",PUNTUABLES!J53,0) -> 1 | O53: NO | P53: =IF(J53="HABILITADO",(+N53+M53+L53+K53),"RECHAZADO, NO OBTIENE PUNTAJE") -> 72.545126
B54: 47 | C54: =VLOOKUP(B54,'INFO. PROP'!A55:D151,2,FALSE) -> CONSORCIO BOSA INFRA-VIAL | D54: CUMPLE | E54: CUMPLE | F54: =VLOOKUP(B54,'EXPER. PROP.'!$B$26:$AC$1271,25,FALSE) -> CUMPLE | G54: ='PROPUESTA ECONOMICA'!F55 -> NO CUMPLE | H54: =IF(F54="CUMPLE",(VLOOKUP(B54,'EXPER. PROP.'!$B$26:$AC$1271,22,FALSE))," ") -> 742.9279 | I54: =VLOOKUP(B54,'EXPER. PROP.'!$B$26:$AC$1271,27,FALSE) -> CUMPLE | J54: =IF(OR(D54="",E54="",F54=""),"NO CUMPLE",IF(OR(E54="NO CUMPLE",F54="NO CUMPLE"&"SUBSANAR",,D54="NO CUMPLE",G54="NO CUMPLE"),"RECHAZADO","HABILITADO")) -> RECHAZADO | K54: =IF(J54="HABILITADO",EVALUACION!J52,0) -> 0 | L54: =IF(J54="habilitado",PUNTUABLES!D54,0) -> 0 | M54: =IF(J54="habilitado",PUNTUABLES!F54,0) -> 0 | N54: =IF(J54="habilitado",PUNTUABLES!J54,0) -> 0 | O54: NO | P54: =IF(J54="HABILITADO",(+N54+M54+L54+K54),"RECHAZADO, NO OBTIENE PUNTAJE") -> RECHAZADO, NO OBTIENE PUNTAJE | Q54: El proponente no subsana lo solicitado en referencia a Factor Multiplicador, teniendo en cuenta lo establecido en respuesta publicada en plataforma secop II el día 11 de mayo de 2022: "La entidad de permite indicar que el factor Multiplicador establecido por cada proponente será el resultado de la estimación de los costos indirectos que el proponente considere necesarios para dar cabal cumplimiento a las obligaciones exigidas para la ejecución de la interventoría, y este no podrá ser superior al Factor multiplicador aplicado por la entidad para la estimación del presupuesto oficial, es decir el Factor Multiplicador estimado por los proponentes podrá ser menor o igual al publicado por la entidad. El adjudicatario deberá sustentar los costos asociados al Factor Multiplicador y este no deberá superar el Factor Multiplicador usado por la entidad en la estimación del presupuesto oficial." Teniendo en cuenta lo anterior el proponente incurre en la causal de rechazo del literal "E. Cuando al proponente se le haya requerido con el propósito de subsanar o aclarar o aportar un documento de la propuesta y no lo efectúe dentro del plazo indicado o no lo realice correctamente o de acuerdo con lo solicitado, siempre que la subsanación, aclaración o aporte requerido sea necesario para cumplir un requisito habilitante en los términos establecidos en la sección 1.6"
B55: 48 | C55: =VLOOKUP(B55,'INFO. PROP'!A56:D152,2,FALSE) -> CS BOSA JI 004 | D55: CUMPLE | E55: CUMPLE | F55: =VLOOKUP(B55,'EXPER. PROP.'!$B$26:$AC$1271,25,FALSE) -> CUMPLE | G55: ='PROPUESTA ECONOMICA'!F56 -> CUMPLE | H55: =IF(F55="CUMPLE",(VLOOKUP(B55,'EXPER. PROP.'!$B$26:$AC$1271,22,FALSE))," ") -> 1087.0869 | I55: =VLOOKUP(B55,'EXPER. PROP.'!$B$26:$AC$1271,27,FALSE) -> CUMPLE | J55: =IF(OR(D55="",E55="",F55=""),"NO CUMPLE",IF(OR(E55="NO CUMPLE",F55="NO CUMPLE"&"SUBSANAR",,D55="NO CUMPLE",G55="NO CUMPLE"),"RECHAZADO","HABILITADO")) -> HABILITADO | K55: =IF(J55="HABILITADO",EVALUACION!J53,0) -> 11.520307 | L55: =IF(J55="habilitado",PUNTUABLES!D55,0) -> 10 | M55: =IF(J55="habilitado",PUNTUABLES!F55,0) -> 20 | N55: =IF(J55="habilitado",PUNTUABLES!J55,0) -> 1 | O55: NO | P55: =IF(J55="HABILITADO",(+N55+M55+L55+K55),"RECHAZADO, NO OBTIENE PUNTAJE") -> 42.520307
B56: 49 | C56: =VLOOKUP(B56,'INFO. PROP'!A57:D153,2,FALSE) -> ELSA MARIA RUEDA LANDINEZ INGENIERIA SAS | D56: CUMPLE | E56: CUMPLE | F56: =VLOOKUP(B56,'EXPER. PROP.'!$B$26:$AC$1271,25,FALSE) -> CUMPLE | G56: ='PROPUESTA ECONOMICA'!F57 -> CUMPLE | H56: =IF(F56="CUMPLE",(VLOOKUP(B56,'EXPER. PROP.'!$B$26:$AC$1271,22,FALSE))," ") -> 695.37667 | I56: =VLOOKUP(B56,'EXPER. PROP.'!$B$26:$AC$1271,27,FALSE) -> CUMPLE | J56: =IF(OR(D56="",E56="",F56=""),"NO CUMPLE",IF(OR(E56="NO CUMPLE",F56="NO CUMPLE"&"SUBSANAR",,D56="NO CUMPLE",G56="NO CUMPLE"),"RECHAZADO","HABILITADO")) -> HABILITADO | K56: =IF(J56="HABILITADO",EVALUACION!J54,0) -> 57.094757 | L56: =IF(J56="habilitado",PUNTUABLES!D56,0) -> 10 | M56: =IF(J56="habilitado",PUNTUABLES!F56,0) -> 20 | N56: =IF(J56="habilitado",PUNTUABLES!J56,0) -> 1 | O56: NO | P56: =IF(J56="HABILITADO",(+N56+M56+L56+K56),"RECHAZADO, NO OBTIENE PUNTAJE") -> 88.094757
B57: 50 | C57: =VLOOKUP(B57,'INFO. PROP'!A58:D154,2,FALSE) -> CONSORCIO INTERBOGOTA B&B | D57: CUMPLE | E57: CUMPLE | F57: =VLOOKUP(B57,'EXPER. PROP.'!$B$26:$AC$1271,25,FALSE) -> CUMPLE | G57: ='PROPUESTA ECONOMICA'!F58 -> CUMPLE | H57: =IF(F57="CUMPLE",(VLOOKUP(B57,'EXPER. PROP.'!$B$26:$AC$1271,22,FALSE))," ") -> 1103.7242 | I57: =VLOOKUP(B57,'EXPER. PROP.'!$B$26:$AC$1271,27,FALSE) -> CUMPLE | J57: =IF(OR(D57="",E57="",F57=""),"NO CUMPLE",IF(OR(E57="NO CUMPLE",F57="NO CUMPLE"&"SUBSANAR",,D57="NO CUMPLE",G57="NO CUMPLE"),"RECHAZADO","HABILITADO")) -> HABILITADO | K57: =IF(J57="HABILITADO",EVALUACION!J55,0) -> 9.5845977 | L57: =IF(J57="habilitado",PUNTUABLES!D57,0) -> 10 | M57: =IF(J57="habilitado",PUNTUABLES!F57,0) -> 20 | N57: =IF(J57="habilitado",PUNTUABLES!J57,0) -> 1 | O57: NO | P57: =IF(J57="HABILITADO",(+N57+M57+L57+K57),"RECHAZADO, NO OBTIENE PUNTAJE") -> 40.584598
B58: 51 | C58: =VLOOKUP(B58,'INFO. PROP'!A59:D155,2,FALSE) -> INTERVIAL BOGOTA | D58: CUMPLE | E58: CUMPLE | F58: =VLOOKUP(B58,'EXPER. PROP.'!$B$26:$AC$1271,25,FALSE) -> CUMPLE | G58: ='PROPUESTA ECONOMICA'!F59 -> CUMPLE | H58: =IF(F58="CUMPLE",(VLOOKUP(B58,'EXPER. PROP.'!$B$26:$AC$1271,22,FALSE))," ") -> 890.2029 | I58: =VLOOKUP(B58,'EXPER. PROP.'!$B$26:$AC$1271,27,FALSE) -> CUMPLE | J58: =IF(OR(D58="",E58="",F58=""),"NO CUMPLE",IF(OR(E58="NO CUMPLE",F58="NO CUMPLE"&"SUBSANAR",,D58="NO CUMPLE",G58="NO CUMPLE"),"RECHAZADO","HABILITADO")) -> HABILITADO | K58: =IF(J58="HABILITADO",EVALUACION!J56,0) -> 34.427238 | L58: =IF(J58="habilitado",PUNTUABLES!D58,0) -> 10 | M58: =IF(J58="habilitado",PUNTUABLES!F58,0) -> 20 | N58: =IF(J58="habilitado",PUNTUABLES!J58,0) -> 1 | O58: NO | P58: =IF(J58="HABILITADO",(+N58+M58+L58+K58),"RECHAZADO, NO OBTIENE PUNTAJE") -> 65.427238
B59: 52 | C59: =VLOOKUP(B59,'INFO. PROP'!A60:D156,2,FALSE) -> CONSORCIO INTERCAPITAL | D59: CUMPLE | E59: CUMPLE | F59: =VLOOKUP(B59,'EXPER. PROP.'!$B$26:$AC$1271,25,FALSE) -> CUMPLE | G59: ='PROPUESTA ECONOMICA'!F60 -> CUMPLE | H59: =IF(F59="CUMPLE",(VLOOKUP(B59,'EXPER. PROP.'!$B$26:$AC$1271,22,FALSE))," ") -> 1097.3637 | I59: =VLOOKUP(B59,'EXPER. PROP.'!$B$26:$AC$1271,27,FALSE) -> CUMPLE | J59: =IF(OR(D59="",E59="",F59=""),"NO CUMPLE",IF(OR(E59="NO CUMPLE",F59="NO CUMPLE"&"SUBSANAR",,D59="NO CUMPLE",G59="NO CUMPLE"),"RECHAZADO","HABILITADO")) -> HABILITADO | K59: =IF(J59="HABILITADO",EVALUACION!J57,0) -> 10.324623 | L59: =IF(J59="habilitado",PUNTUABLES!D59,0) -> 10 | M59: =IF(J59="habilitado",PUNTUABLES!F59,0) -> 20 | N59: =IF(J59="habilitado",PUNTUABLES!J59,0) -> 1 | O59: NO | P59: =IF(J59="HABILITADO",(+N59+M59+L59+K59),"RECHAZADO, NO OBTIENE PUNTAJE") -> 41.324623
B60: 53 | C60: =VLOOKUP(B60,'INFO. PROP'!A61:D157,2,FALSE) -> Proyectistas Asociados SAS | D60: CUMPLE | E60: CUMPLE | F60: =VLOOKUP(B60,'EXPER. PROP.'!$B$26:$AC$1271,25,FALSE) -> CUMPLE | G60: ='PROPUESTA ECONOMICA'!F61 -> CUMPLE | H60: =IF(F60="CUMPLE",(VLOOKUP(B60,'EXPER. PROP.'!$B$26:$AC$1271,22,FALSE))," ") -> 1089.7242 | I60: =VLOOKUP(B60,'EXPER. PROP.'!$B$26:$AC$1271,27,FALSE) -> CUMPLE | J60: =IF(OR(D60="",E60="",F60=""),"NO CUMPLE",IF(OR(E60="NO CUMPLE",F60="NO CUMPLE"&"SUBSANAR",,D60="NO CUMPLE",G60="NO CUMPLE"),"RECHAZADO","HABILITADO")) -> HABILITADO | K60: =IF(J60="HABILITADO",EVALUACION!J58,0) -> 11.213467 | L60: =IF(J60="habilitado",PUNTUABLES!D60,0) -> 10 | M60: =IF(J60="habilitado",PUNTUABLES!F60,0) -> 20 | N60: =IF(J60="habilitado",PUNTUABLES!J60,0) -> 1 | O60: NO | P60: =IF(J60="HABILITADO",(+N60+M60+L60+K60),"RECHAZADO, NO OBTIENE PUNTAJE") -> 42.213467
B61: 54 | C61: =VLOOKUP(B61,'INFO. PROP'!A62:D158,2,FALSE) -> ESTUDIOS TECNICOS Y CONSTRUCCIONES SAS | D61: CUMPLE | E61: CUMPLE | F61: =VLOOKUP(B61,'EXPER. PROP.'!$B$26:$AC$1271,25,FALSE) -> CUMPLE | G61: ='PROPUESTA ECONOMICA'!F62 -> CUMPLE | H61: =IF(F61="CUMPLE",(VLOOKUP(B61,'EXPER. PROP.'!$B$26:$AC$1271,22,FALSE))," ") -> 1156.785 | I61: =VLOOKUP(B61,'EXPER. PROP.'!$B$26:$AC$1271,27,FALSE) -> CUMPLE | J61: =IF(OR(D61="",E61="",F61=""),"NO CUMPLE",IF(OR(E61="NO CUMPLE",F61="NO CUMPLE"&"SUBSANAR",,D61="NO CUMPLE",G61="NO CUMPLE"),"RECHAZADO","HABILITADO")) -> HABILITADO | K61: =IF(J61="HABILITADO",EVALUACION!J59,0) -> 3.4111134 | L61: =IF(J61="habilitado",PUNTUABLES!D61,0) -> 10 | M61: =IF(J61="habilitado",PUNTUABLES!F61,0) -> 20 | N61: =IF(J61="habilitado",PUNTUABLES!J61,0) -> 1 | O61: NO | P61: =IF(J61="HABILITADO",(+N61+M61+L61+K61),"RECHAZADO, NO OBTIENE PUNTAJE") -> 34.411113
B62: 55 | C62: =VLOOKUP(B62,'INFO. PROP'!A63:D159,2,FALSE) -> CONSORCIO CG 2021 | D62: CUMPLE | E62: CUMPLE | F62: =VLOOKUP(B62,'EXPER. PROP.'!$B$26:$AC$1271,25,FALSE) -> CUMPLE | G62: ='PROPUESTA ECONOMICA'!F63 -> CUMPLE | H62: =IF(F62="CUMPLE",(VLOOKUP(B62,'EXPER. PROP.'!$B$26:$AC$1271,22,FALSE))," ") -> 1449.3029 | I62: =VLOOKUP(B62,'EXPER. PROP.'!$B$26:$AC$1271,27,FALSE) -> CUMPLE | J62: =IF(OR(D62="",E62="",F62=""),"NO CUMPLE",IF(OR(E62="NO CUMPLE",F62="NO CUMPLE"&"SUBSANAR",,D62="NO CUMPLE",G62="NO CUMPLE"),"RECHAZADO","HABILITADO")) -> HABILITADO | K62: =IF(J62="HABILITADO",EVALUACION!J60,0) -> -30.62257 | L62: =IF(J62="habilitado",PUNTUABLES!D62,0) -> 10 | M62: =IF(J62="habilitado",PUNTUABLES!F62,0) -> 20 | N62: =IF(J62="habilitado",PUNTUABLES!J62,0) -> 1 | O62: NO | P62: =IF(J62="HABILITADO",(+N62+M62+L62+K62),"RECHAZADO, NO OBTIENE PUNTAJE") -> 0.37743045
B63: 56 | C63: =VLOOKUP(B63,'INFO. PROP'!A64:D160,2,FALSE) -> CONSORCIO VIAL BOSA | D63: CUMPLE | E63: CUMPLE | F63: =VLOOKUP(B63,'EXPER. PROP.'!$B$26:$AC$1271,25,FALSE) -> CUMPLE | G63: ='PROPUESTA ECONOMICA'!F64 -> CUMPLE | H63: =IF(F63="CUMPLE",(VLOOKUP(B63,'EXPER. PROP.'!$B$26:$AC$1271,22,FALSE))," ") -> 1103.8595 | I63: =VLOOKUP(B63,'EXPER. PROP.'!$B$26:$AC$1271,27,FALSE) -> CUMPLE | J63: =IF(OR(D63="",E63="",F63=""),"NO CUMPLE",IF(OR(E63="NO CUMPLE",F63="NO CUMPLE"&"SUBSANAR",,D63="NO CUMPLE",G63="NO CUMPLE"),"RECHAZADO","HABILITADO")) -> HABILITADO | K63: =IF(J63="HABILITADO",EVALUACION!J61,0) -> 9.5688559 | L63: =IF(J63="habilitado",PUNTUABLES!D63,0) -> 10 | M63: =IF(J63="habilitado",PUNTUABLES!F63,0) -> 20 | N63: =IF(J63="habilitado",PUNTUABLES!J63,0) -> 1 | O63: NO | P63: =IF(J63="HABILITADO",(+N63+M63+L63+K63),"RECHAZADO, NO OBTIENE PUNTAJE") -> 40.568856
B64: 57 | C64: =VLOOKUP(B64,'INFO. PROP'!A65:D161,2,FALSE) -> R&MCONSTRUCCIONES E INTERVENTORIAS S.A.S | D64: CUMPLE | E64: CUMPLE | F64: =VLOOKUP(B64,'EXPER. PROP.'!$B$26:$AC$1271,25,FALSE) -> CUMPLE | G64: ='PROPUESTA ECONOMICA'!F65 -> CUMPLE | H64: =IF(F64="CUMPLE",(VLOOKUP(B64,'EXPER. PROP.'!$B$26:$AC$1271,22,FALSE))," ") -> 1449.48 | I64: =VLOOKUP(B64,'EXPER. PROP.'!$B$26:$AC$1271,27,FALSE) -> CUMPLE | J64: =IF(OR(D64="",E64="",F64=""),"NO CUMPLE",IF(OR(E64="NO CUMPLE",F64="NO CUMPLE"&"SUBSANAR",,D64="NO CUMPLE",G64="NO CUMPLE"),"RECHAZADO","HABILITADO")) -> HABILITADO | K64: =IF(J64="HABILITADO",EVALUACION!J62,0) -> -30.643179 | L64: =IF(J64="habilitado",PUNTUABLES!D64,0) -> 10 | M64: =IF(J64="habilitado",PUNTUABLES!F64,0) -> 20 | N64: =IF(J64="habilitado",PUNTUABLES!J64,0) -> 1 | O64: NO | P64: =IF(J64="HABILITADO",(+N64+M64+L64+K64),"RECHAZADO, NO OBTIENE PUNTAJE") -> 0.35682146
B65: 58 | C65: =VLOOKUP(B65,'INFO. PROP'!A66:D162,2,FALSE) -> CONSORCIO POSSO INTERVIALES | D65: CUMPLE | E65: CUMPLE | F65: =VLOOKUP(B65,'EXPER. PROP.'!$B$26:$AC$1271,25,FALSE) -> CUMPLE | G65: ='PROPUESTA ECONOMICA'!F66 -> CUMPLE | H65: =IF(F65="CUMPLE",(VLOOKUP(B65,'EXPER. PROP.'!$B$26:$AC$1271,22,FALSE))," ") -> 848.3705 | I65: =VLOOKUP(B65,'EXPER. PROP.'!$B$26:$AC$1271,27,FALSE) -> CUMPLE | J65: =IF(OR(D65="",E65="",F65=""),"NO CUMPLE",IF(OR(E65="NO CUMPLE",F65="NO CUMPLE"&"SUBSANAR",,D65="NO CUMPLE",G65="NO CUMPLE"),"RECHAZADO","HABILITADO")) -> HABILITADO | K65: =IF(J65="HABILITADO",EVALUACION!J63,0) -> 39.294328 | L65: =IF(J65="habilitado",PUNTUABLES!D65,0) -> 10 | M65: =IF(J65="habilitado",PUNTUABLES!F65,0) -> 20 | N65: =IF(J65="habilitado",PUNTUABLES!J65,0) -> 1 | O65: NO | P65: =IF(J65="HABILITADO",(+N65+M65+L65+K65),"RECHAZADO, NO OBTIENE PUNTAJE") -> 70.294328
